Workbook
Name EBNUMBER: '[1]LDC Info'!$E$16
Name GSL_current: '[2]PS Bill Impacts'!$AD$60:$AJ$65
Name GSL_kW: '[2]PS Bill Impacts'!$AD$58:$AJ$58
Name GSL_kWh: '[2]PS Bill Impacts'!$AB$60:$AB$65
Name GSL_new: '[2]PS Bill Impacts'!$AD$71:$AJ$76
Name LU_Current: '[2]PS Bill Impacts'!$AQ$60:$AW$65
Name LU_kW: '[2]PS Bill Impacts'!$AQ$58:$AW$58
Name LU_kWh: '[2]PS Bill Impacts'!$AO$60:$AO$65
Name LU_New: '[2]PS Bill Impacts'!$AQ$71:$AW$76
Name SENT_Current: '[2]PS Bill Impacts'!$BQ$60:$BW$63
Name SENT_kW: '[2]PS Bill Impacts'!$BQ$58:$BU$58
Name SENT_kWh: '[2]PS Bill Impacts'!$BO$60:$BO$63
Name SENT_New: '[2]PS Bill Impacts'!$BQ$71:$BW$74
Name SL_Current: '[2]PS Bill Impacts'!$CD$60:$CJ$64
Name SL_kW: '[2]PS Bill Impacts'!$CD$58:$CI$58
Name SL_kWh: '[2]PS Bill Impacts'!$CB$60:$CB$64
Name SL_New: '[2]PS Bill Impacts'!$CC$71:$CJ$75
Name Utility: [2]Inputs!$C$5

Sheet Summary Tables
B1: DRO Model
A2: A | B2: Distribution Charge
G3: TEST YEAR 1 - 2016 | K3: TEST YEAR 2 - 2017
B4: Customer Class | C4: Billing Determinant | D4: Consumption per customer | E4: Load per customer | G4: Monthly Distribution Charge Impact | K4: Monthly Distribution Charge Impact
D5: kwh | E5: kW | G5: $ | I5: % | K5: $ | L5: %
B6: Residential | C6: kWh | D6: 750 | G6: =Residential!L47 -> 5.145 | I6: =Residential!M47 -> 0.18761035 | K6: =Residential!R47 -> 0.886312 | L6: =Residential!S47 -> 0.027213479
B7: GS<50 kW | C7: kWh | D7: 2000 | G7: ='GS<50'!L47 -> 12.81 | I7: ='GS<50'!M47 -> 0.20054179 | K7: ='GS<50'!R47 -> 1.204986 | L7: ='GS<50'!S47 -> 0.01571305
B8: GS>50 kW | C8: kW | D8: 80000 | E8: 250 | G8: ='GS>50'!L50 -> 606.915 | I8: ='GS>50'!M50 -> 0.61046178 | K8: ='GS>50'!R50 -> -133.31 | L8: ='GS>50'!S50 -> -0.083261248
B9: Large Use | C9: kW | D9: 2800000 | E9: 7350 | G9: =LU!L50 -> 13310.08 | I9: =LU!M50 -> 0.75545938 | K9: =LU!R50 -> -6472.445 | L9: =LU!S50 -> -0.20927051
B10: Unmetered Scattered Load | C10: kWh | D10: 150 | G10: =USL!L49 -> 2.765 | I10: =USL!M49 -> 0.2878709 | K10: =USL!R49 -> -0.39 | L10: =USL!S49 -> -0.03152789
B11: Sentinel Lights | C11: kW | D11: 180 | E11: 1 | G11: =Sentinel!L50 -> 2.2078 | I11: =Sentinel!M50 -> 0.18899323 | K11: =Sentinel!R50 -> 0.8179 | L11: =Sentinel!S50 -> 0.058885361
B12: Street Lighting | C12: kW | D12: 280 | E12: 1 | G12: =SL!L50 -> 0.5794 | I12: =SL!M50 -> 0.072375242 | K12: =SL!R50 -> -0.8045 | L12: =SL!S50 -> -0.093711051
A14: B | B14: Delivery Charge
B16: Customer Class | C16: Billing Determinant | D16: Consumption per customer | E16: Load per customer | G16: Monthly Delivery Charge Impact | K16: Monthly Delivery Charge Impact
D17: kwh | E17: kW | G17: $ | I17: % | K17: $ | L17: %
B18: =B6 -> Residential | C18: =C6 -> kWh | D18: =D6 -> 750 | E18: =E6 -> 0 | G18: =Residential!L50 -> 5.145 | I18: =Residential!M50 -> 0.14155451 | K18: =Residential!R50 -> 1.2958495 | L18: =Residential!S50 -> 0.031231744
B19: =B7 -> GS<50 kW | C19: =C7 -> kWh | D19: =D7 -> 2000 | E19: =E7 -> 0 | G19: ='GS<50'!L50 -> 12.81 | I19: ='GS<50'!M50 -> 0.15074 | K19: ='GS<50'!R50 -> 2.083466 | L19: ='GS<50'!S50 -> 0.021305346
B20: =B8 -> GS>50 kW | C20: =C8 -> kW | D20: =D8 -> 80000 | E20: =E8 -> 250 | G20: ='GS>50'!L53 -> 606.915 | I20: ='GS>50'!M53 -> 0.30087897 | K20: ='GS>50'!R53 -> -109.11 | L20: ='GS>50'!S53 -> -0.041580683
B21: =B9 -> Large Use | C21: =C9 -> kW | D21: =D9 -> 2800000 | E21: =E9 -> 7350 | G21: =LU!L53 -> 13310.08 | I21: =LU!M53 -> 0.25637081 | K21: =LU!R53 -> -5095.055 | L21: =LU!S53 -> -0.078112213
B22: =B10 -> Unmetered Scattered Load | C22: =C10 -> kWh | D22: =D10 -> 150 | E22: =E10 -> 0 | G22: =USL!L52 -> 2.765 | I22: =USL!M52 -> 0.24578095 | K22: =USL!R52 -> -0.417291 | L22: =USL!S52 -> -0.029774907
B23: =B11 -> Sentinel Lights | C23: =C11 -> kW | D23: =D11 -> 180 | E23: =E11 -> 1 | G23: =Sentinel!L53 -> 2.2078 | I23: =Sentinel!M53 -> 0.1491666 | K23: =Sentinel!R53 -> 0.9068 | L23: =Sentinel!S53 -> 0.053313892
B24: =B12 -> Street Lighting | C24: =C12 -> kW | D24: =D12 -> 280 | E24: =E12 -> 1 | G24: =SL!L53 -> 0.5794 | I24: =Sentinel!M53 -> 0.1491666 | K24: =SL!R53 -> 0.32 | L24: =SL!S53 -> 0.027221301
A27: C | B27: Total Bill
B29: Customer Class | C29: Billing Determinant | D29: Consumption per customer | E29: Load per customer | G29: Total Monthly Bill Impact | K29: Total Monthly Bill Impact
D30: kwh | E30: kW | G30: $ | I30: % | K30: $ | L30: %
B31: =B18 -> Residential | C31: =C18 -> kWh | D31: =D18 -> 750 | E31: =E18 -> 0 | G31: =Residential!L65 -> 5.81385 | I31: =Residential!M65 -> 0.041126043 | K31: =Residential!R65 -> 1.4742765 | L31: =Residential!S65 -> 0.010016794
B32: =B19 -> GS<50 kW | C32: =C19 -> kWh | D32: =D19 -> 2000 | E32: =E19 -> 0 | G32: ='GS<50'!L65 -> 14.4753 | I32: ='GS<50'!M65 -> 0.038210421 | K32: ='GS<50'!R65 -> 2.3808942 | L32: ='GS<50'!S65 -> 0.0060535337
B33: =B20 -> GS>50 kW | C33: =C20 -> kW | D33: =D20 -> 80000 | E33: =E20 -> 250 | G33: ='GS>50'!L68 -> 685.81395 | I33: ='GS>50'!M68 -> 0.049235436 | K33: ='GS>50'!R68 -> -97.96639 | L33: ='GS>50'!S68 -> -0.0067030989
B34: =B21 -> Large Use | C34: =C21 -> kW | D34: =D21 -> 2800000 | E34: =E21 -> 7350 | G34: =LU!L68 -> 15040.39 | I34: =LU!M68 -> 0.03224758 | K34: =LU!R68 -> -4870.9353 | L34: =LU!S68 -> -0.010117344
B35: =B22 -> Unmetered Scattered Load | C35: =C22 -> kWh | D35: =D22 -> 150 | E35: =E22 -> 0 | G35: =USL!L67 -> 3.12445 | I35: =USL!M67 -> 0.089685416 | K35: =USL!R67 -> -0.424049 | L35: =USL!S67 -> -0.011170257
B36: =B23 -> Sentinel Lights | C36: =C23 -> kW | D36: =D23 -> 180 | E36: =E23 -> 1 | G36: =Sentinel!L68 -> 2.494814 | I36: =Sentinel!M68 -> 0.057724705 | K36: =Sentinel!R68 -> 1.0816718 | L36: =Sentinel!S68 -> 0.023661725
B37: =B24 -> Street Lighting | C37: =C24 -> kW | D37: =D24 -> 280 | E37: =E24 -> 1 | G37: =SL!L68 -> 0.654722 | I37: =SL!M68 -> 0.012195582 | K37: =SL!R68 -> 0.45024769 | L37: =SL!S68 -> 0.0082857656
B40: Summary of Bill Impacts
B41: Customer Class | C41: Billing | D41: Consumption per Customer | E41: Load per Customer | F41: Distribution Component
C42: Determinant | D42: (kWh) | E42: (kW) | G42: 2016 | I42: 2017
B43: Residential | C43: kWh | D43: 750 | G43: =I6 -> 0.18761035 | I43: =L6 -> 0.027213479
B44: GS<50 kW | C44: kWh | D44: 2000 | G44: =I7 -> 0.20054179 | I44: =L7 -> 0.01571305
B45: GS>50 kW | C45: kW | D45: 80000 | E45: 250 | G45: =I8 -> 0.61046178 | I45: =L8 -> -0.083261248
B46: Large Use | C46: kW | D46: 2800000 | E46: 7350 | G46: =I9 -> 0.75545938 | I46: =L9 -> -0.20927051
B47: Unmetered Scattered Load | C47: kWh | D47: 150 | G47: =I10 -> 0.2878709 | I47: =L10 -> -0.03152789
B48: Sentinel Lights | C48: kW | D48: 180 | G48: =I11 -> 0.18899323 | I48: =L11 -> 0.058885361
B49: Street Lighting | C49: kW | D49: 280 | G49: =I12 -> 0.072375242 | I49: =L12 -> -0.093711051
B50: Average | G50: =AVERAGE(G43:G49) -> 0.32904467 | I50: =AVERAGE(I43:I49) -> -0.045136973
B53: Customer Class | C53: Billing | D53: Consumption per Customer | E53: Load per Customer | F53: Total Bill
C54: Determinant | D54: (kWh) | E54: (kW) | G54: 2016 | I54: 2017
B55: Residential | C55: kWh | D55: 750 | G55: =I31 -> 0.041126043 | I55: =L31 -> 0.010016794
B56: GS<50 kW | C56: kWh | D56: 2000 | G56: =I32 -> 0.038210421 | I56: =L32 -> 0.0060535337
B57: GS>50 kW | C57: kW | D57: 80000 | E57: 250 | G57: =I33 -> 0.049235436 | I57: =L33 -> -0.0067030989
B58: Large Use | C58: kW | D58: 2800000 | E58: 7350 | G58: =I34 -> 0.03224758 | I58: =L34 -> -0.010117344
B59: Unmetered Scattered Load | C59: kWh | D59: 150 | G59: =I35 -> 0.089685416 | I59: =L35 -> -0.011170257
B60: Sentinel Lights | C60: kW | D60: 180 | G60: =I36 -> 0.057724705 | I60: =L36 -> 0.023661725
B61: Street Lighting | C61: kW | D61: 280 | G61: =I37 -> 0.012195582 | I61: =L37 -> 0.0082857656
B62: Average | G62: =AVERAGE(G55:G61) -> 0.045775026 | I62: =AVERAGE(I55:I61) -> 0.0028610171

Sheet Residential
O1: May 1 - Oct 31 | P1: 1 | R1: 2
O2: Nov 1 - Apr 30 | P2: 2
P8: 1380
P9: =P8*4 -> 5520
B10: Appendix 2-W
B11: Bill Impacts - Residential
B14: Customer Class: | D14: RESIDENTIAL
B16: TOU / non-TOU: | D16: TOU
D18: Consumption | F18: 750
F20: 2015 Current Board-Approved | I20: 2016 | L20: Impact 2016 vs. 2015 | O20: 2017 TEST YEAR | R20: Impact 2017 TEST vs. 2016
D21: Charge Unit | E21: Volume | F21: Rate | G21: Charge | I21: Rate | J21: Charge | L21: $ Change | M21: % Change | O21: Rate | P21: Charge | R21: $ Change | S21: % Change
A22: ID | F22: ($) | G22: ($) | I22: ($) | J22: ($) | O22: ($) | P22: ($)
A23: Fix_R | B23: Monthly Service Charge | D23: Monthly | E23: 1 | F23: =IF($A23<>"",VLOOKUP($A23,[3]Rates!$A$1:$R$65536,12,FALSE),0) -> 12.67 | G23: =E23*F23 -> 12.67 | I23: =IF($A23<>"",VLOOKUP($A23,[3]Rates!$A$1:$R$65536,14,FALSE),0) -> 13.92 | J23: =$E23*I23 -> 13.92 | L23: =J23-G23 -> 1.25 | M23: =IF((G23)=0,"",(L23/G23)) -> 0.098658248 | O23: =IF($A23<>"",VLOOKUP($A23,[3]Rates!$A$1:$R$65536,15,FALSE),0) -> 18.89 | P23: =$E23*O23 -> 18.89 | R23: =P23-J23 -> 4.97 | S23: =IF((J23)=0,"",(R23/J23)) -> 0.35704023
B24: Smart Meter Rate Adder | D24: Monthly | E24: 1 | F24: =IF(A24<>"",VLOOKUP(A24,[3]Rates!$A$1:$R$65536,12,FALSE),0) -> 0 | G24: =E24*F24 -> 0 | I24: =IF($A24<>"",VLOOKUP($A24,[3]Rates!$A$1:$R$65536,14,FALSE),0) -> 0 | J24: =$E24*I24 -> 0 | L24: =J24-G24 -> 0 | M24: =IF((G24)=0,"",(L24/G24)) | O24: =IF($A24<>"",VLOOKUP($A24,[3]Rates!$A$1:$R$65536,15,FALSE),0) -> 0 | P24: =$E24*O24 -> 0 | R24: =P24-J24 -> 0 | S24: =IF((J24)=0,"",(R24/J24))
A25: PPE_R | B25: Recovery of CGAAP/CWIP Differential | D25: Monthly | E25: 1 | F25: =IF(A25<>"",VLOOKUP(A25,[3]Rates!$A$1:$R$65536,12,FALSE),0) -> 0.2 | G25: =E25*F25 -> 0.2 | I25: =IF($A25<>"",VLOOKUP($A25,[3]Rates!$A$1:$R$65536,14,FALSE),0) -> 0.2 | J25: =$E25*I25 -> 0.2 | L25: =J25-G25 -> 0 | M25: =IF((G25)=0,"",(L25/G25)) -> 0 | O25: =IF($A25<>"",VLOOKUP($A25,[3]Rates!$A$1:$R$65536,15,FALSE),0) -> 0 | P25: =$E25*O25 -> 0 | R25: =P25-J25 -> -0.2 | S25: =IF((J25)=0,"",(R25/J25)) -> -1
A26: ICMF_R | B26: ICM Rate Rider (2014) | D26: Monthly | E26: 1 | F26: =IF(A26<>"",VLOOKUP(A26,[3]Rates!$A$1:$R$65536,12,FALSE),0) -> 0.07 | G26: =E26*F26 -> 0.07 | I26: =IF($A26<>"",VLOOKUP($A26,[3]Rates!$A$1:$R$65536,14,FALSE),0) -> 0 | J26: =$E26*I26 -> 0 | L26: =J26-G26 -> -0.07 | M26: =IF((G26)=0,"",(L26/G26)) -> -1 | O26: =IF($A26<>"",VLOOKUP($A26,[3]Rates!$A$1:$R$65536,15,FALSE),0) -> 0 | P26: =$E26*O26 -> 0 | R26: =P26-J26 -> 0 | S26: =IF((J26)=0,"",(R26/J26))
A27: FR_R | B27: Forgone Revenue Rate Rider (2016) | D27: Monthly | E27: 1 | F27: =IF(A27<>"",VLOOKUP(A27,[3]Rates!$A$1:$R$65536,12,FALSE),0) -> 0 | G27: =E27*F27 -> 0 | I27: =IF($A27<>"",VLOOKUP($A27,[3]Rates!$A$1:$R$65536,14,FALSE),0) -> 6.32 | J27: =$E27*I27 -> 6.32 | L27: =J27-G27 -> 6.32 | M27: =IF((G27)=0,"",(L27/G27)) | O27: =IF($A27<>"",VLOOKUP($A27,[3]Rates!$A$1:$R$65536,15,FALSE),0) -> 0 | P27: =$E27*O27 -> 0 | R27: =P27-J27 -> -6.32 | S27: =IF((J27)=0,"",(R27/J27)) -> -1
E28: 1 | F28: =IF(A28<>"",VLOOKUP(A28,[3]Rates!$A$1:$R$65536,12,FALSE),0) -> 0 | G28: =E28*F28 -> 0 | I28: =IF($A28<>"",VLOOKUP($A28,[3]Rates!$A$1:$R$65536,14,FALSE),0) -> 0 | J28: =$E28*I28 -> 0 | L28: =J28-G28 -> 0 | M28: =IF((G28)=0,"",(L28/G28)) | O28: =IF($A28<>"",VLOOKUP($A28,[3]Rates!$A$1:$R$65536,15,FALSE),0) -> 0 | P28: =$E28*O28 -> 0 | R28: =P28-J28 -> 0 | S28: =IF((J28)=0,"",(R28/J28))
A29: Var_R | B29: Distribution Volumetric Rate | D29: per kWh | E29: =$F$18 -> 750 | F29: =IF(A29<>"",VLOOKUP(A29,[3]Rates!$A$1:$R$65536,12,FALSE),0) -> 0.014 | G29: =E29*F29 -> 10.5 | I29: =IF($A29<>"",VLOOKUP($A29,[3]Rates!$A$1:$R$65536,14,FALSE),0) -> 0.0154 | J29: =$E29*I29 -> 11.55 | L29: =J29-G29 -> 1.05 | M29: =IF((G29)=0,"",(L29/G29)) -> 0.1 | O29: =IF($A29<>"",VLOOKUP($A29,[3]Rates!$A$1:$R$65536,15,FALSE),0) -> 0.0132 | P29: =$E29*O29 -> 9.9 | R29: =P29-J29 -> -1.65 | S29: =IF((J29)=0,"",(R29/J29)) -> -0.14285714
B30: Smart Meter Disposition Rider | D30: per kWh | E30: =$F$18 -> 750 | F30: =IF(A30<>"",VLOOKUP(A30,[3]Rates!$A$1:$R$65536,12,FALSE),0) -> 0 | G30: =E30*F30 -> 0 | I30: =IF($A30<>"",VLOOKUP($A30,[3]Rates!$A$1:$R$65536,14,FALSE),0) -> 0 | J30: =$E30*I30 -> 0 | L30: =J30-G30 -> 0 | M30: =IF((G30)=0,"",(L30/G30)) | O30: =IF($A30<>"",VLOOKUP($A30,[3]Rates!$A$1:$R$65536,15,FALSE),0) -> 0 | P30: =$E30*O30 -> 0 | R30: =P30-J30 -> 0 | S30: =IF((J30)=0,"",(R30/J30))
B31: LRAM & SSM Rate Rider | D31: per kWh | E31: =$F$18 -> 750 | F31: =IF(A31<>"",VLOOKUP(A31,[3]Rates!$A$1:$R$65536,12,FALSE),0) -> 0 | G31: =E31*F31 -> 0 | I31: =IF($A31<>"",VLOOKUP($A31,[3]Rates!$A$1:$R$65536,14,FALSE),0) -> 0 | J31: =$E31*I31 -> 0 | L31: =J31-G31 -> 0 | M31: =IF((G31)=0,"",(L31/G31)) | O31: =IF($A31<>"",VLOOKUP($A31,[3]Rates!$A$1:$R$65536,15,FALSE),0) -> 0 | P31: =$E31*O31 -> 0 | R31: =P31-J31 -> 0 | S31: =IF((J31)=0,"",(R31/J31))
A32: ICMV_R | B32: ICM Rate Rider (2014) | D32: per kWh | E32: =$F$18 -> 750 | F32: =IF(A32<>"",VLOOKUP(A32,[3]Rates!$A$1:$R$65536,12,FALSE),0) -> 0.0001 | G32: =E32*F32 -> 0.075 | I32: =IF($A32<>"",VLOOKUP($A32,[3]Rates!$A$1:$R$65536,14,FALSE),0) -> 0 | J32: =$E32*I32 -> 0 | L32: =J32-G32 -> -0.075 | M32: =IF((G32)=0,"",(L32/G32)) -> -1 | O32: =IF($A32<>"",VLOOKUP($A32,[3]Rates!$A$1:$R$65536,15,FALSE),0) -> 0 | P32: =$E32*O32 -> 0 | R32: =P32-J32 -> 0 | S32: =IF((J32)=0,"",(R32/J32))
A33: =[3]Rates!$A36 -> 2RAL16_R | B33: =[3]Rates!$B$36 -> Disposition of Deferral/Variance Accounts - Group 2 Accounts (2016) | D33: Monthly | E33: 1 | F33: =IF(A33<>"",VLOOKUP(A33,[3]Rates!$A$1:$R$65536,12,FALSE),0) -> 0 | G33: =E33*F33 -> 0 | I33: =IF($A33<>"",VLOOKUP($A33,[3]Rates!$A$1:$R$65536,14,FALSE),0) -> 0 | J33: =$E33*I33 -> 0 | L33: =J33-G33 -> 0 | M33: =IF((G33)=0,"",(L33/G33)) | O33: =IF($A33<>"",VLOOKUP($A33,[3]Rates!$A$1:$R$65536,15,FALSE),0) -> 0.12 | P33: =$E33*O33 -> 0.12 | R33: =P33-J33 -> 0.12 | S33: =IF((J33)=0,"",(R33/J33))
A34: =[3]Rates!$A37 -> LRVA16_R | B34: =[3]Rates!$B$37 -> Lost Revenue Adjustment Mechanism Variance Account (LRAMVA) (2016) | D34: Monthly | E34: 1 | F34: =IF(A34<>"",VLOOKUP(A34,[3]Rates!$A$1:$R$65536,12,FALSE),0) -> 0 | G34: =E34*F34 -> 0 | I34: =IF($A34<>"",VLOOKUP($A34,[3]Rates!$A$1:$R$65536,14,FALSE),0) -> -0.39 | J34: =$E34*I34 -> -0.39 | L34: =J34-G34 -> -0.39 | M34: =IF((G34)=0,"",(L34/G34)) | O34: =IF($A34<>"",VLOOKUP($A34,[3]Rates!$A$1:$R$65536,15,FALSE),0) -> 0 | P34: =$E34*O34 -> 0 | R34: =P34-J34 -> 0.39 | S34: =IF((J34)=0,"",(R34/J34)) -> -1
A35: =[3]Rates!$A38 -> PPE16_R | B35: =[3]Rates!$B$38 -> Account 1575 (2016) | D35: Monthly | E35: 1 | F35: =IF(A35<>"",VLOOKUP(A35,[3]Rates!$A$1:$R$65536,12,FALSE),0) -> 0 | G35: =E35*F35 -> 0 | I35: =IF($A35<>"",VLOOKUP($A35,[3]Rates!$A$1:$R$65536,14,FALSE),0) -> -0.82 | J35: =$E35*I35 -> -0.82 | L35: =J35-G35 -> -0.82 | M35: =IF((G35)=0,"",(L35/G35)) | O35: =IF($A35<>"",VLOOKUP($A35,[3]Rates!$A$1:$R$65536,15,FALSE),0) -> 0 | P35: =$E35*O35 -> 0 | R35: =P35-J35 -> 0.82 | S35: =IF((J35)=0,"",(R35/J35)) -> -1
A36: =[3]Rates!$A39 -> SG16_R | B36: =[3]Rates!$B$39 -> Smart Grid True-up (2016) | D36: Monthly | E36: 1 | F36: =IF(A36<>"",VLOOKUP(A36,[3]Rates!$A$1:$R$65536,12,FALSE),0) -> 0 | G36: =E36*F36 -> 0 | I36: =IF($A36<>"",VLOOKUP($A36,[3]Rates!$A$1:$R$65536,14,FALSE),0) -> -0.17 | J36: =$E36*I36 -> -0.17 | L36: =J36-G36 -> -0.17 | M36: =IF((G36)=0,"",(L36/G36)) | O36: =IF($A36<>"",VLOOKUP($A36,[3]Rates!$A$1:$R$65536,15,FALSE),0) -> 0 | P36: =$E36*O36 -> 0 | R36: =P36-J36 -> 0.17 | S36: =IF((J36)=0,"",(R36/J36)) -> -1
A37: =[3]Rates!$A40 -> SMA16_R | B37: =[3]Rates!$B$40 -> Recovery of Stranded Meter Assets (2016) | D37: Monthly | E37: 1 | F37: =IF(A37<>"",VLOOKUP(A37,[3]Rates!$A$1:$R$65536,12,FALSE),0) -> 0 | G37: =E37*F37 -> 0 | I37: =IF($A37<>"",VLOOKUP($A37,[3]Rates!$A$1:$R$65536,14,FALSE),0) -> 0 | J37: =$E37*I37 -> 0 | L37: =J37-G37 -> 0 | M37: =IF((G37)=0,"",(L37/G37)) | O37: =IF($A37<>"",VLOOKUP($A37,[3]Rates!$A$1:$R$65536,15,FALSE),0) -> 0.06 | P37: =$E37*O37 -> 0.06 | R37: =P37-J37 -> 0.06 | S37: =IF((J37)=0,"",(R37/J37))
A38: LRVA_R | D38: per kWh | E38: =F18 -> 750 | G38: =E38*F38 -> 0 | I38: =IF($A38<>"",VLOOKUP($A38,[3]Rates!$A$1:$R$65536,14,FALSE),0) -> 0 | J38: =$E38*I38 -> 0 | L38: =J38-G38 -> 0 | M38: =IF((G38)=0,"",(L38/G38)) | O38: =IF($A38<>"",VLOOKUP($A38,[3]Rates!$A$1:$R$65536,15,FALSE),0) -> 0 | P38: =$E38*O38 -> 0 | R38: =P38-J38 -> 0 | S38: =IF((J38)=0,"",(R38/J38))
B39: Sub-Total A (excluding pass through) | G39: =SUM(G23:G38) -> 23.515 | J39: =SUM(J23:J38) -> 30.61 | L39: =J39-G39 -> 7.095 | M39: =IF((G39)=0,"",(L39/G39)) -> 0.3017223 | P39: =SUM(P23:P38) -> 28.97 | R39: =P39-J39 -> -1.64 | S39: =IF((J39)=0,"",(R39/J39)) -> -0.053577262
A40: RAL14_R | D40: per kWh | E40: =$F$18 -> 750 | G40: =E40*F40 -> 0 | I40: =IF($A40<>"",VLOOKUP($A40,[3]Rates!$A$1:$R$65536,14,FALSE),0) -> 0 | J40: =$E40*I40 -> 0 | L40: =J40-G40 -> 0 | M40: =IF((G40)=0,"",(L40/G40)) | O40: =IF($A40<>"",VLOOKUP($A40,[3]Rates!$A$1:$R$65536,15,FALSE),0) -> 0 | P40: =$E40*O40 -> 0 | R40: =P40-J40 -> 0 | S40: =IF((J40)=0,"",(R40/J40))
A41: =[3]Rates!$A$33 -> RAL16_R | B41: =[3]Rates!$B$33 -> Disposition of Deferral/Variance Accounts (2016) | D41: per kWh | E41: =$F$18 -> 750 | F41: =IF(A41<>"",VLOOKUP(A41,[3]Rates!$A$1:$R$65536,12,FALSE),0) -> 0 | G41: =E41*F41 -> 0 | I41: =IF($A41<>"",VLOOKUP($A41,[3]Rates!$A$1:$R$65536,14,FALSE),0) -> 0 | J41: =$E41*I41 -> 0 | L41: =J41-G41 -> 0 | M41: =IF((G41)=0,"",(L41/G41)) | O41: =IF($A41<>"",VLOOKUP($A41,[3]Rates!$A$1:$R$65536,15,FALSE),0) -> 0.0003 | P41: =$E41*O41 -> 0.225 | R41: =P41-J41 -> 0.225 | S41: =IF((J41)=0,"",(R41/J41))
A42: =[3]Rates!$A$34 -> RALP16_R | B42: =[3]Rates!$B$34 -> Disposition of Deferral/Variance Accounts - Power (2016) | D42: per kWh | E42: =$F$18 -> 750 | F42: =IF(A42<>"",VLOOKUP(A42,[3]Rates!$A$1:$R$65536,12,FALSE),0) -> 0 | G42: =E42*F42 -> 0 | I42: =IF($A42<>"",VLOOKUP($A42,[3]Rates!$A$1:$R$65536,14,FALSE),0) -> -0.0026 | J42: =$E42*I42 -> -1.95 | L42: =J42-G42 -> -1.95 | M42: =IF((G42)=0,"",(L42/G42)) | O42: =IF($A42<>"",VLOOKUP($A42,[3]Rates!$A$1:$R$65536,15,FALSE),0) -> 0 | P42: =$E42*O42 -> 0 | R42: =P42-J42 -> 1.95 | S42: =IF((J42)=0,"",(R42/J42)) -> -1
E43: =$F$18 -> 750 | F43: =IF(A43<>"",VLOOKUP(A43,[3]Rates!$A$1:$R$65536,12,FALSE),0) -> 0 | G43: =E43*F43 -> 0 | I43: =IF($A43<>"",VLOOKUP($A43,[3]Rates!$A$1:$R$65536,14,FALSE),0) -> 0 | J43: =$E43*I43 -> 0 | L43: =J43-G43 -> 0 | M43: =IF((G43)=0,"",(L43/G43)) | O43: =IF($A43<>"",VLOOKUP($A43,[3]Rates!$A$1:$R$65536,15,FALSE),0) -> 0 | P43: =$E43*O43 -> 0 | R43: =P43-J43 -> 0 | S43: =IF((J43)=0,"",(R43/J43))
A44: LV_R | B44: Low Voltage Service Charge | D44: per kWh | E44: =$F$18 -> 750 | F44: =IF(A44<>"",VLOOKUP(A44,[3]Rates!$A$1:$R$65536,12,FALSE),0) -> 0.0003 | G44: =E44*F44 -> 0.225 | I44: =IF($A44<>"",VLOOKUP($A44,[3]Rates!$A$1:$R$65536,14,FALSE),0) -> 0.0003 | J44: =$E44*I44 -> 0.225 | L44: =J44-G44 -> 0 | M44: =IF((G44)=0,"",(L44/G44)) -> 0 | O44: =IF($A44<>"",VLOOKUP($A44,[3]Rates!$A$1:$R$65536,15,FALSE),0) -> 0.0005 | P44: =$E44*O44 -> 0.375 | R44: =P44-J44 -> 0.15 | S44: =IF((J44)=0,"",(R44/J44)) -> 0.66666667
B45: Line Losses on Cost of Power | E45: =$F$18*(1+$F$74)-$F$18 -> 25.875 | F45: =IF(ISBLANK(D16)=TRUE, 0, IF(D16="TOU", 0.64*$F$55+0.18*$F$56+0.18*$F$57, IF(AND(D16="non-TOU", E59>0), F59,F58))) -> 0.11184 | G45: =E45*F45 -> 2.89386 | H45: =$F$18*(1+$O$74)-$F$18 -> 27.675 | I45: =0.64*$F$55+0.18*$F$56+0.18*$F$57 -> 0.11184 | J45: =$E45*I45 -> 2.89386 | L45: =J45-G45 -> 0 | M45: =IF((G45)=0,"",(L45/G45)) -> 0 | O45: =0.64*$F$55+0.18*$F$56+0.18*$F$57 -> 0.11184 | P45: =$H45*O45 -> 3.095172 | R45: =P45-J45 -> 0.201312 | S45: =IF((J45)=0,"",(R45/J45)) -> 0.069565217
B46: Smart Meter Entity Charge | D46: Monthly | E46: 1 | F46: 0.79 | G46: =E46*F46 -> 0.79 | I46: 0.79 | J46: =$E46*I46 -> 0.79 | L46: =J46-G46 -> 0 | O46: 0.79 | P46: =$E46*O46 -> 0.79 | R46: =P46-J46 -> 0 | S46: =IF((J46)=0,"",(R46/J46)) -> 0
B47: Sub-Total B - Distribution (includes Sub-Total A) | G47: =SUM(G40:G46)+G39 -> 27.42386 | J47: =SUM(J40:J46)+J39 -> 32.56886 | L47: =J47-G47 -> 5.145 | M47: =IF((G47)=0,"",(L47/G47)) -> 0.18761035 | P47: =SUM(P40:P46)+P39 -> 33.455172 | R47: =P47-J47 -> 0.886312 | S47: =IF((J47)=0,"",(R47/J47)) -> 0.027213479
A48: TN_R | B48: RTSR - Network | D48: per kWh | E48: =F18*(1+F74) -> 775.875 | F48: =IF(A48<>"",VLOOKUP(A48,[3]Rates!$A$1:$R$65536,12,FALSE),0) -> 0.008 | G48: =E48*F48 -> 6.207 | H48: =F18*(1+O74) -> 777.675 | I48: =IF($A48<>"",VLOOKUP($A48,[3]Rates!$A$1:$R$65536,14,FALSE),0) -> 0.008 | J48: =$E48*I48 -> 6.207 | L48: =J48-G48 -> 0 | M48: =IF((G48)=0,"",(L48/G48)) -> 0 | O48: =IF($A48<>"",VLOOKUP($A48,[3]Rates!$A$1:$R$65536,15,FALSE),0) -> 0.0082 | P48: =$H48*O48 -> 6.376935 | R48: =P48-J48 -> 0.169935 | S48: =IF((J48)=0,"",(R48/J48)) -> 0.02737796
A49: TC_R | B49: RTSR - Line and Transformation Connection | D49: per kWh | E49: =E48 -> 775.875 | F49: =IF(A49<>"",VLOOKUP(A49,[3]Rates!$A$1:$R$65536,12,FALSE),0) -> 0.0035 | G49: =E49*F49 -> 2.7155625 | H49: =H48 -> 777.675 | I49: =IF($A49<>"",VLOOKUP($A49,[3]Rates!$A$1:$R$65536,14,FALSE),0) -> 0.0035 | J49: =$E49*I49 -> 2.7155625 | L49: =J49-G49 -> 0 | M49: =IF((G49)=0,"",(L49/G49)) -> 0 | O49: =IF($A49<>"",VLOOKUP($A49,[3]Rates!$A$1:$R$65536,15,FALSE),0) -> 0.0038 | P49: =$H49*O49 -> 2.955165 | R49: =P49-J49 -> 0.2396025 | S49: =IF((J49)=0,"",(R49/J49)) -> 0.088233101
B50: Sub-Total C - Delivery (including Sub-Total B) | G50: =SUM(G47:G49) -> 36.346422 | J50: =SUM(J47:J49) -> 41.491422 | L50: =J50-G50 -> 5.145 | M50: =IF((G50)=0,"",(L50/G50)) -> 0.14155451 | P50: =SUM(P47:P49) -> 42.787272 | R50: =P50-J50 -> 1.2958495 | S50: =IF((J50)=0,"",(R50/J50)) -> 0.031231744
B51: Wholesale Market Service Charge (WMSC) | D51: per kWh | E51: =E49 -> 775.875 | F51: 0.0036 | G51: =E51*F51 -> 2.79315 | H51: =H49 -> 777.675 | I51: 0.0036 | J51: =$E51*I51 -> 2.79315 | L51: =J51-G51 -> 0 | M51: =IF((G51)=0,"",(L51/G51)) -> 0 | O51: =I51 -> 0.0036 | P51: =$H51*O51 -> 2.79963 | R51: =P51-J51 -> 0.00648 | S51: =IF((J51)=0,"",(R51/J51)) -> 0.0023199613
B52: Rural and Remote Rate Protection (RRRP) | D52: per kWh | E52: =E49 -> 775.875 | F52: 0.0013 | G52: =E52*F52 -> 1.0086375 | H52: =H49 -> 777.675 | I52: 0.0013 | J52: =$E52*I52 -> 1.0086375 | L52: =J52-G52 -> 0 | M52: =IF((G52)=0,"",(L52/G52)) -> 0 | O52: 0.0013 | P52: =$H52*O52 -> 1.0109775 | R52: =P52-J52 -> 0.00234 | S52: =IF((J52)=0,"",(R52/J52)) -> 0.0023199613
B53: Standard Supply Service Charge | D53: Monthly | E53: 1 | F53: 0.25 | G53: =E53*F53 -> 0.25 | I53: 0.25 | J53: =$E53*I53 -> 0.25 | L53: =J53-G53 -> 0 | M53: =IF((G53)=0,"",(L53/G53)) -> 0 | O53: 0.25 | P53: =$E53*O53 -> 0.25 | R53: =P53-J53 -> 0 | S53: =IF((J53)=0,"",(R53/J53)) -> 0
B54: Debt Retirement Charge (DRC) | D54: per kWh | E54: =F18 -> 750 | F54: 0 | G54: =E54*F54 -> 0 | J54: =$E54*I54 -> 0 | L54: =J54-G54 -> 0 | M54: =IF((G54)=0,"",(L54/G54)) | P54: =$E54*O54 -> 0 | R54: =P54-J54 -> 0 | S54: =IF((J54)=0,"",(R54/J54))
B55: TOU - Off Peak | D55: per kWh | E55: =0.64*$F$18 -> 480 | F55: 0.087 | G55: =E55*F55 -> 41.76 | I55: =F55 -> 0.087 | J55: =$E55*I55 -> 41.76 | L55: =J55-G55 -> 0 | M55: =IF((G55)=0,"",(L55/G55)) -> 0 | O55: =I55 -> 0.087 | P55: =$E55*O55 -> 41.76 | R55: =P55-J55 -> 0 | S55: =IF((J55)=0,"",(R55/J55)) -> 0
B56: TOU - Mid Peak | D56: per kWh | E56: =0.18*$F$18 -> 135 | F56: 0.132 | G56: =E56*F56 -> 17.82 | I56: =F56 -> 0.132 | J56: =$E56*I56 -> 17.82 | L56: =J56-G56 -> 0 | M56: =IF((G56)=0,"",(L56/G56)) -> 0 | O56: =I56 -> 0.132 | P56: =$E56*O56 -> 17.82 | R56: =P56-J56 -> 0 | S56: =IF((J56)=0,"",(R56/J56)) -> 0
B57: TOU - On Peak | D57: per kWh | E57: =0.18*$F$18 -> 135 | F57: 0.18 | G57: =E57*F57 -> 24.3 | I57: =F57 -> 0.18 | J57: =$E57*I57 -> 24.3 | L57: =J57-G57 -> 0 | M57: =IF((G57)=0,"",(L57/G57)) -> 0 | O57: =I57 -> 0.18 | P57: =$E57*O57 -> 24.3 | R57: =P57-J57 -> 0 | S57: =IF((J57)=0,"",(R57/J57)) -> 0
B58: OESP Charge | D58: per kWh | E58: =IF(AND($R$1=1, F18>=600), 600, IF(AND($R$1=1, AND(F18<600, F18>=2)), F18, IF(AND($R$1=2, F18>=1000), 1000, IF(AND($R$1=2, AND(F18<1000, F18>=0)), F18)))) -> 750 | F58: 0.0011 | G58: =E58*F58 -> 0.825 | I58: 0.0011 | J58: =$E58*I58 -> 0.825 | L58: =J58-G58 -> 0 | M58: =IF((G58)=0,"",(L58/G58)) -> 0 | O58: =I58 -> 0.0011 | P58: =$E58*O58 -> 0.825 | R58: =P58-J58 -> 0 | S58: =IF((J58)=0,"",(R58/J58)) -> 0
G59: =E59*F59 -> 0 | I59: =F59 -> 0 | J59: =$E59*I59 -> 0 | L59: =J59-G59 -> 0 | M59: =IF((G59)=0,"",(L59/G59)) | O59: =I59 -> 0 | P59: =$E59*O59 -> 0 | R59: =P59-J59 -> 0 | S59: =IF((J59)=0,"",(R59/J59))
B61: Total Bill on TOU (before Taxes) | G61: =SUM(G51:G58,G50) -> 125.10321 | J61: =SUM(J51:J58,J50) -> 130.24821 | L61: =J61-G61 -> 5.145 | M61: =IF((G61)=0,"",(L61/G61)) -> 0.041126043 | P61: =SUM(P51:P58,P50) -> 131.55288 | R61: =P61-J61 -> 1.3046695 | S61: =IF((J61)=0,"",(R61/J61)) -> 0.010016794
B62: HST | F62: 0.13 | G62: =G61*F62 -> 16.263417 | I62: 0.13 | J62: =J61*I62 -> 16.932267 | L62: =J62-G62 -> 0.66885 | M62: =IF((G62)=0,"",(L62/G62)) -> 0.041126043 | O62: 0.13 | P62: =P61*O62 -> 17.101874 | R62: =P62-J62 -> 0.16960703 | S62: =IF((J62)=0,"",(R62/J62)) -> 0.010016794
B63: Total Bill (including HST) | G63: =G61+G62 -> 141.36663 | J63: =J61+J62 -> 147.18048 | L63: =J63-G63 -> 5.81385 | M63: =IF((G63)=0,"",(L63/G63)) -> 0.041126043 | P63: =P61+P62 -> 148.65475 | R63: =P63-J63 -> 1.4742765 | S63: =IF((J63)=0,"",(R63/J63)) -> 0.010016794
B64: Ontario Clean Energy Benefit 1 | F64: 0 | G64: =-G63*F64 -> 0 | L64: =J64-G64 -> 0 | M64: =IF((G64)=0,"",(L64/G64)) | R64: =P64-J64 -> 0 | S64: =IF((J64)=0,"",(R64/J64))
B65: Total Bill on TOU (including OCEB) | G65: =G63+G64 -> 141.36663 | J65: =J63+J64 -> 147.18048 | L65: =J65-G65 -> 5.81385 | M65: =IF((G65)=0,"",(L65/G65)) -> 0.041126043 | P65: =P63+P64 -> 148.65475 | R65: =P65-J65 -> 1.4742765 | S65: =IF((J65)=0,"",(R65/J65)) -> 0.010016794
B67: Total Bill on RPP (before Taxes) | G67: =SUM(G58:G59,G50,G51:G54) -> 41.22321 | J67: =SUM(J58:J59,J50,J51:J54) -> 46.36821 | L67: =J67-G67 -> 5.145 | M67: =IF((G67)=0,"",(L67/G67)) -> 0.12480833 | P67: =SUM(P58:P59,P50,P51:P54) -> 47.67288 | R67: =P67-J67 -> 1.3046695 | S67: =IF((J67)=0,"",(R67/J67)) -> 0.028137155
B68: HST | F68: 0.13 | G68: =G67*F68 -> 5.3590173 | I68: 0.13 | J68: =J67*I68 -> 6.0278673 | L68: =J68-G68 -> 0.66885 | M68: =IF((G68)=0,"",(L68/G68)) -> 0.12480833 | O68: 0.13 | P68: =P67*O68 -> 6.1974743 | R68: =P68-J68 -> 0.16960704 | S68: =IF((J68)=0,"",(R68/J68)) -> 0.028137155
B69: Total Bill (including HST) | G69: =G67+G68 -> 46.582227 | J69: =J67+J68 -> 52.396077 | L69: =J69-G69 -> 5.81385 | M69: =IF((G69)=0,"",(L69/G69)) -> 0.12480833 | P69: =P67+P68 -> 53.870354 | R69: =P69-J69 -> 1.4742765 | S69: =IF((J69)=0,"",(R69/J69)) -> 0.028137155
B70: Ontario Clean Energy Benefit 1 | F70: 0.1 | G70: =-G69*F70 -> -4.6582227 | L70: =J70-G70 -> 4.6582227 | M70: =IF((G70)=0,"",(L70/G70)) -> -1 | R70: =P70-J70 -> 0 | S70: =IF((J70)=0,"",(R70/J70))
B71: Total Bill on RPP (including OCEB) | G71: =SUM(G69:G70) -> 41.924005 | J71: =SUM(J69:J70) -> 52.396077 | L71: =J71-G71 -> 10.472073 | M71: =IF((G71)=0,"",(L71/G71)) -> 0.24978703 | P71: =SUM(P69:P70) -> 53.870354 | R71: =P71-J71 -> 1.4742765 | S71: =IF((J71)=0,"",(R71/J71)) -> 0.028137155
B74: Loss Factor (%) | F74: 0.0345 | I74: 0.0345 | O74: 0.0369
A76: 1 Applicable to eligible customers only. Refer to the Ontario Clean Energy Benefit Act, 2010.
B77: NOTES:
A78: Note that the "Charge $" columns provide breakdowns of the amounts that each bill component contributes to the total monthly bill at the referenced | B78: TOU & RPP price effective May 1, 2015
A79: consumption level at existing and proposed rates. | B79: OCEB included for 2015, but not for 2016
B80: DRC included for 2015, but removed for 2016 for Residental
A81: Applicants must provide bill impacts for residential at 800 kWh and GS<50kW at 2000 kWh. In addition, their filing must cover the range that is relevant
A82: to their service territory, class by class. A general guideline of consumption levels follows:
A84: Residential (kWh) - 100, 250, 500, 800, 1000, 1500, 2000
A85: GS<50kW (kWh) - 1000, 2000, 5000, 10000, 15000
A86: GS>50kW (kW) - 60, 100, 500, 1000
A87: Large User - range appropriate for utility
A88: Lighting Classes and USL - 150 kWh and 1 kW, range appropriate for utility.
B90: Note that cells with the highlighted color shown to the left indicate quantities that are loss adjusted.

Sheet GS<50
O1: May 1 - Oct 31 | P1: 1 | R1: 2
O2: Nov 1 - Apr 30 | P2: 2
B10: Appendix 2-W
B11: Bill Impacts - GS<50
B14: Customer Class: | D14: GS<50
B16: TOU / non-TOU: | D16: TOU
D18: Consumption | F18: 2000
F20: 2015 Current Board-Approved | I20: =Residential!I20 -> 2016 | L20: =Residential!L20 -> Impact 2016 vs. 2015 | O20: =Residential!O20 -> 2017 TEST YEAR | R20: =Residential!R20 -> Impact 2017 TEST vs. 2016
D21: Charge Unit | E21: Volume | F21: Rate | G21: Charge | I21: Rate | J21: Charge | L21: $ Change | M21: % Change | O21: Rate | P21: Charge | R21: $ Change | S21: % Change
F22: ($) | G22: ($) | I22: ($) | J22: ($) | O22: ($) | P22: ($)
A23: =[3]Rates!$A$48 -> Fix_GS | B23: Monthly Service Charge | D23: Monthly | E23: 1 | F23: =IF($A23<>"",VLOOKUP($A23,[3]Rates!$A$1:$R$65536,12,FALSE),0) -> 26.08 | G23: =E23*F23 -> 26.08 | I23: =IF($A23<>"",VLOOKUP($A23,[3]Rates!$A$1:$R$65536,14,FALSE),0) -> 28.75 | J23: =$E23*I23 -> 28.75 | L23: =J23-G23 -> 2.67 | M23: =IF((G23)=0,"",(L23/G23)) -> 0.1023773 | O23: =IF($A23<>"",VLOOKUP($A23,[3]Rates!$A$1:$R$65536,15,FALSE),0) -> 29.038154 | P23: =$E23*O23 -> 29.038154 | R23: =P23-J23 -> 0.28815402 | S23: =IF((J23)=0,"",(R23/J23)) -> 0.010022749
B24: Smart Meter Rate Adder | D24: Monthly | E24: 1 | F24: =IF($A24<>"",VLOOKUP($A24,[3]Rates!$A$1:$R$65536,12,FALSE),0) -> 0 | G24: =E24*F24 -> 0 | I24: =IF($A24<>"",VLOOKUP($A24,[3]Rates!$A$1:$R$65536,14,FALSE),0) -> 0 | J24: =$E24*I24 -> 0 | L24: =J24-G24 -> 0 | M24: =IF((G24)=0,"",(L24/G24)) | O24: =IF($A24<>"",VLOOKUP($A24,[3]Rates!$A$1:$R$65536,15,FALSE),0) -> 0 | P24: =$E24*O24 -> 0 | R24: =P24-J24 -> 0 | S24: =IF((J24)=0,"",(R24/J24))
A25: =[3]Rates!$A$50 -> PPE_GS | B25: Recovery of CGAAP/CWIP Differential | D25: Monthly | E25: 1 | F25: =IF($A25<>"",VLOOKUP($A25,[3]Rates!$A$1:$R$65536,12,FALSE),0) -> 0.55 | G25: =E25*F25 -> 0.55 | I25: =IF($A25<>"",VLOOKUP($A25,[3]Rates!$A$1:$R$65536,14,FALSE),0) -> 0.55 | J25: =$E25*I25 -> 0.55 | L25: =J25-G25 -> 0 | M25: =IF((G25)=0,"",(L25/G25)) -> 0 | O25: =IF($A25<>"",VLOOKUP($A25,[3]Rates!$A$1:$R$65536,15,FALSE),0) -> 0 | P25: =$E25*O25 -> 0 | R25: =P25-J25 -> -0.55 | S25: =IF((J25)=0,"",(R25/J25)) -> -1
A26: =[3]Rates!$A$51 -> ICMF_GS | B26: ICM Rate Rider (2014) | D26: Monthly | E26: 1 | F26: =IF($A26<>"",VLOOKUP($A26,[3]Rates!$A$1:$R$65536,12,FALSE),0) -> 0.14 | G26: =E26*F26 -> 0.14 | I26: =IF($A26<>"",VLOOKUP($A26,[3]Rates!$A$1:$R$65536,14,FALSE),0) -> 0 | J26: =$E26*I26 -> 0 | L26: =J26-G26 -> -0.14 | M26: =IF((G26)=0,"",(L26/G26)) -> -1 | O26: =IF($A26<>"",VLOOKUP($A26,[3]Rates!$A$1:$R$65536,15,FALSE),0) -> 0 | P26: =$E26*O26 -> 0 | R26: =P26-J26 -> 0 | S26: =IF((J26)=0,"",(R26/J26))
A27: FR_GS | B27: Forgone Revenue Rate Rider - Fixed Component (2016) | D27: Monthly | E27: 1 | F27: =IF($A27<>"",VLOOKUP($A27,[3]Rates!$A$1:$R$65536,12,FALSE),0) -> 0 | G27: =E27*F27 -> 0 | I27: =IF($A27<>"",VLOOKUP($A27,[3]Rates!$A$1:$R$65536,14,FALSE),0) -> 7.55 | J27: =$E27*I27 -> 7.55 | L27: =J27-G27 -> 7.55 | M27: =IF((G27)=0,"",(L27/G27)) | O27: =IF($A27<>"",VLOOKUP($A27,[3]Rates!$A$1:$R$65536,15,FALSE),0) -> 0 | P27: =$E27*O27 -> 0 | R27: =P27-J27 -> -7.55 | S27: =IF((J27)=0,"",(R27/J27)) -> -1
E28: 1 | F28: =IF($A28<>"",VLOOKUP($A28,[3]Rates!$A$1:$R$65536,12,FALSE),0) -> 0 | G28: =E28*F28 -> 0 | I28: =IF($A28<>"",VLOOKUP($A28,[3]Rates!$A$1:$R$65536,14,FALSE),0) -> 0 | J28: =$E28*I28 -> 0 | L28: =J28-G28 -> 0 | M28: =IF((G28)=0,"",(L28/G28)) | O28: =IF($A28<>"",VLOOKUP($A28,[3]Rates!$A$1:$R$65536,15,FALSE),0) -> 0 | P28: =$E28*O28 -> 0 | R28: =P28-J28 -> 0 | S28: =IF((J28)=0,"",(R28/J28))
A29: =[3]Rates!$A$53 -> Var_GS | B29: Distribution Volumetric Rate | D29: per kWh | E29: =$F$18 -> 2000 | F29: =IF($A29<>"",VLOOKUP($A29,[3]Rates!$A$1:$R$65536,12,FALSE),0) -> 0.0139 | G29: =E29*F29 -> 27.8 | I29: =IF($A29<>"",VLOOKUP($A29,[3]Rates!$A$1:$R$65536,14,FALSE),0) -> 0.0153 | J29: =$E29*I29 -> 30.6 | L29: =J29-G29 -> 2.8 | M29: =IF((G29)=0,"",(L29/G29)) -> 0.10071942 | O29: =IF($A29<>"",VLOOKUP($A29,[3]Rates!$A$1:$R$65536,15,FALSE),0) -> 0.0189 | P29: =$E29*O29 -> 37.8 | R29: =P29-J29 -> 7.2 | S29: =IF((J29)=0,"",(R29/J29)) -> 0.23529412
B30: Smart Meter Disposition Rider | D30: per kWh | E30: =$F$18 -> 2000 | F30: =IF($A30<>"",VLOOKUP($A30,[3]Rates!$A$1:$R$65536,12,FALSE),0) -> 0 | G30: =E30*F30 -> 0 | I30: =IF($A30<>"",VLOOKUP($A30,[3]Rates!$A$1:$R$65536,14,FALSE),0) -> 0 | J30: =$E30*I30 -> 0 | L30: =J30-G30 -> 0 | M30: =IF((G30)=0,"",(L30/G30)) | O30: =IF($A30<>"",VLOOKUP($A30,[3]Rates!$A$1:$R$65536,15,FALSE),0) -> 0 | P30: =$E30*O30 -> 0 | R30: =P30-J30 -> 0 | S30: =IF((J30)=0,"",(R30/J30))
A31: FRV_GS | B31: Forgone Revenue Rate Rider - Variable Component (2016) | D31: per kWh | E31: =$F$18 -> 2000 | F31: =IF($A31<>"",VLOOKUP($A31,[3]Rates!$A$1:$R$65536,12,FALSE),0) -> 0 | G31: =E31*F31 -> 0 | I31: =IF($A31<>"",VLOOKUP($A31,[3]Rates!$A$1:$R$65536,14,FALSE),0) -> 0.004 | J31: =$E31*I31 -> 8 | L31: =J31-G31 -> 8 | M31: =IF((G31)=0,"",(L31/G31)) | O31: =IF($A31<>"",VLOOKUP($A31,[3]Rates!$A$1:$R$65536,15,FALSE),0) -> 0 | P31: =$E31*O31 -> 0 | R31: =P31-J31 -> -8 | S31: =IF((J31)=0,"",(R31/J31)) -> -1
A32: =[3]Rates!$A$60 -> ICMV_GS | B32: ICM Rate Rider (2014) | D32: per kWh | E32: =$F$18 -> 2000 | F32: =IF($A32<>"",VLOOKUP($A32,[3]Rates!$A$1:$R$65536,12,FALSE),0) -> 0.0001 | G32: =E32*F32 -> 0.2 | I32: =IF($A32<>"",VLOOKUP($A32,[3]Rates!$A$1:$R$65536,14,FALSE),0) -> 0 | J32: =$E32*I32 -> 0 | L32: =J32-G32 -> -0.2 | M32: =IF((G32)=0,"",(L32/G32)) -> -1 | O32: =IF($A32<>"",VLOOKUP($A32,[3]Rates!$A$1:$R$65536,15,FALSE),0) -> 0 | P32: =$E32*O32 -> 0 | R32: =P32-J32 -> 0 | S32: =IF((J32)=0,"",(R32/J32))
A33: =[3]Rates!$A69 -> 2RAL16_GS | B33: =[3]Rates!$B69 -> Disposition of Deferral/Variance Accounts - Group 2 Accounts (2016) | D33: per kWh | E33: =$F$18 -> 2000 | F33: =IF($A33<>"",VLOOKUP($A33,[3]Rates!$A$1:$R$65536,12,FALSE),0) -> 0 | G33: =E33*F33 -> 0 | I33: =IF($A33<>"",VLOOKUP($A33,[3]Rates!$A$1:$R$65536,14,FALSE),0) -> 0 | J33: =$E33*I33 -> 0 | L33: =J33-G33 -> 0 | M33: =IF((G33)=0,"",(L33/G33)) | O33: =IF($A33<>"",VLOOKUP($A33,[3]Rates!$A$1:$R$65536,15,FALSE),0) -> 0.0002 | P33: =$E33*O33 -> 0.4 | R33: =P33-J33 -> 0.4 | S33: =IF((J33)=0,"",(R33/J33))
A34: =[3]Rates!$A70 -> LRVA16_GS | B34: =[3]Rates!$B70 -> Lost Revenue Adjustment Mechanism Variance Account (LRAMVA) (2016) | D34: per kWh | E34: =$F$18 -> 2000 | F34: =IF($A34<>"",VLOOKUP($A34,[3]Rates!$A$1:$R$65536,12,FALSE),0) -> 0 | G34: =E34*F34 -> 0 | I34: =IF($A34<>"",VLOOKUP($A34,[3]Rates!$A$1:$R$65536,14,FALSE),0) -> 0.0002 | J34: =$E34*I34 -> 0.4 | L34: =J34-G34 -> 0.4 | M34: =IF((G34)=0,"",(L34/G34)) | O34: =IF($A34<>"",VLOOKUP($A34,[3]Rates!$A$1:$R$65536,15,FALSE),0) -> 0 | P34: =$E34*O34 -> 0 | R34: =P34-J34 -> -0.4 | S34: =IF((J34)=0,"",(R34/J34)) -> -1
A35: =[3]Rates!$A71 -> PPE16_GS | B35: =[3]Rates!$B71 -> Account 1575 (2016) | D35: per kWh | E35: =$F$18 -> 2000 | F35: =IF($A35<>"",VLOOKUP($A35,[3]Rates!$A$1:$R$65536,12,FALSE),0) -> 0 | G35: =E35*F35 -> 0 | I35: =IF($A35<>"",VLOOKUP($A35,[3]Rates!$A$1:$R$65536,14,FALSE),0) -> -0.0012 | J35: =$E35*I35 -> -2.4 | L35: =J35-G35 -> -2.4 | M35: =IF((G35)=0,"",(L35/G35)) | O35: =IF($A35<>"",VLOOKUP($A35,[3]Rates!$A$1:$R$65536,15,FALSE),0) -> 0 | P35: =$E35*O35 -> 0 | R35: =P35-J35 -> 2.4 | S35: =IF((J35)=0,"",(R35/J35)) -> -1
A36: =[3]Rates!$A72 -> SG16_GS | B36: =[3]Rates!$B72 -> Smart Grid True-up (2016) | D36: Monthly | E36: 1 | F36: =IF($A36<>"",VLOOKUP($A36,[3]Rates!$A$1:$R$65536,12,FALSE),0) -> 0 | G36: =E36*F36 -> 0 | I36: =IF($A36<>"",VLOOKUP($A36,[3]Rates!$A$1:$R$65536,14,FALSE),0) -> -0.67 | J36: =$E36*I36 -> -0.67 | L36: =J36-G36 -> -0.67 | M36: =IF((G36)=0,"",(L36/G36)) | O36: =IF($A36<>"",VLOOKUP($A36,[3]Rates!$A$1:$R$65536,15,FALSE),0) -> 0 | P36: =$E36*O36 -> 0 | R36: =P36-J36 -> 0.67 | S36: =IF((J36)=0,"",(R36/J36)) -> -1
A37: =[3]Rates!$A73 -> SMA16_GS | B37: =[3]Rates!$B73 -> Recovery of Stranded Meter Assets (2016) | D37: Monthly | E37: 1 | F37: =IF($A37<>"",VLOOKUP($A37,[3]Rates!$A$1:$R$65536,12,FALSE),0) -> 0 | G37: =E37*F37 -> 0 | I37: =IF($A37<>"",VLOOKUP($A37,[3]Rates!$A$1:$R$65536,14,FALSE),0) -> 0 | J37: =$E37*I37 -> 0 | L37: =J37-G37 -> 0 | M37: =IF((G37)=0,"",(L37/G37)) | O37: =IF($A37<>"",VLOOKUP($A37,[3]Rates!$A$1:$R$65536,15,FALSE),0) -> 0.21 | P37: =$E37*O37 -> 0.21 | R37: =P37-J37 -> 0.21 | S37: =IF((J37)=0,"",(R37/J37))
A38: =[3]Rates!$A$65 -> LRVA_GS | D38: per kWh | E38: =E35 -> 2000 | G38: =E38*F38 -> 0 | I38: =IF($A38<>"",VLOOKUP($A38,[3]Rates!$A$1:$R$65536,14,FALSE),0) -> 0 | J38: =$E38*I38 -> 0 | L38: =J38-G38 -> 0 | M38: =IF((G38)=0,"",(L38/G38)) | O38: =IF($A38<>"",VLOOKUP($A38,[3]Rates!$A$1:$R$65536,15,FALSE),0) -> 0 | P38: =$E38*O38 -> 0 | R38: =P38-J38 -> 0 | S38: =IF((J38)=0,"",(R38/J38))
B39: Sub-Total A (excluding pass through) | G39: =SUM(G23:G38) -> 54.77 | J39: =SUM(J23:J38) -> 72.78 | L39: =J39-G39 -> 18.01 | M39: =IF((G39)=0,"",(L39/G39)) -> 0.32882965 | P39: =SUM(P23:P38) -> 67.448154 | R39: =P39-J39 -> -5.331846 | S39: =IF((J39)=0,"",(R39/J39)) -> -0.073259769
A40: =[3]Rates!$A$58 -> RAL14_GS | D40: per kWh | E40: =$F$18 -> 2000 | G40: =E40*F40 -> 0 | I40: =IF($A40<>"",VLOOKUP($A40,[3]Rates!$A$1:$R$65536,14,FALSE),0) -> 0 | J40: =$E40*I40 -> 0 | L40: =J40-G40 -> 0 | M40: =IF((G40)=0,"",(L40/G40)) | O40: =IF($A40<>"",VLOOKUP($A40,[3]Rates!$A$1:$R$65536,15,FALSE),0) -> 0 | P40: =$E40*O40 -> 0 | R40: =P40-J40 -> 0 | S40: =IF((J40)=0,"",(R40/J40))
A41: =[3]Rates!$A$66 -> RAL16_GS | B41: =[3]Rates!$B$66 -> Disposition of Deferral/Variance Accounts (2016) | D41: per kWh | E41: =$F$18 -> 2000 | F41: =IF($A41<>"",VLOOKUP($A41,[3]Rates!$A$1:$R$65536,12,FALSE),0) -> 0 | G41: =E41*F41 -> 0 | I41: =IF($A41<>"",VLOOKUP($A41,[3]Rates!$A$1:$R$65536,14,FALSE),0) -> 0 | J41: =$E41*I41 -> 0 | L41: =J41-G41 -> 0 | M41: =IF((G41)=0,"",(L41/G41)) | O41: =IF($A41<>"",VLOOKUP($A41,[3]Rates!$A$1:$R$65536,15,FALSE),0) -> 0.0003 | P41: =$E41*O41 -> 0.6 | R41: =P41-J41 -> 0.6 | S41: =IF((J41)=0,"",(R41/J41))
A42: =[3]Rates!$A$67 -> RALP16_GS | B42: =[3]Rates!$B$67 -> Disposition of Deferral/Variance Accounts - Power (2016) | D42: per kWh | E42: =$F$18 -> 2000 | F42: =IF($A42<>"",VLOOKUP($A42,[3]Rates!$A$1:$R$65536,12,FALSE),0) -> 0 | G42: =E42*F42 -> 0 | I42: =IF($A42<>"",VLOOKUP($A42,[3]Rates!$A$1:$R$65536,14,FALSE),0) -> -0.0026 | J42: =$E42*I42 -> -5.2 | L42: =J42-G42 -> -5.2 | M42: =IF((G42)=0,"",(L42/G42)) | O42: =IF($A42<>"",VLOOKUP($A42,[3]Rates!$A$1:$R$65536,15,FALSE),0) -> 0 | P42: =$E42*O42 -> 0 | R42: =P42-J42 -> 5.2 | S42: =IF((J42)=0,"",(R42/J42)) -> -1
F43: =IF($A43<>"",VLOOKUP($A43,[3]Rates!$A$1:$R$65536,12,FALSE),0) -> 0 | G43: =E43*F43 -> 0 | I43: =IF($A43<>"",VLOOKUP($A43,[3]Rates!$A$1:$R$65536,14,FALSE),0) -> 0 | J43: =$E43*I43 -> 0 | L43: =J43-G43 -> 0 | M43: =IF((G43)=0,"",(L43/G43)) | O43: =IF($A43<>"",VLOOKUP($A43,[3]Rates!$A$1:$R$65536,15,FALSE),0) -> 0 | P43: =$E43*O43 -> 0 | R43: =P43-J43 -> 0 | S43: =IF((J43)=0,"",(R43/J43))
A44: =[3]Rates!$A$54 -> LV_GS | B44: Low Voltage Service Charge | D44: per kWh | E44: =$F$18 -> 2000 | F44: =IF($A44<>"",VLOOKUP($A44,[3]Rates!$A$1:$R$65536,12,FALSE),0) -> 0.0003 | G44: =E44*F44 -> 0.6 | I44: =IF($A44<>"",VLOOKUP($A44,[3]Rates!$A$1:$R$65536,14,FALSE),0) -> 0.0003 | J44: =$E44*I44 -> 0.6 | L44: =J44-G44 -> 0 | M44: =IF((G44)=0,"",(L44/G44)) -> 0 | O44: =IF($A44<>"",VLOOKUP($A44,[3]Rates!$A$1:$R$65536,15,FALSE),0) -> 0.0004 | P44: =$E44*O44 -> 0.8 | R44: =P44-J44 -> 0.2 | S44: =IF((J44)=0,"",(R44/J44)) -> 0.33333333
B45: Line Losses on Cost of Power | E45: =$F$18*(1+$F$74)-$F$18 -> 69 | F45: =IF(ISBLANK(D16)=TRUE, 0, IF(D16="TOU", 0.64*$F$55+0.18*$F$56+0.18*$F$57, IF(AND(D16="non-TOU", E59>0), F59,F58))) -> 0.11184 | G45: =E45*F45 -> 7.71696 | H45: =$F$18*(1+$O$74)-$F$18 -> 73.8 | I45: =0.64*$F$55+0.18*$F$56+0.18*$F$57 -> 0.11184 | J45: =$E45*I45 -> 7.71696 | L45: =J45-G45 -> 0 | M45: =IF((G45)=0,"",(L45/G45)) -> 0 | O45: =0.64*$F$55+0.18*$F$56+0.18*$F$57 -> 0.11184 | P45: =$H45*O45 -> 8.253792 | R45: =P45-J45 -> 0.536832 | S45: =IF((J45)=0,"",(R45/J45)) -> 0.069565217
B46: Smart Meter Entity Charge | D46: Monthly | E46: 1 | F46: 0.79 | G46: =E46*F46 -> 0.79 | I46: 0.79 | J46: =$E46*I46 -> 0.79 | L46: =J46-G46 -> 0 | O46: 0.79 | P46: =$E46*O46 -> 0.79 | R46: =P46-J46 -> 0 | S46: =IF((J46)=0,"",(R46/J46)) -> 0
B47: Sub-Total B - Distribution (includes Sub-Total A) | G47: =SUM(G40:G46)+G39 -> 63.87696 | J47: =SUM(J40:J46)+J39 -> 76.68696 | L47: =J47-G47 -> 12.81 | M47: =IF((G47)=0,"",(L47/G47)) -> 0.20054179 | P47: =SUM(P40:P46)+P39 -> 77.891946 | R47: =P47-J47 -> 1.204986 | S47: =IF((J47)=0,"",(R47/J47)) -> 0.01571305
A48: =[3]Rates!$A$76 -> TN_GS | B48: RTSR - Network | D48: per kWh | E48: =F18*(1+F74) -> 2069 | F48: =IF($A48<>"",VLOOKUP($A48,[3]Rates!$A$1:$R$65536,12,FALSE),0) -> 0.0072 | G48: =E48*F48 -> 14.8968 | H48: =F18*(1+O74) -> 2073.8 | I48: =IF($A48<>"",VLOOKUP($A48,[3]Rates!$A$1:$R$65536,14,FALSE),0) -> 0.0072 | J48: =$E48*I48 -> 14.8968 | L48: =J48-G48 -> 0 | M48: =IF((G48)=0,"",(L48/G48)) -> 0 | O48: =IF($A48<>"",VLOOKUP($A48,[3]Rates!$A$1:$R$65536,15,FALSE),0) -> 0.0073 | P48: =$H48*O48 -> 15.13874 | R48: =P48-J48 -> 0.24194 | S48: =IF((J48)=0,"",(R48/J48)) -> 0.016241072
A49: =[3]Rates!$A$77 -> TC_GS | B49: RTSR - Line and Transformation Connection | D49: per kWh | E49: =E48 -> 2069 | F49: =IF($A49<>"",VLOOKUP($A49,[3]Rates!$A$1:$R$65536,12,FALSE),0) -> 0.003 | G49: =E49*F49 -> 6.207 | H49: =H48 -> 2073.8 | I49: =IF($A49<>"",VLOOKUP($A49,[3]Rates!$A$1:$R$65536,14,FALSE),0) -> 0.003 | J49: =$E49*I49 -> 6.207 | L49: =J49-G49 -> 0 | M49: =IF((G49)=0,"",(L49/G49)) -> 0 | O49: =IF($A49<>"",VLOOKUP($A49,[3]Rates!$A$1:$R$65536,15,FALSE),0) -> 0.0033 | P49: =$H49*O49 -> 6.84354 | R49: =P49-J49 -> 0.63654 | S49: =IF((J49)=0,"",(R49/J49)) -> 0.10255196
B50: Sub-Total C - Delivery (including Sub-Total B) | G50: =SUM(G47:G49) -> 84.98076 | J50: =SUM(J47:J49) -> 97.79076 | L50: =J50-G50 -> 12.81 | M50: =IF((G50)=0,"",(L50/G50)) -> 0.15074 | P50: =SUM(P47:P49) -> 99.874226 | R50: =P50-J50 -> 2.083466 | S50: =IF((J50)=0,"",(R50/J50)) -> 0.021305346
B51: Wholesale Market Service Charge (WMSC) | D51: per kWh | E51: =E49 -> 2069 | F51: 0.0036 | G51: =E51*F51 -> 7.4484 | H51: =H49 -> 2073.8 | I51: 0.0036 | J51: =$E51*I51 -> 7.4484 | L51: =J51-G51 -> 0 | M51: =IF((G51)=0,"",(L51/G51)) -> 0 | O51: =I51 -> 0.0036 | P51: =$H51*O51 -> 7.46568 | R51: =P51-J51 -> 0.01728 | S51: =IF((J51)=0,"",(R51/J51)) -> 0.0023199613
B52: Rural and Remote Rate Protection (RRRP) | D52: per kWh | E52: =E49 -> 2069 | F52: 0.0013 | G52: =E52*F52 -> 2.6897 | H52: =H49 -> 2073.8 | I52: 0.0013 | J52: =$E52*I52 -> 2.6897 | L52: =J52-G52 -> 0 | M52: =IF((G52)=0,"",(L52/G52)) -> 0 | O52: 0.0013 | P52: =$H52*O52 -> 2.69594 | R52: =P52-J52 -> 0.00624 | S52: =IF((J52)=0,"",(R52/J52)) -> 0.0023199613
B53: Standard Supply Service Charge | D53: Monthly | E53: 1 | F53: 0.25 | G53: =E53*F53 -> 0.25 | I53: 0.25 | J53: =$E53*I53 -> 0.25 | L53: =J53-G53 -> 0 | M53: =IF((G53)=0,"",(L53/G53)) -> 0 | O53: 0.25 | P53: =$E53*O53 -> 0.25 | R53: =P53-J53 -> 0 | S53: =IF((J53)=0,"",(R53/J53)) -> 0
B54: Debt Retirement Charge (DRC) | D54: per kWh | E54: =F18 -> 2000 | F54: 0.007 | G54: =E54*F54 -> 14 | I54: 0.007 | J54: =$E54*I54 -> 14 | L54: =J54-G54 -> 0 | M54: =IF((G54)=0,"",(L54/G54)) -> 0 | O54: 0.007 | P54: =$E54*O54 -> 14 | R54: =P54-J54 -> 0 | S54: =IF((J54)=0,"",(R54/J54)) -> 0
B55: TOU - Off Peak | D55: per kWh | E55: =0.64*$F$18 -> 1280 | F55: =Residential!F55 -> 0.087 | G55: =E55*F55 -> 111.36 | H55: =0.64*$F$18 -> 1280 | I55: =F55 -> 0.087 | J55: =$H55*I55 -> 111.36 | L55: =J55-G55 -> 0 | M55: =IF((G55)=0,"",(L55/G55)) -> 0 | O55: =I55 -> 0.087 | P55: =$H55*O55 -> 111.36 | R55: =P55-J55 -> 0 | S55: =IF((J55)=0,"",(R55/J55)) -> 0
B56: TOU - Mid Peak | D56: per kWh | E56: =0.18*$F$18 -> 360 | F56: =Residential!F56 -> 0.132 | G56: =E56*F56 -> 47.52 | H56: =0.18*$F$18 -> 360 | I56: =F56 -> 0.132 | J56: =$H56*I56 -> 47.52 | L56: =J56-G56 -> 0 | M56: =IF((G56)=0,"",(L56/G56)) -> 0 | O56: =I56 -> 0.132 | P56: =$H56*O56 -> 47.52 | R56: =P56-J56 -> 0 | S56: =IF((J56)=0,"",(R56/J56)) -> 0
B57: TOU - On Peak | D57: per kWh | E57: =0.18*$F$18 -> 360 | F57: =Residential!F57 -> 0.18 | G57: =E57*F57 -> 64.8 | H57: =0.18*$F$18 -> 360 | I57: =F57 -> 0.18 | J57: =$H57*I57 -> 64.8 | L57: =J57-G57 -> 0 | M57: =IF((G57)=0,"",(L57/G57)) -> 0 | O57: =I57 -> 0.18 | P57: =$H57*O57 -> 64.8 | R57: =P57-J57 -> 0 | S57: =IF((J57)=0,"",(R57/J57)) -> 0
B58: OESP Charge | D58: per kWh | E58: =F18 -> 2000 | F58: 0.0011 | G58: =E58*F58 -> 2.2 | I58: 0.0011 | J58: =$E58*I58 -> 2.2 | L58: =J58-G58 -> 0 | M58: =IF((G58)=0,"",(L58/G58)) -> 0 | O58: =I58 -> 0.0011 | P58: =$E58*O58 -> 2.2 | R58: =P58-J58 -> 0 | S58: =IF((J58)=0,"",(R58/J58)) -> 0
G59: =E59*F59 -> 0 | I59: =F59 -> 0 | J59: =$H59*I59 -> 0 | L59: =J59-G59 -> 0 | M59: =IF((G59)=0,"",(L59/G59)) | O59: =I59 -> 0 | P59: =$H59*O59 -> 0 | R59: =P59-J59 -> 0 | S59: =IF((J59)=0,"",(R59/J59))
B61: Total Bill on TOU (before Taxes) | G61: =SUM(G51:G58,G50) -> 335.24886 | J61: =SUM(J51:J58,J50) -> 348.05886 | L61: =J61-G61 -> 12.81 | M61: =IF((G61)=0,"",(L61/G61)) -> 0.038210421 | P61: =SUM(P51:P58,P50) -> 350.16585 | R61: =P61-J61 -> 2.106986 | S61: =IF((J61)=0,"",(R61/J61)) -> 0.0060535337
B62: HST | F62: 0.13 | G62: =G61*F62 -> 43.582352 | I62: 0.13 | J62: =J61*I62 -> 45.247652 | L62: =J62-G62 -> 1.6653 | M62: =IF((G62)=0,"",(L62/G62)) -> 0.038210421 | O62: 0.13 | P62: =P61*O62 -> 45.52156 | R62: =P62-J62 -> 0.27390818 | S62: =IF((J62)=0,"",(R62/J62)) -> 0.0060535337
B63: Total Bill (including HST) | G63: =G61+G62 -> 378.83121 | J63: =J61+J62 -> 393.30651 | L63: =J63-G63 -> 14.4753 | M63: =IF((G63)=0,"",(L63/G63)) -> 0.038210421 | P63: =P61+P62 -> 395.68741 | R63: =P63-J63 -> 2.3808942 | S63: =IF((J63)=0,"",(R63/J63)) -> 0.0060535337
B64: Ontario Clean Energy Benefit 1 | F64: 0 | G64: =-G63*F64 -> 0 | L64: =J64-G64 -> 0 | M64: =IF((G64)=0,"",(L64/G64)) | R64: =P64-J64 -> 0 | S64: =IF((J64)=0,"",(R64/J64))
B65: Total Bill on TOU (including OCEB) | G65: =G63+G64 -> 378.83121 | J65: =J63+J64 -> 393.30651 | L65: =J65-G65 -> 14.4753 | M65: =IF((G65)=0,"",(L65/G65)) -> 0.038210421 | P65: =P63+P64 -> 395.68741 | R65: =P65-J65 -> 2.3808942 | S65: =IF((J65)=0,"",(R65/J65)) -> 0.0060535337
B67: Total Bill on RPP (before Taxes) | G67: =SUM(G58:G59,G50,G51:G54) -> 111.56886 | J67: =SUM(J58:J59,J50,J51:J54) -> 124.37886 | L67: =J67-G67 -> 12.81 | M67: =IF((G67)=0,"",(L67/G67)) -> 0.11481698 | P67: =SUM(P58:P59,P50,P51:P54) -> 126.48585 | R67: =P67-J67 -> 2.106986 | S67: =IF((J67)=0,"",(R67/J67)) -> 0.016940065
B68: HST | F68: 0.13 | G68: =G67*F68 -> 14.503952 | I68: 0.13 | J68: =J67*I68 -> 16.169252 | L68: =J68-G68 -> 1.6653 | M68: =IF((G68)=0,"",(L68/G68)) -> 0.11481698 | O68: 0.13 | P68: =P67*O68 -> 16.44316 | R68: =P68-J68 -> 0.27390818 | S68: =IF((J68)=0,"",(R68/J68)) -> 0.016940065
B69: Total Bill (including HST) | G69: =G67+G68 -> 126.07281 | J69: =J67+J68 -> 140.54811 | L69: =J69-G69 -> 14.4753 | M69: =IF((G69)=0,"",(L69/G69)) -> 0.11481698 | P69: =P67+P68 -> 142.92901 | R69: =P69-J69 -> 2.3808942 | S69: =IF((J69)=0,"",(R69/J69)) -> 0.016940065
B70: Ontario Clean Energy Benefit 1 | F70: 0.1 | G70: =-G69*F70 -> -12.607281 | L70: =J70-G70 -> 12.607281 | M70: =IF((G70)=0,"",(L70/G70)) -> -1 | R70: =P70-J70 -> 0 | S70: =IF((J70)=0,"",(R70/J70))
B71: Total Bill on RPP (including OCEB) | G71: =SUM(G69:G70) -> 113.46553 | J71: =SUM(J69:J70) -> 140.54811 | L71: =J71-G71 -> 27.082581 | M71: =IF((G71)=0,"",(L71/G71)) -> 0.23868554 | P71: =SUM(P69:P70) -> 142.92901 | R71: =P71-J71 -> 2.3808942 | S71: =IF((J71)=0,"",(R71/J71)) -> 0.016940065
B74: Loss Factor (%) | F74: 0.0345 | I74: 0.0345 | O74: 0.0369
A76: 1 Applicable to eligible customers only. Refer to the Ontario Clean Energy Benefit Act, 2010.
A78: Note that the "Charge $" columns provide breakdowns of the amounts that each bill component contributes to the total monthly bill at the referenced
A79: consumption level at existing and proposed rates.
A81: Applicants must provide bill impacts for residential at 800 kWh and GS<50kW at 2000 kWh. In addition, their filing must cover the range that is relevant
A82: to their service territory, class by class. A general guideline of consumption levels follows:
A84: Residential (kWh) - 100, 250, 500, 800, 1000, 1500, 2000
A85: GS<50kW (kWh) - 1000, 2000, 5000, 10000, 15000
A86: GS>50kW (kW) - 60, 100, 500, 1000
A87: Large User - range appropriate for utility
A88: Lighting Classes and USL - 150 kWh and 1 kW, range appropriate for utility.
B90: Note that cells with the highlighted color shown to the left indicate quantities that are loss adjusted.

Sheet GS>50
O1: May 1 - Oct 31 | P1: 1 | R1: 2
O2: Nov 1 - Apr 30 | P2: 2
B10: Appendix 2-W
B11: Bill Impacts - GS > 50
B14: Customer Class: | D14: GS > 50
B16: TOU / non-TOU: | D16: TOU
D17: Consumption | F17: 80000
D18: Load | F18: 250
F20: 2015 Current Board-Approved | I20: =Residential!I20 -> 2016 | L20: =Residential!L20 -> Impact 2016 vs. 2015 | O20: =Residential!O20 -> 2017 TEST YEAR | R20: =Residential!R20 -> Impact 2017 TEST vs. 2016
D21: Charge Unit | E21: Volume | F21: Rate | G21: Charge | I21: Rate | J21: Charge | L21: $ Change | M21: % Change | O21: Rate | P21: Charge | R21: $ Change | S21: % Change
F22: ($) | G22: ($) | I22: ($) | J22: ($) | O22: ($) | P22: ($)
A23: =[3]Rates!$A$81 -> Fix_GSL | B23: Monthly Service Charge | D23: Monthly | E23: 1 | F23: =IF($A23<>"",VLOOKUP($A23,[3]Rates!$A$1:$R$65536,12,FALSE),0) -> 138.48 | G23: =E23*F23 -> 138.48 | I23: =IF($A23<>"",VLOOKUP($A23,[3]Rates!$A$1:$R$65536,14,FALSE),0) -> 138.48 | J23: =$E23*I23 -> 138.48 | L23: =J23-G23 -> 0 | M23: =IF((G23)=0,"",(L23/G23)) -> 0 | O23: =IF($A23<>"",VLOOKUP($A23,[3]Rates!$A$1:$R$65536,15,FALSE),0) -> 138.48 | P23: =$E23*O23 -> 138.48 | R23: =P23-J23 -> 0 | S23: =IF((J23)=0,"",(R23/J23)) -> 0
B24: Smart Meter Rate Adder | D24: Monthly | E24: 1 | F24: =IF($A24<>"",VLOOKUP($A24,[3]Rates!$A$1:$R$65536,12,FALSE),0) -> 0 | G24: =E24*F24 -> 0 | I24: =IF($A24<>"",VLOOKUP($A24,[3]Rates!$A$1:$R$65536,14,FALSE),0) -> 0 | J24: =$E24*I24 -> 0 | L24: =J24-G24 -> 0 | M24: =IF((G24)=0,"",(L24/G24)) | O24: =IF($A24<>"",VLOOKUP($A24,[3]Rates!$A$1:$R$65536,15,FALSE),0) -> 0 | P24: =$E24*O24 -> 0 | R24: =P24-J24 -> 0 | S24: =IF((J24)=0,"",(R24/J24))
A25: =[3]Rates!$A$83 -> PPE_GSL | B25: Recovery of CGAAP/CWIP Differential | D25: Monthly | E25: 1 | F25: =IF($A25<>"",VLOOKUP($A25,[3]Rates!$A$1:$R$65536,12,FALSE),0) -> 6.99 | G25: =E25*F25 -> 6.99 | I25: =IF($A25<>"",VLOOKUP($A25,[3]Rates!$A$1:$R$65536,14,FALSE),0) -> 6.99 | J25: =$E25*I25 -> 6.99 | L25: =J25-G25 -> 0 | M25: =IF((G25)=0,"",(L25/G25)) -> 0 | O25: =IF($A25<>"",VLOOKUP($A25,[3]Rates!$A$1:$R$65536,15,FALSE),0) -> 0 | P25: =$E25*O25 -> 0 | R25: =P25-J25 -> -6.99 | S25: =IF((J25)=0,"",(R25/J25)) -> -1
A26: =[3]Rates!$A$84 -> ICMF_GSL | B26: ICM Rate Rider (2014) | D26: Monthly | E26: 1 | F26: =IF($A26<>"",VLOOKUP($A26,[3]Rates!$A$1:$R$65536,12,FALSE),0) -> 0.72 | G26: =E26*F26 -> 0.72 | I26: =IF($A26<>"",VLOOKUP($A26,[3]Rates!$A$1:$R$65536,14,FALSE),0) -> 0 | J26: =$E26*I26 -> 0 | L26: =J26-G26 -> -0.72 | M26: =IF((G26)=0,"",(L26/G26)) -> -1 | O26: =IF($A26<>"",VLOOKUP($A26,[3]Rates!$A$1:$R$65536,15,FALSE),0) -> 0 | P26: =$E26*O26 -> 0 | R26: =P26-J26 -> 0 | S26: =IF((J26)=0,"",(R26/J26))
A27: FR_GSL | B27: Forgone Revenue Rate Rider - Fixed Component (2016) | D27: Monthly | E27: 1 | F27: =IF($A27<>"",VLOOKUP($A27,[3]Rates!$A$1:$R$65536,12,FALSE),0) -> 0 | G27: =E27*F27 -> 0 | I27: =IF($A27<>"",VLOOKUP($A27,[3]Rates!$A$1:$R$65536,14,FALSE),0) -> -2.13 | J27: =$E27*I27 -> -2.13 | L27: =J27-G27 -> -2.13 | M27: =IF((G27)=0,"",(L27/G27)) | O27: =IF($A27<>"",VLOOKUP($A27,[3]Rates!$A$1:$R$65536,15,FALSE),0) -> 0 | P27: =$E27*O27 -> 0 | R27: =P27-J27 -> 2.13 | S27: =IF((J27)=0,"",(R27/J27)) -> -1
E28: 1 | F28: =IF($A28<>"",VLOOKUP($A28,[3]Rates!$A$1:$R$65536,12,FALSE),0) -> 0 | G28: =E28*F28 -> 0 | I28: =IF($A28<>"",VLOOKUP($A28,[3]Rates!$A$1:$R$65536,14,FALSE),0) -> 0 | J28: =$E28*I28 -> 0 | L28: =J28-G28 -> 0 | M28: =IF((G28)=0,"",(L28/G28)) | O28: =IF($A28<>"",VLOOKUP($A28,[3]Rates!$A$1:$R$65536,15,FALSE),0) -> 0 | P28: =$E28*O28 -> 0 | R28: =P28-J28 -> 0 | S28: =IF((J28)=0,"",(R28/J28))
A29: =[3]Rates!$A$86 -> Var_GSL | B29: Distribution Volumetric Rate | D29: per kW | E29: =$F$18 -> 250 | F29: =IF($A29<>"",VLOOKUP($A29,[3]Rates!$A$1:$R$65536,12,FALSE),0) -> 3.3278 | G29: =E29*F29 -> 831.95 | I29: =IF($A29<>"",VLOOKUP($A29,[3]Rates!$A$1:$R$65536,14,FALSE),0) -> 3.7199 | J29: =$E29*I29 -> 929.975 | L29: =J29-G29 -> 98.025 | M29: =IF((G29)=0,"",(L29/G29)) -> 0.11782559 | O29: =IF($A29<>"",VLOOKUP($A29,[3]Rates!$A$1:$R$65536,15,FALSE),0) -> 4.3278 | P29: =$E29*O29 -> 1081.95 | R29: =P29-J29 -> 151.975 | S29: =IF((J29)=0,"",(R29/J29)) -> 0.16341837
B30: Smart Meter Disposition Rider | D30: per kW | E30: =$F$18 -> 250 | F30: =IF($A30<>"",VLOOKUP($A30,[3]Rates!$A$1:$R$65536,12,FALSE),0) -> 0 | G30: =E30*F30 -> 0 | I30: =IF($A30<>"",VLOOKUP($A30,[3]Rates!$A$1:$R$65536,14,FALSE),0) -> 0 | J30: =$E30*I30 -> 0 | L30: =J30-G30 -> 0 | M30: =IF((G30)=0,"",(L30/G30)) | O30: =IF($A30<>"",VLOOKUP($A30,[3]Rates!$A$1:$R$65536,15,FALSE),0) -> 0 | P30: =$E30*O30 -> 0 | R30: =P30-J30 -> 0 | S30: =IF((J30)=0,"",(R30/J30))
A31: FRV_GSL | B31: Forgone Revenue Rate Rider - Variable Component (2016) | D31: per kW | E31: =$F$18 -> 250 | F31: =IF($A31<>"",VLOOKUP($A31,[3]Rates!$A$1:$R$65536,12,FALSE),0) -> 0 | G31: =E31*F31 -> 0 | I31: =IF($A31<>"",VLOOKUP($A31,[3]Rates!$A$1:$R$65536,14,FALSE),0) -> 1.1617 | J31: =$E31*I31 -> 290.425 | L31: =J31-G31 -> 290.425 | M31: =IF((G31)=0,"",(L31/G31)) | O31: =IF($A31<>"",VLOOKUP($A31,[3]Rates!$A$1:$R$65536,15,FALSE),0) -> 0 | P31: =$E31*O31 -> 0 | R31: =P31-J31 -> -290.425 | S31: =IF((J31)=0,"",(R31/J31)) -> -1
A32: =[3]Rates!$A$92 -> ICMV_GSL | B32: ICM Rate Rider (2014) | D32: per kW | E32: =$F$18 -> 250 | F32: =IF($A32<>"",VLOOKUP($A32,[3]Rates!$A$1:$R$65536,12,FALSE),0) -> 0.0173 | G32: =E32*F32 -> 4.325 | I32: =IF($A32<>"",VLOOKUP($A32,[3]Rates!$A$1:$R$65536,14,FALSE),0) -> 0 | J32: =$E32*I32 -> 0 | L32: =J32-G32 -> -4.325 | M32: =IF((G32)=0,"",(L32/G32)) -> -1 | O32: =IF($A32<>"",VLOOKUP($A32,[3]Rates!$A$1:$R$65536,15,FALSE),0) -> 0 | P32: =$E32*O32 -> 0 | R32: =P32-J32 -> 0 | S32: =IF((J32)=0,"",(R32/J32))
A33: =[3]Rates!$A102 -> 2RAL16_GSL | B33: =[3]Rates!$B$102 -> Disposition of Deferral/Variance Accounts - Group 2 Accounts (2016) | D33: per kW | E33: =$F$18 -> 250 | F33: =IF($A33<>"",VLOOKUP($A33,[3]Rates!$A$1:$R$65536,12,FALSE),0) -> 0 | G33: =E33*F33 -> 0 | I33: =IF($A33<>"",VLOOKUP($A33,[3]Rates!$A$1:$R$65536,14,FALSE),0) -> 0.1273 | J33: =$E33*I33 -> 31.825 | L33: =J33-G33 -> 31.825 | M33: =IF((G33)=0,"",(L33/G33)) | O33: =IF($A33<>"",VLOOKUP($A33,[3]Rates!$A$1:$R$65536,15,FALSE),0) -> 0.1273 | P33: =$E33*O33 -> 31.825 | R33: =P33-J33 -> 0 | S33: =IF((J33)=0,"",(R33/J33)) -> 0
A34: =[3]Rates!$A103 -> LRVA16_GSL | B34: =[3]Rates!$B103 -> Lost Revenue Adjustment Mechanism Variance Account (LRAMVA) (2016) | D34: per kW | E34: =$F$18 -> 250 | F34: =IF($A34<>"",VLOOKUP($A34,[3]Rates!$A$1:$R$65536,12,FALSE),0) -> 0 | G34: =E34*F34 -> 0 | I34: =IF($A34<>"",VLOOKUP($A34,[3]Rates!$A$1:$R$65536,14,FALSE),0) -> -0.0196 | J34: =$E34*I34 -> -4.9 | L34: =J34-G34 -> -4.9 | M34: =IF((G34)=0,"",(L34/G34)) | O34: =IF($A34<>"",VLOOKUP($A34,[3]Rates!$A$1:$R$65536,15,FALSE),0) -> -0.0196 | P34: =$E34*O34 -> -4.9 | R34: =P34-J34 -> 0 | S34: =IF((J34)=0,"",(R34/J34)) -> 0
A35: =[3]Rates!$A104 -> PPE16_GSL | B35: =[3]Rates!$B104 -> Account 1575 (2016) | D35: per kW | E35: =$F$18 -> 250 | F35: =IF($A35<>"",VLOOKUP($A35,[3]Rates!$A$1:$R$65536,12,FALSE),0) -> 0 | G35: =E35*F35 -> 0 | I35: =IF($A35<>"",VLOOKUP($A35,[3]Rates!$A$1:$R$65536,14,FALSE),0) -> -0.1105 | J35: =$E35*I35 -> -27.625 | L35: =J35-G35 -> -27.625 | M35: =IF((G35)=0,"",(L35/G35)) | O35: =IF($A35<>"",VLOOKUP($A35,[3]Rates!$A$1:$R$65536,15,FALSE),0) -> -0.1105 | P35: =$E35*O35 -> -27.625 | R35: =P35-J35 -> 0 | S35: =IF((J35)=0,"",(R35/J35)) -> 0
A36: =[3]Rates!$A105 -> SG16_GSL | B36: =[3]Rates!$B105 -> Smart Grid True-up (2016) | D36: Monthly | E36: 1 | F36: =IF($A36<>"",VLOOKUP($A36,[3]Rates!$A$1:$R$65536,12,FALSE),0) -> 0 | G36: =E36*F36 -> 0 | I36: =IF($A36<>"",VLOOKUP($A36,[3]Rates!$A$1:$R$65536,14,FALSE),0) -> -4.81 | J36: =$E36*I36 -> -4.81 | L36: =J36-G36 -> -4.81 | M36: =IF((G36)=0,"",(L36/G36)) | O36: =IF($A36<>"",VLOOKUP($A36,[3]Rates!$A$1:$R$65536,15,FALSE),0) -> -4.81 | P36: =$E36*O36 -> -4.81 | R36: =P36-J36 -> 0 | S36: =IF((J36)=0,"",(R36/J36)) -> 0
A37: =[3]Rates!$A$98 -> LRVA_GSL | D37: per kW | E37: =E29 -> 250 | G37: =E37*F37 -> 0 | I37: =IF($A37<>"",VLOOKUP($A37,[3]Rates!$A$1:$R$65536,14,FALSE),0) -> 0 | J37: =$E37*I37 -> 0 | L37: =J37-G37 -> 0 | M37: =IF((G37)=0,"",(L37/G37)) | O37: =IF($A37<>"",VLOOKUP($A37,[3]Rates!$A$1:$R$65536,15,FALSE),0) -> 0 | P37: =$E37*O37 -> 0 | R37: =P37-J37 -> 0 | S37: =IF((J37)=0,"",(R37/J37))
F38: =IF($A38<>"",VLOOKUP($A38,[3]Rates!$A$1:$R$65536,12,FALSE),0) -> 0 | G38: =E38*F38 -> 0 | I38: =IF($A38<>"",VLOOKUP($A38,[3]Rates!$A$1:$R$65536,14,FALSE),0) -> 0 | J38: =$E38*I38 -> 0 | L38: =J38-G38 -> 0 | M38: =IF((G38)=0,"",(L38/G38)) | O38: =IF($A38<>"",VLOOKUP($A38,[3]Rates!$A$1:$R$65536,15,FALSE),0) -> 0 | P38: =$E38*O38 -> 0 | R38: =P38-J38 -> 0 | S38: =IF((J38)=0,"",(R38/J38))
B39: Sub-Total A (excluding pass through) | G39: =SUM(G23:G38) -> 982.465 | J39: =SUM(J23:J38) -> 1358.23 | L39: =J39-G39 -> 375.765 | M39: =IF((G39)=0,"",(L39/G39)) -> 0.38247164 | P39: =SUM(P23:P38) -> 1214.92 | R39: =P39-J39 -> -143.31 | S39: =IF((J39)=0,"",(R39/J39)) -> -0.10551232
A40: =[3]Rates!$A$90 -> RAL14_GSL | D40: per kW | E40: =$F$18 -> 250 | G40: =E40*F40 -> 0 | I40: =IF($A40<>"",VLOOKUP($A40,[3]Rates!$A$1:$R$65536,14,FALSE),0) -> 0 | J40: =$E40*I40 -> 0 | L40: =J40-G40 -> 0 | M40: =IF((G40)=0,"",(L40/G40)) | O40: =IF($A40<>"",VLOOKUP($A40,[3]Rates!$A$1:$R$65536,15,FALSE),0) -> 0 | P40: =$E40*O40 -> 0 | R40: =P40-J40 -> 0 | S40: =IF((J40)=0,"",(R40/J40))
A41: =[3]Rates!$A99 -> RAL16_GSL | B41: =[3]Rates!$B99 -> Disposition of Deferral/Variance Accounts (2016) | D41: per kW | E41: =$F$18 -> 250 | F41: =IF($A41<>"",VLOOKUP($A41,[3]Rates!$A$1:$R$65536,12,FALSE),0) -> 0 | G41: =E41*F41 -> 0 | I41: =IF($A41<>"",VLOOKUP($A41,[3]Rates!$A$1:$R$65536,14,FALSE),0) -> 0.2338 | J41: =$E41*I41 -> 58.45 | L41: =J41-G41 -> 58.45 | M41: =IF((G41)=0,"",(L41/G41)) | O41: =IF($A41<>"",VLOOKUP($A41,[3]Rates!$A$1:$R$65536,15,FALSE),0) -> 0.2338 | P41: =$E41*O41 -> 58.45 | R41: =P41-J41 -> 0 | S41: =IF((J41)=0,"",(R41/J41)) -> 0
A42: =[3]Rates!$A100 -> RALP16_GSL | B42: =[3]Rates!$B100 -> Disposition of Deferral/Variance Accounts - Power (2016) | D42: per kW | E42: =$F$18 -> 250 | F42: =IF($A42<>"",VLOOKUP($A42,[3]Rates!$A$1:$R$65536,12,FALSE),0) -> 0 | G42: =E42*F42 -> 0 | I42: =IF($A42<>"",VLOOKUP($A42,[3]Rates!$A$1:$R$65536,14,FALSE),0) -> -0.2449 | J42: =$E42*I42 -> -61.225 | L42: =J42-G42 -> -61.225 | M42: =IF((G42)=0,"",(L42/G42)) | O42: =IF($A42<>"",VLOOKUP($A42,[3]Rates!$A$1:$R$65536,15,FALSE),0) -> -0.2449 | P42: =$E42*O42 -> -61.225 | R42: =P42-J42 -> 0 | S42: =IF((J42)=0,"",(R42/J42)) -> 0
A43: =[3]Rates!$A101 -> GA16_GSL | B43: =[3]Rates!$B101 -> Disposition of Deferral/Variance Accounts - Power - Global Adjustment (2016) | D43: per kW | E43: =$F$18 -> 250 | F43: =IF($A43<>"",VLOOKUP($A43,[3]Rates!$A$1:$R$65536,12,FALSE),0) -> 0 | G43: =E43*F43 -> 0 | I43: =IF($A43<>"",VLOOKUP($A43,[3]Rates!$A$1:$R$65536,14,FALSE),0) -> 0.8637 | J43: =$E43*I43 -> 215.925 | L43: =J43-G43 -> 215.925 | M43: =IF((G43)=0,"",(L43/G43)) | O43: =IF($A43<>"",VLOOKUP($A43,[3]Rates!$A$1:$R$65536,15,FALSE),0) -> 0.8637 | P43: =$E43*O43 -> 215.925 | R43: =P43-J43 -> 0 | S43: =IF((J43)=0,"",(R43/J43)) -> 0
A44: =[3]Rates!$A$91 -> GA14_GSL | B44: =[3]Rates!$B$91 -> Disposition of Global Adjustment Sub-Account (2014) | D44: per kW | E44: =F18 -> 250 | F44: =IF($A44<>"",VLOOKUP($A44,[3]Rates!$A$1:$R$65536,12,FALSE),0) -> -0.072 | G44: =E44*F44 -> -18 | I44: =IF($A44<>"",VLOOKUP($A44,[3]Rates!$A$1:$R$65536,14,FALSE),0) -> 0 | J44: =$E44*I44 -> 0 | L44: =J44-G44 -> 18 | O44: =IF($A44<>"",VLOOKUP($A44,[3]Rates!$A$1:$R$65536,15,FALSE),0) -> 0 | P44: =$E44*O44 -> 0 | R44: =P44-J44 -> 0 | S44: =IF((J44)=0,"",(R44/J44))
F45: =IF($A45<>"",VLOOKUP($A45,[3]Rates!$A$1:$R$65536,12,FALSE),0) -> 0 | I45: =IF($A45<>"",VLOOKUP($A45,[3]Rates!$A$1:$R$65536,14,FALSE),0) -> 0 | O45: =IF($A45<>"",VLOOKUP($A45,[3]Rates!$A$1:$R$65536,15,FALSE),0) -> 0 | P45: =$E45*O45 -> 0 | R45: =P45-J45 -> 0 | S45: =IF((J45)=0,"",(R45/J45))
F46: =IF($A46<>"",VLOOKUP($A46,[3]Rates!$A$1:$R$65536,12,FALSE),0) -> 0 | I46: =IF($A46<>"",VLOOKUP($A46,[3]Rates!$A$1:$R$65536,14,FALSE),0) -> 0 | O46: =IF($A46<>"",VLOOKUP($A46,[3]Rates!$A$1:$R$65536,15,FALSE),0) -> 0
A47: =[3]Rates!$A$87 -> LV_GSL | B47: Low Voltage Service Charge | D47: per kW | E47: =$F$18 -> 250 | F47: =IF($A47<>"",VLOOKUP($A47,[3]Rates!$A$1:$R$65536,12,FALSE),0) -> 0.1189 | G47: =E47*F47 -> 29.725 | I47: =IF($A47<>"",VLOOKUP($A47,[3]Rates!$A$1:$R$65536,14,FALSE),0) -> 0.1189 | J47: =$E47*I47 -> 29.725 | L47: =J47-G47 -> 0 | M47: =IF((G47)=0,"",(L47/G47)) -> 0 | O47: =IF($A47<>"",VLOOKUP($A47,[3]Rates!$A$1:$R$65536,15,FALSE),0) -> 0.1589 | P47: =$E47*O47 -> 39.725 | R47: =P47-J47 -> 10 | S47: =IF((J47)=0,"",(R47/J47)) -> 0.33641716
B48: Line Losses on Cost of Power | E48: =$F$17*(1+$F$77)-$F$17 -> 2760 | G48: =E48*F48 -> 0 | H48: =$F$17*(1+$O$77)-$F$17 -> 2952 | J48: =$H48*I48 -> 0 | L48: =J48-G48 -> 0 | M48: =IF((G48)=0,"",(L48/G48)) | P48: =$H48*O48 -> 0 | R48: =P48-J48 -> 0 | S48: =IF((J48)=0,"",(R48/J48))
G49: =E49*F49 -> 0 | L49: =J49-G49 -> 0 | P49: =$E49*O49 -> 0 | R49: =P49-J49 -> 0 | S49: =IF((J49)=0,"",(R49/J49))
B50: Sub-Total B - Distribution (includes Sub-Total A) | G50: =SUM(G40:G49)+G39 -> 994.19 | J50: =SUM(J40:J49)+J39 -> 1601.105 | L50: =J50-G50 -> 606.915 | M50: =IF((G50)=0,"",(L50/G50)) -> 0.61046178 | P50: =SUM(P40:P49)+P39 -> 1467.795 | R50: =P50-J50 -> -133.31 | S50: =IF((J50)=0,"",(R50/J50)) -> -0.083261248
A51: =[3]Rates!$A$108 -> TN_GSL | B51: RTSR - Network | D51: per kW | E51: =F18 -> 250 | F51: =IF($A51<>"",VLOOKUP($A51,[3]Rates!$A$1:$R$65536,12,FALSE),0) -> 2.9192 | G51: =E51*F51 -> 729.8 | H51: 250 | I51: =IF($A51<>"",VLOOKUP($A51,[3]Rates!$A$1:$R$65536,14,FALSE),0) -> 2.9192 | J51: =$E51*I51 -> 729.8 | L51: =J51-G51 -> 0 | M51: =IF((G51)=0,"",(L51/G51)) -> 0 | O51: =IF($A51<>"",VLOOKUP($A51,[3]Rates!$A$1:$R$65536,15,FALSE),0) -> 2.9268 | P51: =$E51*O51 -> 731.7 | R51: =P51-J51 -> 1.9 | S51: =IF((J51)=0,"",(R51/J51)) -> 0.002603453
A52: =[3]Rates!$A$109 -> TC_GSL | B52: RTSR - Line and Transformation Connection | D52: per kW | E52: =E51 -> 250 | F52: =IF($A52<>"",VLOOKUP($A52,[3]Rates!$A$1:$R$65536,12,FALSE),0) -> 1.1726 | G52: =E52*F52 -> 293.15 | H52: 250 | I52: =IF($A52<>"",VLOOKUP($A52,[3]Rates!$A$1:$R$65536,14,FALSE),0) -> 1.1726 | J52: =$E52*I52 -> 293.15 | L52: =J52-G52 -> 0 | M52: =IF((G52)=0,"",(L52/G52)) -> 0 | O52: =IF($A52<>"",VLOOKUP($A52,[3]Rates!$A$1:$R$65536,15,FALSE),0) -> 1.2618 | P52: =$E52*O52 -> 315.45 | R52: =P52-J52 -> 22.3 | S52: =IF((J52)=0,"",(R52/J52)) -> 0.076070271
B53: Sub-Total C - Delivery (including Sub-Total B) | G53: =SUM(G50:G52) -> 2017.14 | J53: =SUM(J50:J52) -> 2624.055 | L53: =J53-G53 -> 606.915 | M53: =IF((G53)=0,"",(L53/G53)) -> 0.30087897 | P53: =SUM(P50:P52) -> 2514.945 | R53: =P53-J53 -> -109.11 | S53: =IF((J53)=0,"",(R53/J53)) -> -0.041580683
B54: Wholesale Market Service Charge (WMSC) | D54: per kWh | E54: =F17+E48 -> 82760 | F54: 0.0036 | G54: =E54*F54 -> 297.936 | H54: =F$17*(1+O$77) -> 82952 | I54: 0.0036 | J54: =$E54*I54 -> 297.936 | L54: =J54-G54 -> 0 | M54: =IF((G54)=0,"",(L54/G54)) -> 0 | O54: 0.0036 | P54: =$H54*O54 -> 298.6272 | R54: =P54-J54 -> 0.6912 | S54: =IF((J54)=0,"",(R54/J54)) -> 0.0023199613
B55: Rural and Remote Rate Protection (RRRP) | D55: per kWh | E55: =E54 -> 82760 | F55: 0.0013 | G55: =E55*F55 -> 107.588 | H55: =F$17*(1+O$77) -> 82952 | I55: 0.0013 | J55: =$E55*I55 -> 107.588 | L55: =J55-G55 -> 0 | M55: =IF((G55)=0,"",(L55/G55)) -> 0 | O55: 0.0013 | P55: =$H55*O55 -> 107.8376 | R55: =P55-J55 -> 0.2496 | S55: =IF((J55)=0,"",(R55/J55)) -> 0.0023199613
B56: Standard Supply Service Charge | D56: Monthly | E56: 1 | F56: 0.25 | G56: =E56*F56 -> 0.25 | I56: 0.25 | J56: =$E56*I56 -> 0.25 | L56: =J56-G56 -> 0 | M56: =IF((G56)=0,"",(L56/G56)) -> 0 | O56: 0.25 | P56: =$E56*O56 -> 0.25 | R56: =P56-J56 -> 0 | S56: =IF((J56)=0,"",(R56/J56)) -> 0
B57: Debt Retirement Charge (DRC) | D57: per kWh | E57: =F17 -> 80000 | F57: 0.007 | G57: =E57*F57 -> 560 | I57: 0.007 | J57: =$E57*I57 -> 560 | L57: =J57-G57 -> 0 | M57: =IF((G57)=0,"",(L57/G57)) -> 0 | O57: 0.007 | P57: =$E57*O57 -> 560 | R57: =P57-J57 -> 0 | S57: =IF((J57)=0,"",(R57/J57)) -> 0
B58: TOU - Off Peak | D58: per kWh | E58: =0.64*$F$17+E48*0.64 -> 52966.4 | F58: =Residential!F55 -> 0.087 | G58: =E58*F58 -> 4608.0768 | H58: =0.64*$F$17+H48*0.64 -> 53089.28 | I58: =F58 -> 0.087 | J58: =$E58*I58 -> 4608.0768 | L58: =J58-G58 -> 0 | M58: =IF((G58)=0,"",(L58/G58)) -> 0 | O58: =I58 -> 0.087 | P58: =$H58*O58 -> 4618.7674 | R58: =P58-J58 -> 10.69056 | S58: =IF((J58)=0,"",(R58/J58)) -> 0.0023199613
B59: TOU - Mid Peak | D59: per kWh | E59: =0.18*$F$17+E48*0.18 -> 14896.8 | F59: =Residential!F56 -> 0.132 | G59: =E59*F59 -> 1966.3776 | H59: =0.18*$F$17+H48*0.18 -> 14931.36 | I59: =F59 -> 0.132 | J59: =$E59*I59 -> 1966.3776 | L59: =J59-G59 -> 0 | M59: =IF((G59)=0,"",(L59/G59)) -> 0 | O59: =I59 -> 0.132 | P59: =$H59*O59 -> 1970.9395 | R59: =P59-J59 -> 4.56192 | S59: =IF((J59)=0,"",(R59/J59)) -> 0.0023199613
B60: TOU - On Peak | D60: per kWh | E60: =0.18*$F$17+E48*0.18 -> 14896.8 | F60: =Residential!F57 -> 0.18 | G60: =E60*F60 -> 2681.424 | H60: =0.18*$F$17+H48*0.18 -> 14931.36 | I60: =F60 -> 0.18 | J60: =$E60*I60 -> 2681.424 | L60: =J60-G60 -> 0 | M60: =IF((G60)=0,"",(L60/G60)) -> 0 | O60: =I60 -> 0.18 | P60: =$H60*O60 -> 2687.6448 | R60: =P60-J60 -> 6.2208 | S60: =IF((J60)=0,"",(R60/J60)) -> 0.0023199613
B61: OESP Charge | D61: per kWh | E61: =F17 -> 80000 | F61: 0.0011 | G61: =E61*F61 -> 88 | I61: 0.0011 | J61: =$E61*I61 -> 88 | L61: =J61-G61 -> 0 | M61: =IF((G61)=0,"",(L61/G61)) -> 0 | O61: =I61 -> 0.0011 | P61: =$E61*O61 -> 88 | R61: =P61-J61 -> 0 | S61: =IF((J61)=0,"",(R61/J61)) -> 0
G62: =E62*F62 -> 0 | I62: =F62 -> 0 | J62: =$E62*I62 -> 0 | L62: =J62-G62 -> 0 | M62: =IF((G62)=0,"",(L62/G62)) | O62: =I62 -> 0 | P62: =$E62*O62 -> 0 | R62: =P62-J62 -> 0 | S62: =IF((J62)=0,"",(R62/J62))
B64: Total Bill on TOU (before Taxes) | G64: =SUM(G54:G61,G53) -> 12326.792 | J64: =SUM(J54:J61,J53) -> 12933.707 | L64: =J64-G64 -> 606.915 | M64: =IF((G64)=0,"",(L64/G64)) -> 0.049235436 | P64: =SUM(P54:P61,P53) -> 12847.011 | R64: =P64-J64 -> -86.69592 | S64: =IF((J64)=0,"",(R64/J64)) -> -0.0067030989
B65: HST | F65: 0.13 | G65: =G64*F65 -> 1602.483 | I65: 0.13 | J65: =J64*I65 -> 1681.382 | L65: =J65-G65 -> 78.89895 | M65: =IF((G65)=0,"",(L65/G65)) -> 0.049235436 | O65: 0.13 | P65: =P64*O65 -> 1670.1115 | R65: =P65-J65 -> -11.27047 | S65: =IF((J65)=0,"",(R65/J65)) -> -0.0067030989
B66: Total Bill (including HST) | G66: =G64+G65 -> 13929.275 | J66: =J64+J65 -> 14615.089 | L66: =J66-G66 -> 685.81395 | M66: =IF((G66)=0,"",(L66/G66)) -> 0.049235436 | P66: =P64+P65 -> 14517.123 | R66: =P66-J66 -> -97.96639 | S66: =IF((J66)=0,"",(R66/J66)) -> -0.0067030989
B67: Ontario Clean Energy Benefit 1 | L67: =J67-G67 -> 0 | M67: =IF((G67)=0,"",(L67/G67)) | R67: =P67-J67 -> 0 | S67: =IF((J67)=0,"",(R67/J67))
B68: Total Bill on TOU (including OCEB) | G68: =G66+G67 -> 13929.275 | J68: =J66+J67 -> 14615.089 | L68: =J68-G68 -> 685.81395 | M68: =IF((G68)=0,"",(L68/G68)) -> 0.049235436 | P68: =P66+P67 -> 14517.123 | R68: =P68-J68 -> -97.96639 | S68: =IF((J68)=0,"",(R68/J68)) -> -0.0067030989
B70: Total Bill on RPP (before Taxes) | G70: =SUM(G61:G62,G53,G54:G57) -> 3070.914 | J70: =SUM(J61:J62,J53,J54:J57) -> 3677.829 | L70: =J70-G70 -> 606.915 | M70: =IF((G70)=0,"",(L70/G70)) -> 0.19763334 | P70: =SUM(P61:P62,P53,P54:P57) -> 3569.6598 | R70: =P70-J70 -> -108.1692 | S70: =IF((J70)=0,"",(R70/J70)) -> -0.029411155
B71: HST | F71: 0.13 | G71: =G70*F71 -> 399.21882 | I71: 0.13 | J71: =J70*I71 -> 478.11777 | L71: =J71-G71 -> 78.89895 | M71: =IF((G71)=0,"",(L71/G71)) -> 0.19763334 | O71: 0.13 | P71: =P70*O71 -> 464.05577 | R71: =P71-J71 -> -14.061996 | S71: =IF((J71)=0,"",(R71/J71)) -> -0.029411155
B72: Total Bill (including HST) | G72: =G70+G71 -> 3470.1328 | J72: =J70+J71 -> 4155.9468 | L72: =J72-G72 -> 685.81395 | M72: =IF((G72)=0,"",(L72/G72)) -> 0.19763334 | P72: =P70+P71 -> 4033.7156 | R72: =P72-J72 -> -122.2312 | S72: =IF((J72)=0,"",(R72/J72)) -> -0.029411155
B73: Ontario Clean Energy Benefit 1 | L73: =J73-G73 -> 0 | M73: =IF((G73)=0,"",(L73/G73)) | R73: =P73-J73 -> 0 | S73: =IF((J73)=0,"",(R73/J73))
B74: Total Bill on RPP (including OCEB) | G74: =SUM(G72:G73) -> 3470.1328 | J74: =SUM(J72:J73) -> 4155.9468 | L74: =J74-G74 -> 685.81395 | M74: =IF((G74)=0,"",(L74/G74)) -> 0.19763334 | P74: =SUM(P72:P73) -> 4033.7156 | R74: =P74-J74 -> -122.2312 | S74: =IF((J74)=0,"",(R74/J74)) -> -0.029411155
B77: Loss Factor (%) | F77: 0.0345 | I77: 0.0345 | O77: 0.0369
A79: 1 Applicable to eligible customers only. Refer to the Ontario Clean Energy Benefit Act, 2010.
A81: Note that the "Charge $" columns provide breakdowns of the amounts that each bill component contributes to the total monthly bill at the referenced
A82: consumption level at existing and proposed rates.
A84: Applicants must provide bill impacts for residential at 800 kWh and GS<50kW at 2000 kWh. In addition, their filing must cover the range that is relevant
A85: to their service territory, class by class. A general guideline of consumption levels follows:
A87: Residential (kWh) - 100, 250, 500, 800, 1000, 1500, 2000
A88: GS<50kW (kWh) - 1000, 2000, 5000, 10000, 15000
A89: GS>50kW (kW) - 60, 100, 500, 1000
A90: Large User - range appropriate for utility
A91: Lighting Classes and USL - 150 kWh and 1 kW, range appropriate for utility.
B93: Note that cells with the highlighted color shown to the left indicate quantities that are loss adjusted.

Sheet LU
O1: May 1 - Oct 31 | P1: 1 | R1: 2
O2: Nov 1 - Apr 30 | P2: 2
B10: Appendix 2-W
B11: Bill Impacts - Large User
B14: Customer Class: | D14: Large User
B16: TOU / non-TOU: | D16: TOU
D17: Consumption | F17: 2800000
D18: Load | F18: 7350
F20: 2015 Current Board-Approved | I20: =Residential!I20 -> 2016 | L20: =Residential!L20 -> Impact 2016 vs. 2015 | O20: =Residential!O20 -> 2017 TEST YEAR | R20: =Residential!R20 -> Impact 2017 TEST vs. 2016
D21: Charge Unit | E21: Volume | F21: Rate | G21: Charge | I21: Rate | J21: Charge | L21: $ Change | M21: % Change | O21: Rate | P21: Charge | R21: $ Change | S21: % Change
F22: ($) | G22: ($) | I22: ($) | J22: ($) | O22: ($) | P22: ($)
A23: =[3]Rates!$A$113 -> Fix_LU | B23: Monthly Service Charge | D23: Monthly | E23: 1 | F23: =IF($A23<>"",VLOOKUP($A23,[3]Rates!$A$1:$R$65536,12,FALSE),0) -> 5966.29 | G23: =E23*F23 -> 5966.29 | I23: =IF($A23<>"",VLOOKUP($A23,[3]Rates!$A$1:$R$65536,14,FALSE),0) -> 5758.58 | J23: =$E23*I23 -> 5758.58 | L23: =J23-G23 -> -207.71 | M23: =IF((G23)=0,"",(L23/G23)) -> -0.03481393 | O23: =IF($A23<>"",VLOOKUP($A23,[3]Rates!$A$1:$R$65536,15,FALSE),0) -> 5369.68 | P23: =$E23*O23 -> 5369.68 | R23: =P23-J23 -> -388.9 | S23: =IF((J23)=0,"",(R23/J23)) -> -0.06753401
B24: Smart Meter Rate Adder | D24: Monthly | E24: 1 | F24: =IF($A24<>"",VLOOKUP($A24,[3]Rates!$A$1:$R$65536,12,FALSE),0) -> 0 | G24: =E24*F24 -> 0 | I24: =IF($A24<>"",VLOOKUP($A24,[3]Rates!$A$1:$R$65536,14,FALSE),0) -> 0 | J24: =$E24*I24 -> 0 | L24: =J24-G24 -> 0 | M24: =IF((G24)=0,"",(L24/G24)) | O24: =IF($A24<>"",VLOOKUP($A24,[3]Rates!$A$1:$R$65536,15,FALSE),0) -> 0 | P24: =$E24*O24 -> 0 | R24: =P24-J24 -> 0 | S24: =IF((J24)=0,"",(R24/J24))
A25: =[3]Rates!$A$115 -> PPE_LU | B25: Recovery of CGAAP/CWIP Differential | D25: Monthly | E25: 1 | F25: =IF($A25<>"",VLOOKUP($A25,[3]Rates!$A$1:$R$65536,12,FALSE),0) -> 104.59 | G25: =E25*F25 -> 104.59 | I25: =IF($A25<>"",VLOOKUP($A25,[3]Rates!$A$1:$R$65536,14,FALSE),0) -> 104.59 | J25: =$E25*I25 -> 104.59 | L25: =J25-G25 -> 0 | M25: =IF((G25)=0,"",(L25/G25)) -> 0 | O25: =IF($A25<>"",VLOOKUP($A25,[3]Rates!$A$1:$R$65536,15,FALSE),0) -> 0 | P25: =$E25*O25 -> 0 | R25: =P25-J25 -> -104.59 | S25: =IF((J25)=0,"",(R25/J25)) -> -1
A26: =[3]Rates!$A$116 -> ICMF_LU | B26: ICM Rate Rider (2014) | D26: Monthly | E26: 1 | F26: =IF($A26<>"",VLOOKUP($A26,[3]Rates!$A$1:$R$65536,12,FALSE),0) -> 30.93 | G26: =E26*F26 -> 30.93 | I26: =IF($A26<>"",VLOOKUP($A26,[3]Rates!$A$1:$R$65536,14,FALSE),0) -> 0 | J26: =$E26*I26 -> 0 | L26: =J26-G26 -> -30.93 | M26: =IF((G26)=0,"",(L26/G26)) -> -1 | O26: =IF($A26<>"",VLOOKUP($A26,[3]Rates!$A$1:$R$65536,15,FALSE),0) -> 0 | P26: =$E26*O26 -> 0 | R26: =P26-J26 -> 0 | S26: =IF((J26)=0,"",(R26/J26))
A27: FR_LU | B27: Forgone Revenue Rate Rider - Fixed Component (2016) | D27: Monthly | E27: 1 | F27: =IF($A27<>"",VLOOKUP($A27,[3]Rates!$A$1:$R$65536,12,FALSE),0) -> 0 | G27: =E27*F27 -> 0 | I27: =IF($A27<>"",VLOOKUP($A27,[3]Rates!$A$1:$R$65536,14,FALSE),0) -> -715.92 | J27: =$E27*I27 -> -715.92 | L27: =J27-G27 -> -715.92 | M27: =IF((G27)=0,"",(L27/G27)) | O27: =IF($A27<>"",VLOOKUP($A27,[3]Rates!$A$1:$R$65536,15,FALSE),0) -> 0 | P27: =$E27*O27 -> 0 | R27: =P27-J27 -> 715.92 | S27: =IF((J27)=0,"",(R27/J27)) -> -1
E28: 1 | F28: =IF($A28<>"",VLOOKUP($A28,[3]Rates!$A$1:$R$65536,12,FALSE),0) -> 0 | G28: =E28*F28 -> 0 | I28: =IF($A28<>"",VLOOKUP($A28,[3]Rates!$A$1:$R$65536,14,FALSE),0) -> 0 | J28: =$E28*I28 -> 0 | L28: =J28-G28 -> 0 | M28: =IF((G28)=0,"",(L28/G28)) | O28: =IF($A28<>"",VLOOKUP($A28,[3]Rates!$A$1:$R$65536,15,FALSE),0) -> 0 | P28: =$E28*O28 -> 0 | R28: =P28-J28 -> 0 | S28: =IF((J28)=0,"",(R28/J28))
A29: =[3]Rates!$A$118 -> Var_LU | B29: Distribution Volumetric Rate | D29: per kW | E29: =$F$18 -> 7350 | F29: =IF($A29<>"",VLOOKUP($A29,[3]Rates!$A$1:$R$65536,12,FALSE),0) -> 1.4159 | G29: =E29*F29 -> 10406.865 | I29: =IF($A29<>"",VLOOKUP($A29,[3]Rates!$A$1:$R$65536,14,FALSE),0) -> 1.9666 | J29: =$E29*I29 -> 14454.51 | L29: =J29-G29 -> 4047.645 | M29: =IF((G29)=0,"",(L29/G29)) -> 0.3889399 | O29: =IF($A29<>"",VLOOKUP($A29,[3]Rates!$A$1:$R$65536,15,FALSE),0) -> 2.4338 | P29: =$E29*O29 -> 17888.43 | R29: =P29-J29 -> 3433.92 | S29: =IF((J29)=0,"",(R29/J29)) -> 0.23756738
B30: Smart Meter Disposition Rider | D30: per kW | E30: =$F$18 -> 7350 | F30: =IF($A30<>"",VLOOKUP($A30,[3]Rates!$A$1:$R$65536,12,FALSE),0) -> 0 | G30: =E30*F30 -> 0 | I30: =IF($A30<>"",VLOOKUP($A30,[3]Rates!$A$1:$R$65536,14,FALSE),0) -> 0 | J30: =$E30*I30 -> 0 | L30: =J30-G30 -> 0 | M30: =IF((G30)=0,"",(L30/G30)) | O30: =IF($A30<>"",VLOOKUP($A30,[3]Rates!$A$1:$R$65536,15,FALSE),0) -> 0 | P30: =$E30*O30 -> 0 | R30: =P30-J30 -> 0 | S30: =IF((J30)=0,"",(R30/J30))
A31: FRV_LU | B31: Forgone Revenue Rate Rider - Variable Component (2016) | D31: per kW | E31: =$F$18 -> 7350 | F31: =IF($A31<>"",VLOOKUP($A31,[3]Rates!$A$1:$R$65536,12,FALSE),0) -> 0 | G31: =E31*F31 -> 0 | I31: =IF($A31<>"",VLOOKUP($A31,[3]Rates!$A$1:$R$65536,14,FALSE),0) -> 1.6171 | J31: =$E31*I31 -> 11885.685 | L31: =J31-G31 -> 11885.685 | M31: =IF((G31)=0,"",(L31/G31)) | O31: =IF($A31<>"",VLOOKUP($A31,[3]Rates!$A$1:$R$65536,15,FALSE),0) -> 0 | P31: =$E31*O31 -> 0 | R31: =P31-J31 -> -11885.685 | S31: =IF((J31)=0,"",(R31/J31)) -> -1
A32: =[3]Rates!$A$123 -> ICMV_LU | B32: ICM Rate Rider (2014) | D32: per kW | E32: =$F$18 -> 7350 | F32: =IF($A32<>"",VLOOKUP($A32,[3]Rates!$A$1:$R$65536,12,FALSE),0) -> 0.0073 | G32: =E32*F32 -> 53.655 | I32: =IF($A32<>"",VLOOKUP($A32,[3]Rates!$A$1:$R$65536,14,FALSE),0) -> 0 | J32: =$E32*I32 -> 0 | L32: =J32-G32 -> -53.655 | M32: =IF((G32)=0,"",(L32/G32)) -> -1 | O32: =IF($A32<>"",VLOOKUP($A32,[3]Rates!$A$1:$R$65536,15,FALSE),0) -> 0 | P32: =$E32*O32 -> 0 | R32: =P32-J32 -> 0 | S32: =IF((J32)=0,"",(R32/J32))
A33: =[3]Rates!$A129 -> 2RAL16_LU | B33: =[3]Rates!$B129 -> Disposition of Deferral/Variance Accounts - Group 2 Accounts (2016) | D33: per kW | E33: =$F$18 -> 7350 | F33: =IF($A33<>"",VLOOKUP($A33,[3]Rates!$A$1:$R$65536,12,FALSE),0) -> 0 | G33: =E33*F33 -> 0 | I33: =IF($A33<>"",VLOOKUP($A33,[3]Rates!$A$1:$R$65536,14,FALSE),0) -> 0.69 | J33: =$E33*I33 -> 5071.5 | L33: =J33-G33 -> 5071.5 | M33: =IF((G33)=0,"",(L33/G33)) | O33: =IF($A33<>"",VLOOKUP($A33,[3]Rates!$A$1:$R$65536,15,FALSE),0) -> 0 | P33: =$E33*O33 -> 0 | R33: =P33-J33 -> -5071.5 | S33: =IF((J33)=0,"",(R33/J33)) -> -1
A34: =[3]Rates!$A130 -> LRVA16_LU | B34: =[3]Rates!$B130 -> Lost Revenue Adjustment Mechanism Variance Account (LRAMVA) (2016) | D34: per kW | E34: =$F$18 -> 7350 | F34: =IF($A34<>"",VLOOKUP($A34,[3]Rates!$A$1:$R$65536,12,FALSE),0) -> 0 | G34: =E34*F34 -> 0 | I34: =IF($A34<>"",VLOOKUP($A34,[3]Rates!$A$1:$R$65536,14,FALSE),0) -> -0.1424 | J34: =$E34*I34 -> -1046.64 | L34: =J34-G34 -> -1046.64 | M34: =IF((G34)=0,"",(L34/G34)) | O34: =IF($A34<>"",VLOOKUP($A34,[3]Rates!$A$1:$R$65536,15,FALSE),0) -> 0 | P34: =$E34*O34 -> 0 | R34: =P34-J34 -> 1046.64 | S34: =IF((J34)=0,"",(R34/J34)) -> -1
A35: =[3]Rates!$A131 -> PPE16_LU | B35: =[3]Rates!$B131 -> Account 1575 (2016) | D35: per kW | E35: =$F$18 -> 7350 | F35: =IF($A35<>"",VLOOKUP($A35,[3]Rates!$A$1:$R$65536,12,FALSE),0) -> 0 | G35: =E35*F35 -> 0 | I35: =IF($A35<>"",VLOOKUP($A35,[3]Rates!$A$1:$R$65536,14,FALSE),0) -> -0.5987 | J35: =$E35*I35 -> -4400.445 | L35: =J35-G35 -> -4400.445 | M35: =IF((G35)=0,"",(L35/G35)) | O35: =IF($A35<>"",VLOOKUP($A35,[3]Rates!$A$1:$R$65536,15,FALSE),0) -> 0 | P35: =$E35*O35 -> 0 | R35: =P35-J35 -> 4400.445 | S35: =IF((J35)=0,"",(R35/J35)) -> -1
A36: =[3]Rates!$A132 -> SG16_LU | B36: =[3]Rates!$B132 -> Smart Grid True-up (2016) | D36: Monthly | E36: 1 | F36: =IF($A36<>"",VLOOKUP($A36,[3]Rates!$A$1:$R$65536,12,FALSE),0) -> 0 | G36: =E36*F36 -> 0 | I36: =IF($A36<>"",VLOOKUP($A36,[3]Rates!$A$1:$R$65536,14,FALSE),0) -> -798.45 | J36: =$E36*I36 -> -798.45 | L36: =J36-G36 -> -798.45 | M36: =IF((G36)=0,"",(L36/G36)) | O36: =IF($A36<>"",VLOOKUP($A36,[3]Rates!$A$1:$R$65536,15,FALSE),0) -> 0 | P36: =$E36*O36 -> 0 | R36: =P36-J36 -> 798.45 | S36: =IF((J36)=0,"",(R36/J36)) -> -1
F37: =IF($A37<>"",VLOOKUP($A37,[3]Rates!$A$1:$R$65536,12,FALSE),0) -> 0 | I37: =IF($A37<>"",VLOOKUP($A37,[3]Rates!$A$1:$R$65536,14,FALSE),0) -> 0 | O37: =IF($A37<>"",VLOOKUP($A37,[3]Rates!$A$1:$R$65536,15,FALSE),0) -> 0
F38: =IF($A38<>"",VLOOKUP($A38,[3]Rates!$A$1:$R$65536,12,FALSE),0) -> 0 | G38: =E38*F38 -> 0 | I38: =IF($A38<>"",VLOOKUP($A38,[3]Rates!$A$1:$R$65536,14,FALSE),0) -> 0 | J38: =$E38*I38 -> 0 | L38: =J38-G38 -> 0 | M38: =IF((G38)=0,"",(L38/G38)) | O38: =IF($A38<>"",VLOOKUP($A38,[3]Rates!$A$1:$R$65536,15,FALSE),0) -> 0 | P38: =$E38*O38 -> 0 | R38: =P38-J38 -> 0 | S38: =IF((J38)=0,"",(R38/J38))
F39: =IF($A39<>"",VLOOKUP($A39,[3]Rates!$A$1:$R$65536,12,FALSE),0) -> 0 | G39: =E39*F39 -> 0 | I39: =IF($A39<>"",VLOOKUP($A39,[3]Rates!$A$1:$R$65536,14,FALSE),0) -> 0 | J39: =$E39*I39 -> 0 | L39: =J39-G39 -> 0 | M39: =IF((G39)=0,"",(L39/G39)) | O39: =IF($A39<>"",VLOOKUP($A39,[3]Rates!$A$1:$R$65536,15,FALSE),0) -> 0 | P39: =$E39*O39 -> 0 | R39: =P39-J39 -> 0 | S39: =IF((J39)=0,"",(R39/J39))
B40: Sub-Total A (excluding pass through) | G40: =SUM(G23:G39) -> 16562.33 | J40: =SUM(J23:J39) -> 30313.41 | L40: =J40-G40 -> 13751.08 | M40: =IF((G40)=0,"",(L40/G40)) -> 0.83026241 | P40: =SUM(P23:P39) -> 23258.11 | R40: =P40-J40 -> -7055.3 | S40: =IF((J40)=0,"",(R40/J40)) -> -0.23274518
A41: =[3]Rates!$A$122 -> RAL14_LU | D41: per kW | E41: =$F$18 -> 7350 | G41: =E41*F41 -> 0 | I41: =IF($A41<>"",VLOOKUP($A41,[3]Rates!$A$1:$R$65536,14,FALSE),0) -> 0 | J41: =$E41*I41 -> 0 | L41: =J41-G41 -> 0 | M41: =IF((G41)=0,"",(L41/G41)) | O41: =IF($A41<>"",VLOOKUP($A41,[3]Rates!$A$1:$R$65536,15,FALSE),0) -> 0 | P41: =$E41*O41 -> 0 | R41: =P41-J41 -> 0 | S41: =IF((J41)=0,"",(R41/J41))
A42: =[3]Rates!$A126 -> RAL16_LU | B42: =[3]Rates!$B126 -> Disposition of Deferral/Variance Accounts (2016) | D42: per kW | E42: =$F$18 -> 7350 | F42: =IF($A42<>"",VLOOKUP($A42,[3]Rates!$A$1:$R$65536,12,FALSE),0) -> 0 | G42: =E42*F42 -> 0 | I42: =IF($A42<>"",VLOOKUP($A42,[3]Rates!$A$1:$R$65536,14,FALSE),0) -> 1.2673 | J42: =$E42*I42 -> 9314.655 | L42: =J42-G42 -> 9314.655 | M42: =IF((G42)=0,"",(L42/G42)) | O42: =IF($A42<>"",VLOOKUP($A42,[3]Rates!$A$1:$R$65536,15,FALSE),0) -> 0 | P42: =$E42*O42 -> 0 | R42: =P42-J42 -> -9314.655 | S42: =IF((J42)=0,"",(R42/J42)) -> -1
A43: =[3]Rates!$A127 -> RALP16_LU | B43: =[3]Rates!$B127 -> Disposition of Deferral/Variance Accounts - Power (2016) | D43: per kW | E43: =$F$18 -> 7350 | F43: =IF($A43<>"",VLOOKUP($A43,[3]Rates!$A$1:$R$65536,12,FALSE),0) -> 0 | G43: =E43*F43 -> 0 | I43: =IF($A43<>"",VLOOKUP($A43,[3]Rates!$A$1:$R$65536,14,FALSE),0) -> -1.3273 | J43: =$E43*I43 -> -9755.655 | L43: =J43-G43 -> -9755.655 | M43: =IF((G43)=0,"",(L43/G43)) | O43: =IF($A43<>"",VLOOKUP($A43,[3]Rates!$A$1:$R$65536,15,FALSE),0) -> 0 | P43: =$E43*O43 -> 0 | R43: =P43-J43 -> 9755.655 | S43: =IF((J43)=0,"",(R43/J43)) -> -1
A44: =[3]Rates!$A128 -> GA16_LU | B44: =[3]Rates!$B128 -> Disposition of Deferral/Variance Accounts - Power - Global Adjustment (2016) | D44: per kW | E44: =$F$18 -> 7350 | F44: =IF($A44<>"",VLOOKUP($A44,[3]Rates!$A$1:$R$65536,12,FALSE),0) -> 0 | G44: =E44*F44 -> 0 | I44: =IF($A44<>"",VLOOKUP($A44,[3]Rates!$A$1:$R$65536,14,FALSE),0) -> 0 | J44: =$E44*I44 -> 0 | L44: =J44-G44 -> 0 | M44: =IF((G44)=0,"",(L44/G44)) | O44: =IF($A44<>"",VLOOKUP($A44,[3]Rates!$A$1:$R$65536,15,FALSE),0) -> 0 | P44: =$E44*O44 -> 0 | R44: =P44-J44 -> 0 | S44: =IF((J44)=0,"",(R44/J44))
F45: =IF($A45<>"",VLOOKUP($A45,[3]Rates!$A$1:$R$65536,12,FALSE),0) -> 0 | I45: =IF($A45<>"",VLOOKUP($A45,[3]Rates!$A$1:$R$65536,14,FALSE),0) -> 0 | O45: =IF($A45<>"",VLOOKUP($A45,[3]Rates!$A$1:$R$65536,15,FALSE),0) -> 0
F46: =IF($A46<>"",VLOOKUP($A46,[3]Rates!$A$1:$R$65536,12,FALSE),0) -> 0 | I46: =IF($A46<>"",VLOOKUP($A46,[3]Rates!$A$1:$R$65536,14,FALSE),0) -> 0 | O46: =IF($A46<>"",VLOOKUP($A46,[3]Rates!$A$1:$R$65536,15,FALSE),0) -> 0
A47: =[3]Rates!$A$119 -> LV_LU | B47: Low Voltage Service Charge | D47: per kW | E47: =$F$18 -> 7350 | F47: =IF($A47<>"",VLOOKUP($A47,[3]Rates!$A$1:$R$65536,12,FALSE),0) -> 0.1437 | G47: =E47*F47 -> 1056.195 | I47: =IF($A47<>"",VLOOKUP($A47,[3]Rates!$A$1:$R$65536,14,FALSE),0) -> 0.1437 | J47: =$E47*I47 -> 1056.195 | L47: =J47-G47 -> 0 | M47: =IF((G47)=0,"",(L47/G47)) -> 0 | O47: =IF($A47<>"",VLOOKUP($A47,[3]Rates!$A$1:$R$65536,15,FALSE),0) -> 0.163 | P47: =$E47*O47 -> 1198.05 | R47: =P47-J47 -> 141.855 | S47: =IF((J47)=0,"",(R47/J47)) -> 0.13430759
B48: Line Losses on Cost of Power | E48: =$F$17*(1+$F$77)-$F$17 -> 96600 | G48: =E48*F48 -> 0 | H48: =$F$17*(1+$O$77)-$F$17 -> 103320 | J48: =$H48*I48 -> 0 | L48: =J48-G48 -> 0 | M48: =IF((G48)=0,"",(L48/G48)) | P48: =$H48*O48 -> 0 | R48: =P48-J48 -> 0 | S48: =IF((J48)=0,"",(R48/J48))
G49: =E49*F49 -> 0 | L49: =J49-G49 -> 0 | P49: =$E49*O49 -> 0 | R49: =P49-J49 -> 0 | S49: =IF((J49)=0,"",(R49/J49))
B50: Sub-Total B - Distribution (includes Sub-Total A) | G50: =SUM(G41:G49)+G40 -> 17618.525 | J50: =SUM(J41:J49)+J40 -> 30928.605 | L50: =J50-G50 -> 13310.08 | M50: =IF((G50)=0,"",(L50/G50)) -> 0.75545938 | P50: =SUM(P41:P49)+P40 -> 24456.16 | R50: =P50-J50 -> -6472.445 | S50: =IF((J50)=0,"",(R50/J50)) -> -0.20927051
A51: =[3]Rates!$A$136 -> TN_LU | B51: RTSR - Network | D51: per kW | E51: =F18 -> 7350 | F51: =IF($A51<>"",VLOOKUP($A51,[3]Rates!$A$1:$R$65536,12,FALSE),0) -> 3.4638 | G51: =E51*F51 -> 25458.93 | H51: =E51 -> 7350 | I51: =IF($A51<>"",VLOOKUP($A51,[3]Rates!$A$1:$R$65536,14,FALSE),0) -> 3.4638 | J51: =$H51*I51 -> 25458.93 | L51: =J51-G51 -> 0 | M51: =IF((G51)=0,"",(L51/G51)) -> 0 | O51: =IF($A51<>"",VLOOKUP($A51,[3]Rates!$A$1:$R$65536,15,FALSE),0) -> 3.5361 | P51: =$H51*O51 -> 25990.335 | R51: =P51-J51 -> 531.405 | S51: =IF((J51)=0,"",(R51/J51)) -> 0.02087303
A52: =[3]Rates!$A$137 -> TC_LU | B52: RTSR - Line and Transformation Connection | D52: per kW | E52: =E51 -> 7350 | F52: =IF($A52<>"",VLOOKUP($A52,[3]Rates!$A$1:$R$65536,12,FALSE),0) -> 1.2027 | G52: =E52*F52 -> 8839.845 | H52: =E52 -> 7350 | I52: =IF($A52<>"",VLOOKUP($A52,[3]Rates!$A$1:$R$65536,14,FALSE),0) -> 1.2027 | J52: =$H52*I52 -> 8839.845 | L52: =J52-G52 -> 0 | M52: =IF((G52)=0,"",(L52/G52)) -> 0 | O52: =IF($A52<>"",VLOOKUP($A52,[3]Rates!$A$1:$R$65536,15,FALSE),0) -> 1.3178 | P52: =$H52*O52 -> 9685.83 | R52: =P52-J52 -> 845.985 | S52: =IF((J52)=0,"",(R52/J52)) -> 0.095701339
B53: Sub-Total C - Delivery (including Sub-Total B) | G53: =SUM(G50:G52) -> 51917.3 | J53: =SUM(J50:J52) -> 65227.38 | L53: =J53-G53 -> 13310.08 | M53: =IF((G53)=0,"",(L53/G53)) -> 0.25637081 | P53: =SUM(P50:P52) -> 60132.325 | R53: =P53-J53 -> -5095.055 | S53: =IF((J53)=0,"",(R53/J53)) -> -0.078112213
B54: Wholesale Market Service Charge (WMSC) | D54: per kWh | E54: =F17+E48 -> 2896600 | F54: 0.0036 | G54: =E54*F54 -> 10427.76 | H54: =F$17*(1+O$77) -> 2903320 | I54: 0.0036 | J54: =$E54*I54 -> 10427.76 | L54: =J54-G54 -> 0 | M54: =IF((G54)=0,"",(L54/G54)) -> 0 | O54: 0.0036 | P54: =$H54*O54 -> 10451.952 | R54: =P54-J54 -> 24.192 | S54: =IF((J54)=0,"",(R54/J54)) -> 0.0023199613
B55: Rural and Remote Rate Protection (RRRP) | D55: per kWh | E55: =E54 -> 2896600 | F55: 0.0013 | G55: =E55*F55 -> 3765.58 | H55: =F$17*(1+O$77) -> 2903320 | I55: 0.0013 | J55: =$E55*I55 -> 3765.58 | L55: =J55-G55 -> 0 | M55: =IF((G55)=0,"",(L55/G55)) -> 0 | O55: 0.0013 | P55: =$H55*O55 -> 3774.316 | R55: =P55-J55 -> 8.736 | S55: =IF((J55)=0,"",(R55/J55)) -> 0.0023199613
B56: Standard Supply Service Charge | D56: Monthly | E56: 1 | F56: 0.25 | G56: =E56*F56 -> 0.25 | I56: 0.25 | J56: =$E56*I56 -> 0.25 | L56: =J56-G56 -> 0 | M56: =IF((G56)=0,"",(L56/G56)) -> 0 | O56: 0.25 | P56: =$E56*O56 -> 0.25 | R56: =P56-J56 -> 0 | S56: =IF((J56)=0,"",(R56/J56)) -> 0
B57: Debt Retirement Charge (DRC) | D57: per kWh | E57: =F17 -> 2800000 | F57: 0.007 | G57: =E57*F57 -> 19600 | I57: 0.007 | J57: =$E57*I57 -> 19600 | L57: =J57-G57 -> 0 | M57: =IF((G57)=0,"",(L57/G57)) -> 0 | O57: 0.007 | P57: =$E57*O57 -> 19600 | R57: =P57-J57 -> 0 | S57: =IF((J57)=0,"",(R57/J57)) -> 0
B58: TOU - Off Peak | D58: per kWh | E58: =0.64*$F$17+E48*0.64 -> 1853824 | F58: =Residential!F55 -> 0.087 | G58: =E58*F58 -> 161282.69 | H58: =0.64*$F$17+H48*0.64 -> 1858124.8 | I58: =F58 -> 0.087 | J58: =$E58*I58 -> 161282.69 | L58: =J58-G58 -> 0 | M58: =IF((G58)=0,"",(L58/G58)) -> 0 | O58: =I58 -> 0.087 | P58: =$H58*O58 -> 161656.86 | R58: =P58-J58 -> 374.1696 | S58: =IF((J58)=0,"",(R58/J58)) -> 0.0023199613
B59: TOU - Mid Peak | D59: per kWh | E59: =0.18*$F$17+E48*0.18 -> 521388 | F59: =Residential!F56 -> 0.132 | G59: =E59*F59 -> 68823.216 | H59: =0.18*$F$17+H48*0.18 -> 522597.6 | I59: =F59 -> 0.132 | J59: =$E59*I59 -> 68823.216 | L59: =J59-G59 -> 0 | M59: =IF((G59)=0,"",(L59/G59)) -> 0 | O59: =I59 -> 0.132 | P59: =$H59*O59 -> 68982.883 | R59: =P59-J59 -> 159.6672 | S59: =IF((J59)=0,"",(R59/J59)) -> 0.0023199613
B60: TOU - On Peak | D60: per kWh | E60: =0.18*$F$17+E48*0.18 -> 521388 | F60: =Residential!F57 -> 0.18 | G60: =E60*F60 -> 93849.84 | H60: =0.18*$F$17+H48*0.18 -> 522597.6 | I60: =F60 -> 0.18 | J60: =$E60*I60 -> 93849.84 | L60: =J60-G60 -> 0 | M60: =IF((G60)=0,"",(L60/G60)) -> 0 | O60: =I60 -> 0.18 | P60: =$H60*O60 -> 94067.568 | R60: =P60-J60 -> 217.728 | S60: =IF((J60)=0,"",(R60/J60)) -> 0.0023199613
B61: OESP Charge | D61: per kWh | E61: =F17 -> 2800000 | F61: 0.0011 | G61: =E61*F61 -> 3080 | I61: 0.0011 | J61: =$E61*I61 -> 3080 | L61: =J61-G61 -> 0 | M61: =IF((G61)=0,"",(L61/G61)) -> 0 | O61: =I61 -> 0.0011 | P61: =$E61*O61 -> 3080 | R61: =P61-J61 -> 0 | S61: =IF((J61)=0,"",(R61/J61)) -> 0
G62: =E62*F62 -> 0 | I62: =F62 -> 0 | J62: =$E62*I62 -> 0 | L62: =J62-G62 -> 0 | M62: =IF((G62)=0,"",(L62/G62)) | O62: =I62 -> 0 | P62: =$E62*O62 -> 0 | R62: =P62-J62 -> 0 | S62: =IF((J62)=0,"",(R62/J62))
B64: Total Bill on TOU (before Taxes) | G64: =SUM(G54:G61,G53) -> 412746.63 | J64: =SUM(J54:J61,J53) -> 426056.71 | L64: =J64-G64 -> 13310.08 | M64: =IF((G64)=0,"",(L64/G64)) -> 0.03224758 | P64: =SUM(P54:P61,P53) -> 421746.15 | R64: =P64-J64 -> -4310.5622 | S64: =IF((J64)=0,"",(R64/J64)) -> -0.010117344
B65: HST | F65: 0.13 | G65: =G64*F65 -> 53657.062 | I65: 0.13 | J65: =J64*I65 -> 55387.373 | L65: =J65-G65 -> 1730.3104 | M65: =IF((G65)=0,"",(L65/G65)) -> 0.03224758 | O65: 0.13 | P65: =P64*O65 -> 54827 | R65: =P65-J65 -> -560.37309 | S65: =IF((J65)=0,"",(R65/J65)) -> -0.010117344
B66: Total Bill (including HST) | G66: =G64+G65 -> 466403.7 | J66: =J64+J65 -> 481444.09 | L66: =J66-G66 -> 15040.39 | M66: =IF((G66)=0,"",(L66/G66)) -> 0.03224758 | P66: =P64+P65 -> 476573.15 | R66: =P66-J66 -> -4870.9353 | S66: =IF((J66)=0,"",(R66/J66)) -> -0.010117344
B67: Ontario Clean Energy Benefit 1 | L67: =J67-G67 -> 0 | M67: =IF((G67)=0,"",(L67/G67)) | R67: =P67-J67 -> 0 | S67: =IF((J67)=0,"",(R67/J67))
B68: Total Bill on TOU (including OCEB) | G68: =G66+G67 -> 466403.7 | J68: =J66+J67 -> 481444.09 | L68: =J68-G68 -> 15040.39 | M68: =IF((G68)=0,"",(L68/G68)) -> 0.03224758 | P68: =P66+P67 -> 476573.15 | R68: =P68-J68 -> -4870.9353 | S68: =IF((J68)=0,"",(R68/J68)) -> -0.010117344
B70: Total Bill on RPP (before Taxes) | G70: =SUM(G61:G62,G53,G54:G57) -> 88790.89 | J70: =SUM(J61:J62,J53,J54:J57) -> 102100.97 | L70: =J70-G70 -> 13310.08 | M70: =IF((G70)=0,"",(L70/G70)) -> 0.14990367 | P70: =SUM(P61:P62,P53,P54:P57) -> 97038.843 | R70: =P70-J70 -> -5062.127 | S70: =IF((J70)=0,"",(R70/J70)) -> -0.049579617
B71: HST | F71: 0.13 | G71: =G70*F71 -> 11542.816 | I71: 0.13 | J71: =J70*I71 -> 13273.126 | L71: =J71-G71 -> 1730.3104 | M71: =IF((G71)=0,"",(L71/G71)) -> 0.14990367 | O71: 0.13 | P71: =P70*O71 -> 12615.05 | R71: =P71-J71 -> -658.07651 | S71: =IF((J71)=0,"",(R71/J71)) -> -0.049579617
B72: Total Bill (including HST) | G72: =G70+G71 -> 100333.71 | J72: =J70+J71 -> 115374.1 | L72: =J72-G72 -> 15040.39 | M72: =IF((G72)=0,"",(L72/G72)) -> 0.14990367 | P72: =P70+P71 -> 109653.89 | R72: =P72-J72 -> -5720.2035 | S72: =IF((J72)=0,"",(R72/J72)) -> -0.049579617
B73: Ontario Clean Energy Benefit 1 | L73: =J73-G73 -> 0 | M73: =IF((G73)=0,"",(L73/G73)) | R73: =P73-J73 -> 0 | S73: =IF((J73)=0,"",(R73/J73))
B74: Total Bill on RPP (including OCEB) | G74: =SUM(G72:G73) -> 100333.71 | J74: =SUM(J72:J73) -> 115374.1 | L74: =J74-G74 -> 15040.39 | M74: =IF((G74)=0,"",(L74/G74)) -> 0.14990367 | P74: =SUM(P72:P73) -> 109653.89 | R74: =P74-J74 -> -5720.2035 | S74: =IF((J74)=0,"",(R74/J74)) -> -0.049579617
B77: Loss Factor (%) | F77: 0.0345 | I77: 0.0345 | O77: 0.0369
A79: 1 Applicable to eligible customers only. Refer to the Ontario Clean Energy Benefit Act, 2010.
A81: Note that the "Charge $" columns provide breakdowns of the amounts that each bill component contributes to the total monthly bill at the referenced
A82: consumption level at existing and proposed rates.
A84: Applicants must provide bill impacts for residential at 800 kWh and GS<50kW at 2000 kWh. In addition, their filing must cover the range that is relevant
A85: to their service territory, class by class. A general guideline of consumption levels follows:
A87: Residential (kWh) - 100, 250, 500, 800, 1000, 1500, 2000
A88: GS<50kW (kWh) - 1000, 2000, 5000, 10000, 15000
A89: GS>50kW (kW) - 60, 100, 500, 1000
A90: Large User - range appropriate for utility
A91: Lighting Classes and USL - 150 kWh and 1 kW, range appropriate for utility.
B93: Note that cells with the highlighted color shown to the left indicate quantities that are loss adjusted.

Sheet USL
O1: May 1 - Oct 31 | P1: 1 | R1: 2
O2: Nov 1 - Apr 30 | P2: 2
B10: Appendix 2-W
B11: Bill Impacts - Unmetered Scattered Load
B14: Customer Class: | D14: USL
B16: TOU / non-TOU: | D16: TOU
D18: Consumption | F18: 150
F20: 2015 Current Board-Approved | I20: =Residential!I20 -> 2016 | L20: =Residential!L20 -> Impact 2016 vs. 2015 | O20: =Residential!O20 -> 2017 TEST YEAR | R20: =Residential!R20 -> Impact 2017 TEST vs. 2016
D21: Charge Unit | E21: Volume | F21: Rate | G21: Charge | I21: Rate | J21: Charge | L21: $ Change | M21: % Change | O21: Rate | P21: Charge | R21: $ Change | S21: % Change
F22: ($) | G22: ($) | I22: ($) | J22: ($) | O22: ($) | P22: ($)
A23: =[3]Rates!$A$141 -> Fix_USL | B23: Monthly Service Charge | D23: Monthly | E23: 1 | F23: =IF($A23<>"",VLOOKUP($A23,[3]Rates!$A$1:$R$65536,12,FALSE),0) -> 7.01 | G23: =E23*F23 -> 7.01 | I23: =IF($A23<>"",VLOOKUP($A23,[3]Rates!$A$1:$R$65536,14,FALSE),0) -> 7.73 | J23: =$E23*I23 -> 7.73 | L23: =J23-G23 -> 0.72 | M23: =IF((G23)=0,"",(L23/G23)) -> 0.10271041 | O23: =IF($A23<>"",VLOOKUP($A23,[3]Rates!$A$1:$R$65536,15,FALSE),0) -> 8.83 | P23: =$E23*O23 -> 8.83 | R23: =P23-J23 -> 1.1 | S23: =IF((J23)=0,"",(R23/J23)) -> 0.14230272
B24: Smart Meter Rate Adder | D24: Monthly | E24: 1 | F24: =IF($A24<>"",VLOOKUP($A24,[3]Rates!$A$1:$R$65536,12,FALSE),0) -> 0 | G24: =E24*F24 -> 0 | I24: =IF($A24<>"",VLOOKUP($A24,[3]Rates!$A$1:$R$65536,14,FALSE),0) -> 0 | J24: =$E24*I24 -> 0 | L24: =J24-G24 -> 0 | M24: =IF((G24)=0,"",(L24/G24)) | O24: =IF($A24<>"",VLOOKUP($A24,[3]Rates!$A$1:$R$65536,15,FALSE),0) -> 0 | P24: =$E24*O24 -> 0 | R24: =P24-J24 -> 0 | S24: =IF((J24)=0,"",(R24/J24))
A25: =[3]Rates!$A$143 -> PPE_USL | B25: Recovery of CGAAP/CWIP Differential | D25: Monthly | E25: 1 | F25: =IF($A25<>"",VLOOKUP($A25,[3]Rates!$A$1:$R$65536,12,FALSE),0) -> 0.11 | G25: =E25*F25 -> 0.11 | I25: =IF($A25<>"",VLOOKUP($A25,[3]Rates!$A$1:$R$65536,14,FALSE),0) -> 0.11 | J25: =$E25*I25 -> 0.11 | L25: =J25-G25 -> 0 | M25: =IF((G25)=0,"",(L25/G25)) -> 0 | O25: =IF($A25<>"",VLOOKUP($A25,[3]Rates!$A$1:$R$65536,15,FALSE),0) -> 0 | P25: =$E25*O25 -> 0 | R25: =P25-J25 -> -0.11 | S25: =IF((J25)=0,"",(R25/J25)) -> -1
A26: =[3]Rates!$A$144 -> ICMF_USL | B26: ICM Rate Rider (2014) | D26: Monthly | E26: 1 | F26: =IF($A26<>"",VLOOKUP($A26,[3]Rates!$A$1:$R$65536,12,FALSE),0) -> 0.04 | G26: =E26*F26 -> 0.04 | I26: =IF($A26<>"",VLOOKUP($A26,[3]Rates!$A$1:$R$65536,14,FALSE),0) -> 0 | J26: =$E26*I26 -> 0 | L26: =J26-G26 -> -0.04 | M26: =IF((G26)=0,"",(L26/G26)) -> -1 | O26: =IF($A26<>"",VLOOKUP($A26,[3]Rates!$A$1:$R$65536,15,FALSE),0) -> 0 | P26: =$E26*O26 -> 0 | R26: =P26-J26 -> 0 | S26: =IF((J26)=0,"",(R26/J26))
A27: FR_USL | B27: Forgone Revenue Rate Rider - Fixed Component (2016) | D27: Monthly | E27: 1 | F27: =IF($A27<>"",VLOOKUP($A27,[3]Rates!$A$1:$R$65536,12,FALSE),0) -> 0 | G27: =E27*F27 -> 0 | I27: =IF($A27<>"",VLOOKUP($A27,[3]Rates!$A$1:$R$65536,14,FALSE),0) -> 2.02 | J27: =$E27*I27 -> 2.02 | L27: =J27-G27 -> 2.02 | M27: =IF((G27)=0,"",(L27/G27)) | O27: =IF($A27<>"",VLOOKUP($A27,[3]Rates!$A$1:$R$65536,15,FALSE),0) -> 0 | P27: =$E27*O27 -> 0 | R27: =P27-J27 -> -2.02 | S27: =IF((J27)=0,"",(R27/J27)) -> -1
E28: 1 | F28: =IF($A28<>"",VLOOKUP($A28,[3]Rates!$A$1:$R$65536,12,FALSE),0) -> 0 | G28: =E28*F28 -> 0 | I28: =IF($A28<>"",VLOOKUP($A28,[3]Rates!$A$1:$R$65536,14,FALSE),0) -> 0 | J28: =$E28*I28 -> 0 | L28: =J28-G28 -> 0 | M28: =IF((G28)=0,"",(L28/G28)) | O28: =IF($A28<>"",VLOOKUP($A28,[3]Rates!$A$1:$R$65536,15,FALSE),0) -> 0 | P28: =$E28*O28 -> 0 | R28: =P28-J28 -> 0 | S28: =IF((J28)=0,"",(R28/J28))
A29: =[3]Rates!$A$146 -> Var_USL | B29: Distribution Volumetric Rate | D29: per kWh | E29: =$F$18 -> 150 | F29: =IF($A29<>"",VLOOKUP($A29,[3]Rates!$A$1:$R$65536,12,FALSE),0) -> 0.0159 | G29: =E29*F29 -> 2.385 | I29: =IF($A29<>"",VLOOKUP($A29,[3]Rates!$A$1:$R$65536,14,FALSE),0) -> 0.0175 | J29: =$E29*I29 -> 2.625 | L29: =J29-G29 -> 0.24 | M29: =IF((G29)=0,"",(L29/G29)) -> 0.10062893 | O29: =IF($A29<>"",VLOOKUP($A29,[3]Rates!$A$1:$R$65536,15,FALSE),0) -> 0.02 | P29: =$E29*O29 -> 3 | R29: =P29-J29 -> 0.375 | S29: =IF((J29)=0,"",(R29/J29)) -> 0.14285714
B30: Smart Meter Disposition Rider | D30: per kWh | E30: =$F$18 -> 150 | F30: =IF($A30<>"",VLOOKUP($A30,[3]Rates!$A$1:$R$65536,12,FALSE),0) -> 0 | G30: =E30*F30 -> 0 | I30: =IF($A30<>"",VLOOKUP($A30,[3]Rates!$A$1:$R$65536,14,FALSE),0) -> 0 | J30: =$E30*I30 -> 0 | L30: =J30-G30 -> 0 | M30: =IF((G30)=0,"",(L30/G30)) | O30: =IF($A30<>"",VLOOKUP($A30,[3]Rates!$A$1:$R$65536,15,FALSE),0) -> 0 | P30: =$E30*O30 -> 0 | R30: =P30-J30 -> 0 | S30: =IF((J30)=0,"",(R30/J30))
A31: FRV_USL | B31: Forgone Revenue Rate Rider - Variable Component (2016) | D31: per kWh | E31: =$F$18 -> 150 | F31: =IF($A31<>"",VLOOKUP($A31,[3]Rates!$A$1:$R$65536,12,FALSE),0) -> 0 | G31: =E31*F31 -> 0 | I31: =IF($A31<>"",VLOOKUP($A31,[3]Rates!$A$1:$R$65536,14,FALSE),0) -> 0.0044 | J31: =$E31*I31 -> 0.66 | L31: =J31-G31 -> 0.66 | M31: =IF((G31)=0,"",(L31/G31)) | O31: =IF($A31<>"",VLOOKUP($A31,[3]Rates!$A$1:$R$65536,15,FALSE),0) -> 0 | P31: =$E31*O31 -> 0 | R31: =P31-J31 -> -0.66 | S31: =IF((J31)=0,"",(R31/J31)) -> -1
A32: =[3]Rates!$A$152 -> ICMV_USL | B32: ICM Rate Rider (2014) | D32: per kWh | E32: =$F$18 -> 150 | F32: =IF($A32<>"",VLOOKUP($A32,[3]Rates!$A$1:$R$65536,12,FALSE),0) -> 0.0001 | G32: =E32*F32 -> 0.015 | I32: =IF($A32<>"",VLOOKUP($A32,[3]Rates!$A$1:$R$65536,14,FALSE),0) -> 0 | J32: =$E32*I32 -> 0 | L32: =J32-G32 -> -0.015 | M32: =IF((G32)=0,"",(L32/G32)) -> -1 | O32: =IF($A32<>"",VLOOKUP($A32,[3]Rates!$A$1:$R$65536,15,FALSE),0) -> 0 | P32: =$E32*O32 -> 0 | R32: =P32-J32 -> 0 | S32: =IF((J32)=0,"",(R32/J32))
A33: =[3]Rates!$A157 -> 2RAL16_USL | B33: =[3]Rates!$B157 -> Disposition of Deferral/Variance Accounts - Group 2 Accounts (2016) | D33: per kWh | E33: =$F$18 -> 150 | F33: =IF($A33<>"",VLOOKUP($A33,[3]Rates!$A$1:$R$65536,12,FALSE),0) -> 0 | G33: =E33*F33 -> 0 | I33: =IF($A33<>"",VLOOKUP($A33,[3]Rates!$A$1:$R$65536,14,FALSE),0) -> 0 | J33: =$E33*I33 -> 0 | L33: =J33-G33 -> 0 | M33: =IF((G33)=0,"",(L33/G33)) | O33: =IF($A33<>"",VLOOKUP($A33,[3]Rates!$A$1:$R$65536,15,FALSE),0) -> 0.0002 | P33: =$E33*O33 -> 0.03 | R33: =P33-J33 -> 0.03 | S33: =IF((J33)=0,"",(R33/J33))
A34: =[3]Rates!$A158 -> LRVA16_USL | B34: =[3]Rates!$B158 -> Lost Revenue Adjustment Mechanism Variance Account (LRAMVA) (2016) | D34: per kWh | E34: =$F$18 -> 150 | F34: =IF($A34<>"",VLOOKUP($A34,[3]Rates!$A$1:$R$65536,12,FALSE),0) -> 0 | G34: =E34*F34 -> 0 | I34: =IF($A34<>"",VLOOKUP($A34,[3]Rates!$A$1:$R$65536,14,FALSE),0) -> -0.001 | J34: =$E34*I34 -> -0.15 | L34: =J34-G34 -> -0.15 | M34: =IF((G34)=0,"",(L34/G34)) | O34: =IF($A34<>"",VLOOKUP($A34,[3]Rates!$A$1:$R$65536,15,FALSE),0) -> 0 | P34: =$E34*O34 -> 0 | R34: =P34-J34 -> 0.15 | S34: =IF((J34)=0,"",(R34/J34)) -> -1
A35: =[3]Rates!$A159 -> PPE16_USL | B35: =[3]Rates!$B159 -> Account 1575 (2016) | D35: per kWh | E35: =$F$18 -> 150 | F35: =IF($A35<>"",VLOOKUP($A35,[3]Rates!$A$1:$R$65536,12,FALSE),0) -> 0 | G35: =E35*F35 -> 0 | I35: =IF($A35<>"",VLOOKUP($A35,[3]Rates!$A$1:$R$65536,14,FALSE),0) -> -0.0012 | J35: =$E35*I35 -> -0.18 | L35: =J35-G35 -> -0.18 | M35: =IF((G35)=0,"",(L35/G35)) | O35: =IF($A35<>"",VLOOKUP($A35,[3]Rates!$A$1:$R$65536,15,FALSE),0) -> 0 | P35: =$E35*O35 -> 0 | R35: =P35-J35 -> 0.18 | S35: =IF((J35)=0,"",(R35/J35)) -> -1
A36: =[3]Rates!$A160 -> SG16_USL | B36: =[3]Rates!$B160 -> Smart Grid True-up (2016) | D36: Monthly | E36: 1 | F36: =IF($A36<>"",VLOOKUP($A36,[3]Rates!$A$1:$R$65536,12,FALSE),0) -> 0 | G36: =E36*F36 -> 0 | I36: =IF($A36<>"",VLOOKUP($A36,[3]Rates!$A$1:$R$65536,14,FALSE),0) -> -0.1 | J36: =$E36*I36 -> -0.1 | L36: =J36-G36 -> -0.1 | M36: =IF((G36)=0,"",(L36/G36)) | O36: =IF($A36<>"",VLOOKUP($A36,[3]Rates!$A$1:$R$65536,15,FALSE),0) -> 0 | P36: =$E36*O36 -> 0 | R36: =P36-J36 -> 0.1 | S36: =IF((J36)=0,"",(R36/J36)) -> -1
F37: =IF($A37<>"",VLOOKUP($A37,[3]Rates!$A$1:$R$65536,12,FALSE),0) -> 0 | G37: =E37*F37 -> 0 | I37: =IF($A37<>"",VLOOKUP($A37,[3]Rates!$A$1:$R$65536,14,FALSE),0) -> 0 | J37: =$E37*I37 -> 0 | L37: =J37-G37 -> 0 | M37: =IF((G37)=0,"",(L37/G37)) | O37: =IF($A37<>"",VLOOKUP($A37,[3]Rates!$A$1:$R$65536,15,FALSE),0) -> 0 | P37: =$E37*O37 -> 0 | R37: =P37-J37 -> 0 | S37: =IF((J37)=0,"",(R37/J37))
F38: =IF($A38<>"",VLOOKUP($A38,[3]Rates!$A$1:$R$65536,12,FALSE),0) -> 0 | G38: =E38*F38 -> 0 | I38: =IF($A38<>"",VLOOKUP($A38,[3]Rates!$A$1:$R$65536,14,FALSE),0) -> 0 | J38: =$E38*I38 -> 0 | L38: =J38-G38 -> 0 | M38: =IF((G38)=0,"",(L38/G38)) | O38: =IF($A38<>"",VLOOKUP($A38,[3]Rates!$A$1:$R$65536,15,FALSE),0) -> 0 | P38: =$E38*O38 -> 0 | R38: =P38-J38 -> 0 | S38: =IF((J38)=0,"",(R38/J38))
B39: Sub-Total A (excluding pass through) | G39: =SUM(G23:G38) -> 9.56 | J39: =SUM(J23:J38) -> 12.715 | L39: =J39-G39 -> 3.155 | M39: =IF((G39)=0,"",(L39/G39)) -> 0.33002092 | P39: =SUM(P23:P38) -> 11.86 | R39: =P39-J39 -> -0.855 | S39: =IF((J39)=0,"",(R39/J39)) -> -0.067243413
A40: =[3]Rates!$A$150 -> RAL14_USL | D40: per kWh | E40: =$F$18 -> 150 | G40: =E40*F40 -> 0 | I40: =IF($A40<>"",VLOOKUP($A40,[3]Rates!$A$1:$R$65536,14,FALSE),0) -> 0 | J40: =$E40*I40 -> 0 | L40: =J40-G40 -> 0 | M40: =IF((G40)=0,"",(L40/G40)) | O40: =IF($A40<>"",VLOOKUP($A40,[3]Rates!$A$1:$R$65536,15,FALSE),0) -> 0 | P40: =$E40*O40 -> 0 | R40: =P40-J40 -> 0 | S40: =IF((J40)=0,"",(R40/J40))
A41: =[3]Rates!$A154 -> RAL16_USL | B41: =[3]Rates!$B154 -> Disposition of Deferral/Variance Accounts (2016) | D41: per kWh | E41: =$F$18 -> 150 | F41: =IF($A41<>"",VLOOKUP($A41,[3]Rates!$A$1:$R$65536,12,FALSE),0) -> 0 | G41: =E41*F41 -> 0 | I41: =IF($A41<>"",VLOOKUP($A41,[3]Rates!$A$1:$R$65536,14,FALSE),0) -> 0 | J41: =$E41*I41 -> 0 | L41: =J41-G41 -> 0 | M41: =IF((G41)=0,"",(L41/G41)) | O41: =IF($A41<>"",VLOOKUP($A41,[3]Rates!$A$1:$R$65536,15,FALSE),0) -> 0.0003 | P41: =$E41*O41 -> 0.045 | R41: =P41-J41 -> 0.045 | S41: =IF((J41)=0,"",(R41/J41))
A42: =[3]Rates!$A155 -> RALP16_USL | B42: =[3]Rates!$B155 -> Disposition of Deferral/Variance Accounts - Power (2016) | D42: per kWh | E42: =$F$18 -> 150 | F42: =IF($A42<>"",VLOOKUP($A42,[3]Rates!$A$1:$R$65536,12,FALSE),0) -> 0 | G42: =E42*F42 -> 0 | I42: =IF($A42<>"",VLOOKUP($A42,[3]Rates!$A$1:$R$65536,14,FALSE),0) -> -0.0026 | J42: =$E42*I42 -> -0.39 | L42: =J42-G42 -> -0.39 | M42: =IF((G42)=0,"",(L42/G42)) | O42: =IF($A42<>"",VLOOKUP($A42,[3]Rates!$A$1:$R$65536,15,FALSE),0) -> 0 | P42: =$E42*O42 -> 0 | R42: =P42-J42 -> 0.39 | S42: =IF((J42)=0,"",(R42/J42)) -> -1
F43: =IF($A43<>"",VLOOKUP($A43,[3]Rates!$A$1:$R$65536,12,FALSE),0) -> 0 | G43: =E43*F43 -> 0 | I43: =IF($A43<>"",VLOOKUP($A43,[3]Rates!$A$1:$R$65536,14,FALSE),0) -> 0 | J43: =$E43*I43 -> 0 | L43: =J43-G43 -> 0 | M43: =IF((G43)=0,"",(L43/G43)) | O43: =IF($A43<>"",VLOOKUP($A43,[3]Rates!$A$1:$R$65536,15,FALSE),0) -> 0 | P43: =$E43*O43 -> 0 | R43: =P43-J43 -> 0 | S43: =IF((J43)=0,"",(R43/J43))
F44: =IF($A44<>"",VLOOKUP($A44,[3]Rates!$A$1:$R$65536,12,FALSE),0) -> 0 | I44: =IF($A44<>"",VLOOKUP($A44,[3]Rates!$A$1:$R$65536,14,FALSE),0) -> 0 | O44: =IF($A44<>"",VLOOKUP($A44,[3]Rates!$A$1:$R$65536,15,FALSE),0) -> 0
F45: =IF($A45<>"",VLOOKUP($A45,[3]Rates!$A$1:$R$65536,12,FALSE),0) -> 0 | I45: =IF($A45<>"",VLOOKUP($A45,[3]Rates!$A$1:$R$65536,14,FALSE),0) -> 0 | O45: =IF($A45<>"",VLOOKUP($A45,[3]Rates!$A$1:$R$65536,15,FALSE),0) -> 0
A46: =[3]Rates!$A$147 -> LV_USL | B46: Low Voltage Service Charge | D46: per kWh | E46: =$F$18 -> 150 | F46: =IF($A46<>"",VLOOKUP($A46,[3]Rates!$A$1:$R$65536,12,FALSE),0) -> 0.0003 | G46: =E46*F46 -> 0.045 | I46: =IF($A46<>"",VLOOKUP($A46,[3]Rates!$A$1:$R$65536,14,FALSE),0) -> 0.0003 | J46: =$E46*I46 -> 0.045 | L46: =J46-G46 -> 0 | M46: =IF((G46)=0,"",(L46/G46)) -> 0 | O46: =IF($A46<>"",VLOOKUP($A46,[3]Rates!$A$1:$R$65536,15,FALSE),0) -> 0.0005 | P46: =$E46*O46 -> 0.075 | R46: =P46-J46 -> 0.03 | S46: =IF((J46)=0,"",(R46/J46)) -> 0.66666667
B47: Line Losses on Cost of Power | E47: =$F$18*(1+$F$76)-$F$18 -> 5.175 | G47: =E47*F47 -> 0 | H47: =$F$18*(1+$O$76)-$F$18 -> 5.535 | J47: =$H47*I47 -> 0 | L47: =J47-G47 -> 0 | M47: =IF((G47)=0,"",(L47/G47)) | P47: =$H47*O47 -> 0 | R47: =P47-J47 -> 0 | S47: =IF((J47)=0,"",(R47/J47))
J48: =$E48*I48 -> 0 | L48: =J48-G48 -> 0 | P48: =$E48*O48 -> 0 | R48: =P48-J48 -> 0 | S48: =IF((J48)=0,"",(R48/J48))
B49: Sub-Total B - Distribution (includes Sub-Total A) | G49: =SUM(G40:G48)+G39 -> 9.605 | J49: =SUM(J40:J48)+J39 -> 12.37 | L49: =J49-G49 -> 2.765 | M49: =IF((G49)=0,"",(L49/G49)) -> 0.2878709 | P49: =SUM(P40:P48)+P39 -> 11.98 | R49: =P49-J49 -> -0.39 | S49: =IF((J49)=0,"",(R49/J49)) -> -0.03152789
A50: =[3]Rates!$A$164 -> TN_USL | B50: RTSR - Network | D50: per kWh | E50: =F18*(1+F76) -> 155.175 | F50: =IF($A50<>"",VLOOKUP($A50,[3]Rates!$A$1:$R$65536,12,FALSE),0) -> 0.0072 | G50: =E50*F50 -> 1.11726 | H50: =F18*(1+O76) -> 155.535 | I50: =IF($A50<>"",VLOOKUP($A50,[3]Rates!$A$1:$R$65536,14,FALSE),0) -> 0.0072 | J50: =$E50*I50 -> 1.11726 | L50: =J50-G50 -> 0 | M50: =IF((G50)=0,"",(L50/G50)) -> 0 | O50: =IF($A50<>"",VLOOKUP($A50,[3]Rates!$A$1:$R$65536,15,FALSE),0) -> 0.0069 | P50: =$H50*O50 -> 1.0731915 | R50: =P50-J50 -> -0.0440685 | S50: =IF((J50)=0,"",(R50/J50)) -> -0.03944337
A51: =[3]Rates!$A$165 -> TC_USL | B51: RTSR - Line and Transformation Connection | D51: per kWh | E51: =E50 -> 155.175 | F51: =IF($A51<>"",VLOOKUP($A51,[3]Rates!$A$1:$R$65536,12,FALSE),0) -> 0.0034 | G51: =E51*F51 -> 0.527595 | H51: =H50 -> 155.535 | I51: =IF($A51<>"",VLOOKUP($A51,[3]Rates!$A$1:$R$65536,14,FALSE),0) -> 0.0034 | J51: =$E51*I51 -> 0.527595 | L51: =J51-G51 -> 0 | M51: =IF((G51)=0,"",(L51/G51)) -> 0 | O51: =IF($A51<>"",VLOOKUP($A51,[3]Rates!$A$1:$R$65536,15,FALSE),0) -> 0.0035 | P51: =$H51*O51 -> 0.5443725 | R51: =P51-J51 -> 0.0167775 | S51: =IF((J51)=0,"",(R51/J51)) -> 0.03179996
B52: Sub-Total C - Delivery (including Sub-Total B) | G52: =SUM(G49:G51) -> 11.249855 | J52: =SUM(J49:J51) -> 14.014855 | L52: =J52-G52 -> 2.765 | M52: =IF((G52)=0,"",(L52/G52)) -> 0.24578095 | P52: =SUM(P49:P51) -> 13.597564 | R52: =P52-J52 -> -0.417291 | S52: =IF((J52)=0,"",(R52/J52)) -> -0.029774907
B53: Wholesale Market Service Charge (WMSC) | D53: per kWh | E53: =E51 -> 155.175 | F53: 0.0036 | G53: =E53*F53 -> 0.55863 | H53: =H51 -> 155.535 | I53: 0.0036 | J53: =$E53*I53 -> 0.55863 | L53: =J53-G53 -> 0 | M53: =IF((G53)=0,"",(L53/G53)) -> 0 | O53: 0.0036 | P53: =$H53*O53 -> 0.559926 | R53: =P53-J53 -> 0.001296 | S53: =IF((J53)=0,"",(R53/J53)) -> 0.0023199613
B54: Rural and Remote Rate Protection (RRRP) | D54: per kWh | E54: =E51 -> 155.175 | F54: 0.0013 | G54: =E54*F54 -> 0.2017275 | H54: =H51 -> 155.535 | I54: 0.0013 | J54: =$E54*I54 -> 0.2017275 | L54: =J54-G54 -> 0 | M54: =IF((G54)=0,"",(L54/G54)) -> 0 | O54: 0.0013 | P54: =$H54*O54 -> 0.2021955 | R54: =P54-J54 -> 0.000468 | S54: =IF((J54)=0,"",(R54/J54)) -> 0.0023199613
B55: Standard Supply Service Charge | D55: Monthly | E55: 1 | F55: 0.25 | G55: =E55*F55 -> 0.25 | I55: 0.25 | J55: =$E55*I55 -> 0.25 | L55: =J55-G55 -> 0 | M55: =IF((G55)=0,"",(L55/G55)) -> 0 | O55: 0.25 | P55: =$E55*O55 -> 0.25 | R55: =P55-J55 -> 0 | S55: =IF((J55)=0,"",(R55/J55)) -> 0
B56: Debt Retirement Charge (DRC) | D56: per kWh | E56: =F18 -> 150 | F56: 0.007 | G56: =E56*F56 -> 1.05 | I56: 0.007 | J56: =$E56*I56 -> 1.05 | L56: =J56-G56 -> 0 | M56: =IF((G56)=0,"",(L56/G56)) -> 0 | O56: 0.007 | P56: =$E56*O56 -> 1.05 | R56: =P56-J56 -> 0 | S56: =IF((J56)=0,"",(R56/J56)) -> 0
B57: TOU - Off Peak | D57: per kWh | E57: =0.64*$F$18+E47*0.64 -> 99.312 | F57: =Residential!F55 -> 0.087 | G57: =E57*F57 -> 8.640144 | H57: =0.64*$F$18+H47*0.64 -> 99.5424 | I57: =F57 -> 0.087 | J57: =$E57*I57 -> 8.640144 | L57: =J57-G57 -> 0 | M57: =IF((G57)=0,"",(L57/G57)) -> 0 | O57: =I57 -> 0.087 | P57: =$H57*O57 -> 8.6601888 | R57: =P57-J57 -> 0.0200448 | S57: =IF((J57)=0,"",(R57/J57)) -> 0.0023199613
B58: TOU - Mid Peak | D58: per kWh | E58: =0.18*$F$18+E47*0.18 -> 27.9315 | F58: =Residential!F56 -> 0.132 | G58: =E58*F58 -> 3.686958 | H58: =0.18*$F$18+H47*0.18 -> 27.9963 | I58: =F58 -> 0.132 | J58: =$E58*I58 -> 3.686958 | L58: =J58-G58 -> 0 | M58: =IF((G58)=0,"",(L58/G58)) -> 0 | O58: =I58 -> 0.132 | P58: =$H58*O58 -> 3.6955116 | R58: =P58-J58 -> 0.0085536 | S58: =IF((J58)=0,"",(R58/J58)) -> 0.0023199613
B59: TOU - On Peak | D59: per kWh | E59: =0.18*$F$18+E47*0.18 -> 27.9315 | F59: =Residential!F57 -> 0.18 | G59: =E59*F59 -> 5.02767 | H59: =0.18*$F$18+H47*0.18 -> 27.9963 | I59: =F59 -> 0.18 | J59: =$E59*I59 -> 5.02767 | L59: =J59-G59 -> 0 | M59: =IF((G59)=0,"",(L59/G59)) -> 0 | O59: =I59 -> 0.18 | P59: =$H59*O59 -> 5.039334 | R59: =P59-J59 -> 0.011664 | S59: =IF((J59)=0,"",(R59/J59)) -> 0.0023199613
B60: OESP Charge | D60: per kWh | E60: =F18 -> 150 | F60: 0.0011 | G60: =E60*F60 -> 0.165 | I60: 0.0011 | J60: =$E60*I60 -> 0.165 | L60: =J60-G60 -> 0 | M60: =IF((G60)=0,"",(L60/G60)) -> 0 | O60: =I60 -> 0.0011 | P60: =$E60*O60 -> 0.165 | R60: =P60-J60 -> 0 | S60: =IF((J60)=0,"",(R60/J60)) -> 0
G61: =E61*F61 -> 0 | I61: =F61 -> 0 | J61: =$E61*I61 -> 0 | L61: =J61-G61 -> 0 | M61: =IF((G61)=0,"",(L61/G61)) | O61: =I61 -> 0 | P61: =$E61*O61 -> 0 | R61: =P61-J61 -> 0 | S61: =IF((J61)=0,"",(R61/J61))
B63: Total Bill on TOU (before Taxes) | G63: =SUM(G53:G60,G52) -> 30.829984 | J63: =SUM(J53:J60,J52) -> 33.594984 | L63: =J63-G63 -> 2.765 | M63: =IF((G63)=0,"",(L63/G63)) -> 0.089685416 | P63: =SUM(P53:P60,P52) -> 33.21972 | R63: =P63-J63 -> -0.3752646 | S63: =IF((J63)=0,"",(R63/J63)) -> -0.011170257
B64: HST | F64: 0.13 | G64: =G63*F64 -> 4.007898 | I64: 0.13 | J64: =J63*I64 -> 4.367348 | L64: =J64-G64 -> 0.35945 | M64: =IF((G64)=0,"",(L64/G64)) -> 0.089685416 | O64: 0.13 | P64: =P63*O64 -> 4.3185636 | R64: =P64-J64 -> -0.048784398 | S64: =IF((J64)=0,"",(R64/J64)) -> -0.011170257
B65: Total Bill (including HST) | G65: =G63+G64 -> 34.837882 | J65: =J63+J64 -> 37.962332 | L65: =J65-G65 -> 3.12445 | M65: =IF((G65)=0,"",(L65/G65)) -> 0.089685416 | P65: =P63+P64 -> 37.538283 | R65: =P65-J65 -> -0.424049 | S65: =IF((J65)=0,"",(R65/J65)) -> -0.011170257
B66: Ontario Clean Energy Benefit 1 | L66: =J66-G66 -> 0 | M66: =IF((G66)=0,"",(L66/G66)) | R66: =P66-J66 -> 0 | S66: =IF((J66)=0,"",(R66/J66))
B67: Total Bill on TOU (including OCEB) | G67: =G65+G66 -> 34.837882 | J67: =J65+J66 -> 37.962332 | L67: =J67-G67 -> 3.12445 | M67: =IF((G67)=0,"",(L67/G67)) -> 0.089685416 | P67: =P65+P66 -> 37.538283 | R67: =P67-J67 -> -0.424049 | S67: =IF((J67)=0,"",(R67/J67)) -> -0.011170257
B69: Total Bill on RPP (before Taxes) | G69: =SUM(G60:G61,G52,G53:G56) -> 13.475213 | J69: =SUM(J60:J61,J52,J53:J56) -> 16.240213 | L69: =J69-G69 -> 2.765 | M69: =IF((G69)=0,"",(L69/G69)) -> 0.20519157 | P69: =SUM(P60:P61,P52,P53:P56) -> 15.824685 | R69: =P69-J69 -> -0.415527 | S69: =IF((J69)=0,"",(R69/J69)) -> -0.025586303
B70: HST | F70: 0.13 | G70: =G69*F70 -> 1.7517776 | I70: 0.13 | J70: =J69*I70 -> 2.1112276 | L70: =J70-G70 -> 0.35945 | M70: =IF((G70)=0,"",(L70/G70)) -> 0.20519157 | O70: 0.13 | P70: =P69*O70 -> 2.0572091 | R70: =P70-J70 -> -0.05401851 | S70: =IF((J70)=0,"",(R70/J70)) -> -0.025586303
B71: Total Bill (including HST) | G71: =G69+G70 -> 15.22699 | J71: =J69+J70 -> 18.35144 | L71: =J71-G71 -> 3.12445 | M71: =IF((G71)=0,"",(L71/G71)) -> 0.20519157 | P71: =P69+P70 -> 17.881895 | R71: =P71-J71 -> -0.46954551 | S71: =IF((J71)=0,"",(R71/J71)) -> -0.025586303
B72: Ontario Clean Energy Benefit 1 | L72: =J72-G72 -> 0 | M72: =IF((G72)=0,"",(L72/G72)) | R72: =P72-J72 -> 0 | S72: =IF((J72)=0,"",(R72/J72))
B73: Total Bill on RPP (including OCEB) | G73: =SUM(G71:G72) -> 15.22699 | J73: =SUM(J71:J72) -> 18.35144 | L73: =J73-G73 -> 3.12445 | M73: =IF((G73)=0,"",(L73/G73)) -> 0.20519157 | P73: =SUM(P71:P72) -> 17.881895 | R73: =P73-J73 -> -0.46954551 | S73: =IF((J73)=0,"",(R73/J73)) -> -0.025586303
B76: Loss Factor (%) | F76: 0.0345 | I76: 0.0345 | O76: 0.0369
B78: 2 Applicable to eligible customers only. Refer to the Ontario Clean Energy Benefit Act, 2010.
B80: Note that the "Charge $" columns provide breakdowns of the amounts that each bill component contributes to the total monthly bill at the referenced
B81: consumption level at existing and proposed rates.
B83: Applicants must provide bill impacts for residential at 800 kWh and GS<50kW at 2000 kWh. In addition, their filing must cover the range that is relevant
B84: to their service territory, class by class. A general guideline of consumption levels follows:
B86: Residential (kWh) - 100, 250, 500, 800, 1000, 1500, 2001
B87: GS<50kW (kWh) - 1000, 2000, 5000, 10000, 15001
B88: GS>50kW (kW) - 60, 100, 500, 1001
B89: Large User - range appropriate for utility
B90: Lighting Classes and USL - 150 kWh and 1 kW, range appropriate for utility.
B92: Note that cells with the highlighted color shown to the left indicate quantities that are loss adjusted.

Sheet Sentinel
O1: May 1 - Oct 31 | P1: 1 | R1: 2
O2: Nov 1 - Apr 30 | P2: 2
B10: Appendix 2-W
B11: Bill Impacts - Sentinel Lighting
B14: Customer Class: | D14: Sentinel
B16: TOU / non-TOU: | D16: TOU
D17: Consumption | F17: 180
D18: Load | F18: 1
F20: 2015 Current Board-Approved | I20: =Residential!I20 -> 2016 | L20: =Residential!L20 -> Impact 2016 vs. 2015 | O20: =Residential!O20 -> 2017 TEST YEAR | R20: =Residential!R20 -> Impact 2017 TEST vs. 2016
D21: Charge Unit | E21: Volume | F21: Rate | G21: Charge | I21: Rate | J21: Charge | L21: $ Change | M21: % Change | O21: Rate | P21: Charge | R21: $ Change | S21: % Change
F22: ($) | G22: ($) | I22: ($) | J22: ($) | O22: ($) | P22: ($)
A23: =[3]Rates!$A$169 -> Fix_SE | B23: Monthly Service Charge | D23: Monthly | E23: 1 | F23: =IF($A23<>"",VLOOKUP($A23,[3]Rates!$A$1:$R$65536,12,FALSE),0) -> 3.41 | G23: =E23*F23 -> 3.41 | I23: =IF($A23<>"",VLOOKUP($A23,[3]Rates!$A$1:$R$65536,14,FALSE),0) -> 3.76 | J23: =$E23*I23 -> 3.76 | L23: =J23-G23 -> 0.35 | M23: =IF((G23)=0,"",(L23/G23)) -> 0.1026393 | O23: =IF($A23<>"",VLOOKUP($A23,[3]Rates!$A$1:$R$65536,15,FALSE),0) -> 4.3 | P23: =$E23*O23 -> 4.3 | R23: =P23-J23 -> 0.54 | S23: =IF((J23)=0,"",(R23/J23)) -> 0.14361702
B24: Smart Meter Rate Adder | D24: Monthly | E24: 1 | F24: =IF($A24<>"",VLOOKUP($A24,[3]Rates!$A$1:$R$65536,12,FALSE),0) -> 0 | G24: =E24*F24 -> 0 | I24: =IF($A24<>"",VLOOKUP($A24,[3]Rates!$A$1:$R$65536,14,FALSE),0) -> 0 | J24: =$E24*I24 -> 0 | L24: =J24-G24 -> 0 | M24: =IF((G24)=0,"",(L24/G24)) | O24: =IF($A24<>"",VLOOKUP($A24,[3]Rates!$A$1:$R$65536,15,FALSE),0) -> 0 | P24: =$E24*O24 -> 0 | R24: =P24-J24 -> 0 | S24: =IF((J24)=0,"",(R24/J24))
A25: =[3]Rates!$A$171 -> PPE_SE | B25: Recovery of CGAAP/CWIP Differential | D25: Monthly | E25: 1 | F25: =IF($A25<>"",VLOOKUP($A25,[3]Rates!$A$1:$R$65536,12,FALSE),0) -> 0.09 | G25: =E25*F25 -> 0.09 | I25: =IF($A25<>"",VLOOKUP($A25,[3]Rates!$A$1:$R$65536,14,FALSE),0) -> 0.09 | J25: =$E25*I25 -> 0.09 | L25: =J25-G25 -> 0 | M25: =IF((G25)=0,"",(L25/G25)) -> 0 | O25: =IF($A25<>"",VLOOKUP($A25,[3]Rates!$A$1:$R$65536,15,FALSE),0) -> 0 | P25: =$E25*O25 -> 0 | R25: =P25-J25 -> -0.09 | S25: =IF((J25)=0,"",(R25/J25)) -> -1
A26: =[3]Rates!$A$172 -> ICMF_SE | B26: ICM Rate Rider (2014) | D26: Monthly | E26: 1 | F26: =IF($A26<>"",VLOOKUP($A26,[3]Rates!$A$1:$R$65536,12,FALSE),0) -> 0.02 | G26: =E26*F26 -> 0.02 | I26: =IF($A26<>"",VLOOKUP($A26,[3]Rates!$A$1:$R$65536,14,FALSE),0) -> 0 | J26: =$E26*I26 -> 0 | L26: =J26-G26 -> -0.02 | M26: =IF((G26)=0,"",(L26/G26)) -> -1 | O26: =IF($A26<>"",VLOOKUP($A26,[3]Rates!$A$1:$R$65536,15,FALSE),0) -> 0 | P26: =$E26*O26 -> 0 | R26: =P26-J26 -> 0 | S26: =IF((J26)=0,"",(R26/J26))
A27: FR_SE | B27: Forgone Revenue Rate Rider - Fixed Component (2016) | D27: Monthly | E27: 1 | F27: =IF($A27<>"",VLOOKUP($A27,[3]Rates!$A$1:$R$65536,12,FALSE),0) -> 0 | G27: =E27*F27 -> 0 | I27: =IF($A27<>"",VLOOKUP($A27,[3]Rates!$A$1:$R$65536,14,FALSE),0) -> 1 | J27: =$E27*I27 -> 1 | L27: =J27-G27 -> 1 | M27: =IF((G27)=0,"",(L27/G27)) | O27: =IF($A27<>"",VLOOKUP($A27,[3]Rates!$A$1:$R$65536,15,FALSE),0) -> 0 | P27: =$E27*O27 -> 0 | R27: =P27-J27 -> -1 | S27: =IF((J27)=0,"",(R27/J27)) -> -1
E28: 1 | F28: =IF($A28<>"",VLOOKUP($A28,[3]Rates!$A$1:$R$65536,12,FALSE),0) -> 0 | G28: =E28*F28 -> 0 | I28: =IF($A28<>"",VLOOKUP($A28,[3]Rates!$A$1:$R$65536,14,FALSE),0) -> 0 | J28: =$E28*I28 -> 0 | L28: =J28-G28 -> 0 | M28: =IF((G28)=0,"",(L28/G28)) | O28: =IF($A28<>"",VLOOKUP($A28,[3]Rates!$A$1:$R$65536,15,FALSE),0) -> 0 | P28: =$E28*O28 -> 0 | R28: =P28-J28 -> 0 | S28: =IF((J28)=0,"",(R28/J28))
A29: =[3]Rates!$A$174 -> Var_SE | B29: Distribution Volumetric Rate | D29: per kW | E29: =$F$18 -> 1 | F29: =IF($A29<>"",VLOOKUP($A29,[3]Rates!$A$1:$R$65536,12,FALSE),0) -> 8.0172 | G29: =E29*F29 -> 8.0172 | I29: =IF($A29<>"",VLOOKUP($A29,[3]Rates!$A$1:$R$65536,14,FALSE),0) -> 8.8369 | J29: =$E29*I29 -> 8.8369 | L29: =J29-G29 -> 0.8197 | M29: =IF((G29)=0,"",(L29/G29)) -> 0.10224268 | O29: =IF($A29<>"",VLOOKUP($A29,[3]Rates!$A$1:$R$65536,15,FALSE),0) -> 10.1037 | P29: =$E29*O29 -> 10.1037 | R29: =P29-J29 -> 1.2668 | S29: =IF((J29)=0,"",(R29/J29)) -> 0.14335344
B30: Smart Meter Disposition Rider | D30: per kW | E30: =$F$18 -> 1 | F30: =IF($A30<>"",VLOOKUP($A30,[3]Rates!$A$1:$R$65536,12,FALSE),0) -> 0 | G30: =E30*F30 -> 0 | I30: =IF($A30<>"",VLOOKUP($A30,[3]Rates!$A$1:$R$65536,14,FALSE),0) -> 0 | J30: =$E30*I30 -> 0 | L30: =J30-G30 -> 0 | M30: =IF((G30)=0,"",(L30/G30)) | O30: =IF($A30<>"",VLOOKUP($A30,[3]Rates!$A$1:$R$65536,15,FALSE),0) -> 0 | P30: =$E30*O30 -> 0 | R30: =P30-J30 -> 0 | S30: =IF((J30)=0,"",(R30/J30))
A31: FRV_SE | B31: Forgone Revenue Rate Rider - Variable Component (2016) | D31: per kW | E31: =$F$18 -> 1 | F31: =IF($A31<>"",VLOOKUP($A31,[3]Rates!$A$1:$R$65536,12,FALSE),0) -> 0 | G31: =E31*F31 -> 0 | I31: =IF($A31<>"",VLOOKUP($A31,[3]Rates!$A$1:$R$65536,14,FALSE),0) -> 2.2822 | J31: =$E31*I31 -> 2.2822 | L31: =J31-G31 -> 2.2822 | M31: =IF((G31)=0,"",(L31/G31)) | O31: =IF($A31<>"",VLOOKUP($A31,[3]Rates!$A$1:$R$65536,15,FALSE),0) -> 0 | P31: =$E31*O31 -> 0 | R31: =P31-J31 -> -2.2822 | S31: =IF((J31)=0,"",(R31/J31)) -> -1
A32: =[3]Rates!$A$180 -> ICMV_SE | B32: ICM Rate Rider (2014) | D32: per kW | E32: =$F$18 -> 1 | F32: =IF($A32<>"",VLOOKUP($A32,[3]Rates!$A$1:$R$65536,12,FALSE),0) -> 0.0416 | G32: =E32*F32 -> 0.0416 | I32: =IF($A32<>"",VLOOKUP($A32,[3]Rates!$A$1:$R$65536,14,FALSE),0) -> 0 | J32: =$E32*I32 -> 0 | L32: =J32-G32 -> -0.0416 | M32: =IF((G32)=0,"",(L32/G32)) -> -1 | O32: =IF($A32<>"",VLOOKUP($A32,[3]Rates!$A$1:$R$65536,15,FALSE),0) -> 0 | P32: =$E32*O32 -> 0 | R32: =P32-J32 -> 0 | S32: =IF((J32)=0,"",(R32/J32))
A33: =[3]Rates!$A185 -> 2RAL16_SE | B33: =[3]Rates!$B185 -> Disposition of Deferral/Variance Accounts - Group 2 Accounts (2016) | D33: per kW | E33: =$F$18 -> 1 | F33: =IF($A33<>"",VLOOKUP($A33,[3]Rates!$A$1:$R$65536,12,FALSE),0) -> 0 | G33: =E33*F33 -> 0 | I33: =IF($A33<>"",VLOOKUP($A33,[3]Rates!$A$1:$R$65536,14,FALSE),0) -> 0 | J33: =$E33*I33 -> 0 | L33: =J33-G33 -> 0 | M33: =IF((G33)=0,"",(L33/G33)) | O33: =IF($A33<>"",VLOOKUP($A33,[3]Rates!$A$1:$R$65536,15,FALSE),0) -> 0.0659 | P33: =$E33*O33 -> 0.0659 | R33: =P33-J33 -> 0.0659 | S33: =IF((J33)=0,"",(R33/J33))
A34: =[3]Rates!$A186 -> LRVA16_SE | B34: =[3]Rates!$B186 -> Lost Revenue Adjustment Mechanism Variance Account (LRAMVA) (2016) | D34: per kW | E34: =$F$18 -> 1 | F34: =IF($A34<>"",VLOOKUP($A34,[3]Rates!$A$1:$R$65536,12,FALSE),0) -> 0 | G34: =E34*F34 -> 0 | I34: =IF($A34<>"",VLOOKUP($A34,[3]Rates!$A$1:$R$65536,14,FALSE),0) -> -0.6712 | J34: =$E34*I34 -> -0.6712 | L34: =J34-G34 -> -0.6712 | M34: =IF((G34)=0,"",(L34/G34)) | O34: =IF($A34<>"",VLOOKUP($A34,[3]Rates!$A$1:$R$65536,15,FALSE),0) -> 0 | P34: =$E34*O34 -> 0 | R34: =P34-J34 -> 0.6712 | S34: =IF((J34)=0,"",(R34/J34)) -> -1
A35: =[3]Rates!$A187 -> PPE16_SE | B35: =[3]Rates!$B187 -> Account 1575 (2016) | D35: per kW | E35: =$F$18 -> 1 | F35: =IF($A35<>"",VLOOKUP($A35,[3]Rates!$A$1:$R$65536,12,FALSE),0) -> 0 | G35: =E35*F35 -> 0 | I35: =IF($A35<>"",VLOOKUP($A35,[3]Rates!$A$1:$R$65536,14,FALSE),0) -> -0.4574 | J35: =$E35*I35 -> -0.4574 | L35: =J35-G35 -> -0.4574 | M35: =IF((G35)=0,"",(L35/G35)) | O35: =IF($A35<>"",VLOOKUP($A35,[3]Rates!$A$1:$R$65536,15,FALSE),0) -> 0 | P35: =$E35*O35 -> 0 | R35: =P35-J35 -> 0.4574 | S35: =IF((J35)=0,"",(R35/J35)) -> -1
A36: =[3]Rates!$A188 -> SG16_SE | B36: =[3]Rates!$B188 -> Smart Grid True-up (2016) | D36: Monthly | E36: 1 | F36: =IF($A36<>"",VLOOKUP($A36,[3]Rates!$A$1:$R$65536,12,FALSE),0) -> 0 | G36: =E36*F36 -> 0 | I36: =IF($A36<>"",VLOOKUP($A36,[3]Rates!$A$1:$R$65536,14,FALSE),0) -> -0.04 | J36: =$E36*I36 -> -0.04 | L36: =J36-G36 -> -0.04 | M36: =IF((G36)=0,"",(L36/G36)) | O36: =IF($A36<>"",VLOOKUP($A36,[3]Rates!$A$1:$R$65536,15,FALSE),0) -> 0 | P36: =$E36*O36 -> 0 | R36: =P36-J36 -> 0.04 | S36: =IF((J36)=0,"",(R36/J36)) -> -1
F37: =IF($A37<>"",VLOOKUP($A37,[3]Rates!$A$1:$R$65536,12,FALSE),0) -> 0 | G37: =E37*F37 -> 0 | I37: =IF($A37<>"",VLOOKUP($A37,[3]Rates!$A$1:$R$65536,14,FALSE),0) -> 0 | J37: =$E37*I37 -> 0 | L37: =J37-G37 -> 0 | M37: =IF((G37)=0,"",(L37/G37)) | O37: =IF($A37<>"",VLOOKUP($A37,[3]Rates!$A$1:$R$65536,15,FALSE),0) -> 0 | P37: =$E37*O37 -> 0 | R37: =P37-J37 -> 0 | S37: =IF((J37)=0,"",(R37/J37))
F38: =IF($A38<>"",VLOOKUP($A38,[3]Rates!$A$1:$R$65536,12,FALSE),0) -> 0 | G38: =E38*F38 -> 0 | I38: =IF($A38<>"",VLOOKUP($A38,[3]Rates!$A$1:$R$65536,14,FALSE),0) -> 0 | J38: =$E38*I38 -> 0 | L38: =J38-G38 -> 0 | M38: =IF((G38)=0,"",(L38/G38)) | O38: =IF($A38<>"",VLOOKUP($A38,[3]Rates!$A$1:$R$65536,15,FALSE),0) -> 0 | P38: =$E38*O38 -> 0 | R38: =P38-J38 -> 0 | S38: =IF((J38)=0,"",(R38/J38))
B39: Sub-Total A (excluding pass through) | G39: =SUM(G23:G38) -> 11.5788 | J39: =SUM(J23:J38) -> 14.8005 | L39: =J39-G39 -> 3.2217 | M39: =IF((G39)=0,"",(L39/G39)) -> 0.27824127 | P39: =SUM(P23:P38) -> 14.4696 | R39: =P39-J39 -> -0.3309 | S39: =IF((J39)=0,"",(R39/J39)) -> -0.022357353
A40: =[3]Rates!$A$178 -> RAL14_SE | D40: per kW | E40: =$F$18 -> 1 | G40: =E40*F40 -> 0 | I40: =IF($A40<>"",VLOOKUP($A40,[3]Rates!$A$1:$R$65536,14,FALSE),0) -> 0 | J40: =$E40*I40 -> 0 | L40: =J40-G40 -> 0 | M40: =IF((G40)=0,"",(L40/G40)) | O40: =IF($A40<>"",VLOOKUP($A40,[3]Rates!$A$1:$R$65536,15,FALSE),0) -> 0 | P40: =$E40*O40 -> 0 | R40: =P40-J40 -> 0 | S40: =IF((J40)=0,"",(R40/J40))
A41: =[3]Rates!$A182 -> RAL16_SE | B41: =[3]Rates!$B182 -> Disposition of Deferral/Variance Accounts (2016) | D41: per kW | E41: =$F$18 -> 1 | F41: =IF($A41<>"",VLOOKUP($A41,[3]Rates!$A$1:$R$65536,12,FALSE),0) -> 0 | G41: =E41*F41 -> 0 | I41: =IF($A41<>"",VLOOKUP($A41,[3]Rates!$A$1:$R$65536,14,FALSE),0) -> 0 | J41: =$E41*I41 -> 0 | L41: =J41-G41 -> 0 | M41: =IF((G41)=0,"",(L41/G41)) | O41: =IF($A41<>"",VLOOKUP($A41,[3]Rates!$A$1:$R$65536,15,FALSE),0) -> 0.121 | P41: =$E41*O41 -> 0.121 | R41: =P41-J41 -> 0.121 | S41: =IF((J41)=0,"",(R41/J41))
A42: =[3]Rates!$A183 -> RALP16_SE | B42: =[3]Rates!$B183 -> Disposition of Deferral/Variance Accounts - Power (2016) | D42: per kW | E42: =$F$18 -> 1 | F42: =IF($A42<>"",VLOOKUP($A42,[3]Rates!$A$1:$R$65536,12,FALSE),0) -> 0 | G42: =E42*F42 -> 0 | I42: =IF($A42<>"",VLOOKUP($A42,[3]Rates!$A$1:$R$65536,14,FALSE),0) -> -1.0139 | J42: =$E42*I42 -> -1.0139 | L42: =J42-G42 -> -1.0139 | M42: =IF((G42)=0,"",(L42/G42)) | O42: =IF($A42<>"",VLOOKUP($A42,[3]Rates!$A$1:$R$65536,15,FALSE),0) -> 0 | P42: =$E42*O42 -> 0 | R42: =P42-J42 -> 1.0139 | S42: =IF((J42)=0,"",(R42/J42)) -> -1
F43: =IF($A43<>"",VLOOKUP($A43,[3]Rates!$A$1:$R$65536,12,FALSE),0) -> 0 | G43: =E43*F43 -> 0 | I43: =IF($A43<>"",VLOOKUP($A43,[3]Rates!$A$1:$R$65536,14,FALSE),0) -> 0 | J43: =$E43*I43 -> 0 | L43: =J43-G43 -> 0 | M43: =IF((G43)=0,"",(L43/G43)) | O43: =IF($A43<>"",VLOOKUP($A43,[3]Rates!$A$1:$R$65536,15,FALSE),0) -> 0 | P43: =$E43*O43 -> 0 | R43: =P43-J43 -> 0 | S43: =IF((J43)=0,"",(R43/J43))
F44: =IF($A44<>"",VLOOKUP($A44,[3]Rates!$A$1:$R$65536,12,FALSE),0) -> 0 | I44: =IF($A44<>"",VLOOKUP($A44,[3]Rates!$A$1:$R$65536,14,FALSE),0) -> 0 | J44: =$E44*I44 -> 0 | L44: =J44-G44 -> 0 | M44: =IF((G44)=0,"",(L44/G44)) | O44: =IF($A44<>"",VLOOKUP($A44,[3]Rates!$A$1:$R$65536,15,FALSE),0) -> 0 | P44: =$E44*O44 -> 0 | R44: =P44-J44 -> 0 | S44: =IF((J44)=0,"",(R44/J44))
F45: =IF($A45<>"",VLOOKUP($A45,[3]Rates!$A$1:$R$65536,12,FALSE),0) -> 0 | I45: =IF($A45<>"",VLOOKUP($A45,[3]Rates!$A$1:$R$65536,14,FALSE),0) -> 0 | M45: =IF((G45)=0,"",(L45/G45)) | O45: =IF($A45<>"",VLOOKUP($A45,[3]Rates!$A$1:$R$65536,15,FALSE),0) -> 0 | P45: =$E45*O45 -> 0 | R45: =P45-J45 -> 0 | S45: =IF((J45)=0,"",(R45/J45))
F46: =IF($A46<>"",VLOOKUP($A46,[3]Rates!$A$1:$R$65536,12,FALSE),0) -> 0 | I46: =IF($A46<>"",VLOOKUP($A46,[3]Rates!$A$1:$R$65536,14,FALSE),0) -> 0 | M46: =IF((G46)=0,"",(L46/G46)) | O46: =IF($A46<>"",VLOOKUP($A46,[3]Rates!$A$1:$R$65536,15,FALSE),0) -> 0
A47: =[3]Rates!$A$175 -> LV_SE | B47: Low Voltage Service Charge | D47: per kW | E47: =$F$18 -> 1 | F47: =IF($A47<>"",VLOOKUP($A47,[3]Rates!$A$1:$R$65536,12,FALSE),0) -> 0.1031 | G47: =E47*F47 -> 0.1031 | I47: =IF($A47<>"",VLOOKUP($A47,[3]Rates!$A$1:$R$65536,14,FALSE),0) -> 0.1031 | J47: =$E47*I47 -> 0.1031 | L47: =J47-G47 -> 0 | M47: =IF((G47)=0,"",(L47/G47)) -> 0 | O47: =IF($A47<>"",VLOOKUP($A47,[3]Rates!$A$1:$R$65536,15,FALSE),0) -> 0.117 | P47: =$E47*O47 -> 0.117 | R47: =P47-J47 -> 0.0139 | S47: =IF((J47)=0,"",(R47/J47)) -> 0.13482056
B48: Line Losses on Cost of Power | E48: =$F$17*(1+$F$77)-$F$17 -> 6.21 | G48: =E48*F48 -> 0 | H48: =$F$17*(1+$O$77)-$F$17 -> 6.642 | J48: =$H48*I48 -> 0 | L48: =J48-G48 -> 0 | M48: =IF((G48)=0,"",(L48/G48)) | P48: =$H48*O48 -> 0 | R48: =P48-J48 -> 0 | S48: =IF((J48)=0,"",(R48/J48))
G49: =E49*F49 -> 0 | L49: =J49-G49 -> 0 | P49: =$E49*O49 -> 0 | R49: =P49-J49 -> 0 | S49: =IF((J49)=0,"",(R49/J49))
B50: Sub-Total B - Distribution (includes Sub-Total A) | G50: =SUM(G40:G49)+G39 -> 11.6819 | J50: =SUM(J40:J49)+J39 -> 13.8897 | L50: =J50-G50 -> 2.2078 | M50: =IF((G50)=0,"",(L50/G50)) -> 0.18899323 | P50: =SUM(P40:P49)+P39 -> 14.7076 | R50: =P50-J50 -> 0.8179 | S50: =IF((J50)=0,"",(R50/J50)) -> 0.058885361
A51: =[3]Rates!$A$192 -> TN_SE | B51: RTSR - Network | D51: per kW | E51: =F18 -> 1 | F51: =IF($A51<>"",VLOOKUP($A51,[3]Rates!$A$1:$R$65536,12,FALSE),0) -> 2.2561 | G51: =E51*F51 -> 2.2561 | H51: 1 | I51: =IF($A51<>"",VLOOKUP($A51,[3]Rates!$A$1:$R$65536,14,FALSE),0) -> 2.2561 | J51: =$E51*I51 -> 2.2561 | L51: =J51-G51 -> 0 | M51: =IF((G51)=0,"",(L51/G51)) -> 0 | O51: =IF($A51<>"",VLOOKUP($A51,[3]Rates!$A$1:$R$65536,15,FALSE),0) -> 2.2743 | P51: =$H51*O51 -> 2.2743 | R51: =P51-J51 -> 0.0182 | S51: =IF((J51)=0,"",(R51/J51)) -> 0.0080670183
A52: =[3]Rates!$A$193 -> TC_SE | B52: RTSR - Line and Transformation Connection | D52: per kW | E52: =E51 -> 1 | F52: =IF($A52<>"",VLOOKUP($A52,[3]Rates!$A$1:$R$65536,12,FALSE),0) -> 0.8629 | G52: =E52*F52 -> 0.8629 | H52: 1 | I52: =IF($A52<>"",VLOOKUP($A52,[3]Rates!$A$1:$R$65536,14,FALSE),0) -> 0.8629 | J52: =$E52*I52 -> 0.8629 | L52: =J52-G52 -> 0 | M52: =IF((G52)=0,"",(L52/G52)) -> 0 | O52: =IF($A52<>"",VLOOKUP($A52,[3]Rates!$A$1:$R$65536,15,FALSE),0) -> 0.9336 | P52: =$H52*O52 -> 0.9336 | R52: =P52-J52 -> 0.0707 | S52: =IF((J52)=0,"",(R52/J52)) -> 0.081933017
B53: Sub-Total C - Delivery (including Sub-Total B) | G53: =SUM(G50:G52) -> 14.8009 | J53: =SUM(J50:J52) -> 17.0087 | L53: =J53-G53 -> 2.2078 | M53: =IF((G53)=0,"",(L53/G53)) -> 0.1491666 | P53: =SUM(P50:P52) -> 17.9155 | R53: =P53-J53 -> 0.9068 | S53: =IF((J53)=0,"",(R53/J53)) -> 0.053313892
B54: Wholesale Market Service Charge (WMSC) | D54: per kWh | E54: =F17+E48 -> 186.21 | F54: 0.0036 | G54: =E54*F54 -> 0.670356 | H54: =F$17*(1+O$77) -> 186.642 | I54: 0.0036 | J54: =$E54*I54 -> 0.670356 | L54: =J54-G54 -> 0 | M54: =IF((G54)=0,"",(L54/G54)) -> 0 | O54: 0.0036 | P54: =$H54*O54 -> 0.6719112 | R54: =P54-J54 -> 0.0015552 | S54: =IF((J54)=0,"",(R54/J54)) -> 0.0023199613
B55: Rural and Remote Rate Protection (RRRP) | D55: per kWh | E55: =E54 -> 186.21 | F55: 0.0013 | G55: =E55*F55 -> 0.242073 | H55: =F$17*(1+O$77) -> 186.642 | I55: 0.0013 | J55: =$E55*I55 -> 0.242073 | L55: =J55-G55 -> 0 | M55: =IF((G55)=0,"",(L55/G55)) -> 0 | O55: 0.0013 | P55: =$H55*O55 -> 0.2426346 | R55: =P55-J55 -> 0.0005616 | S55: =IF((J55)=0,"",(R55/J55)) -> 0.0023199613
B56: Standard Supply Service Charge | D56: Monthly | E56: 1 | F56: 0.25 | G56: =E56*F56 -> 0.25 | I56: 0.25 | J56: =$E56*I56 -> 0.25 | L56: =J56-G56 -> 0 | M56: =IF((G56)=0,"",(L56/G56)) -> 0 | O56: 0.25 | P56: =$E56*O56 -> 0.25 | R56: =P56-J56 -> 0 | S56: =IF((J56)=0,"",(R56/J56)) -> 0
B57: Debt Retirement Charge (DRC) | D57: per kWh | E57: =F17 -> 180 | F57: 0.007 | G57: =E57*F57 -> 1.26 | I57: 0.007 | J57: =$E57*I57 -> 1.26 | L57: =J57-G57 -> 0 | M57: =IF((G57)=0,"",(L57/G57)) -> 0 | O57: 0.007 | P57: =$E57*O57 -> 1.26 | R57: =P57-J57 -> 0 | S57: =IF((J57)=0,"",(R57/J57)) -> 0
B58: TOU - Off Peak | D58: per kWh | E58: =0.64*$F$17+E48*0.64 -> 119.1744 | F58: =Residential!F55 -> 0.087 | G58: =E58*F58 -> 10.368173 | H58: =0.64*$F$17+H48*0.64 -> 119.45088 | I58: =F58 -> 0.087 | J58: =$E58*I58 -> 10.368173 | L58: =J58-G58 -> 0 | M58: =IF((G58)=0,"",(L58/G58)) -> 0 | O58: =I58 -> 0.087 | P58: =$H58*O58 -> 10.392227 | R58: =P58-J58 -> 0.02405376 | S58: =IF((J58)=0,"",(R58/J58)) -> 0.0023199613
B59: TOU - Mid Peak | D59: per kWh | E59: =0.18*$F$17+E48*0.18 -> 33.5178 | F59: =Residential!F56 -> 0.132 | G59: =E59*F59 -> 4.4243496 | H59: =0.18*$F$17+H48*0.18 -> 33.59556 | I59: =F59 -> 0.132 | J59: =$E59*I59 -> 4.4243496 | L59: =J59-G59 -> 0 | M59: =IF((G59)=0,"",(L59/G59)) -> 0 | O59: =I59 -> 0.132 | P59: =$H59*O59 -> 4.4346139 | R59: =P59-J59 -> 0.01026432 | S59: =IF((J59)=0,"",(R59/J59)) -> 0.0023199613
B60: TOU - On Peak | D60: per kWh | E60: =0.18*$F$17+E48*0.18 -> 33.5178 | F60: =Residential!F57 -> 0.18 | G60: =E60*F60 -> 6.033204 | H60: =0.18*$F$17+H48*0.18 -> 33.59556 | I60: =F60 -> 0.18 | J60: =$E60*I60 -> 6.033204 | L60: =J60-G60 -> 0 | M60: =IF((G60)=0,"",(L60/G60)) -> 0 | O60: =I60 -> 0.18 | P60: =$H60*O60 -> 6.0472008 | R60: =P60-J60 -> 0.0139968 | S60: =IF((J60)=0,"",(R60/J60)) -> 0.0023199613
B61: OESP Charge | D61: per kWh | E61: =F17 -> 180 | F61: 0.0011 | G61: =E61*F61 -> 0.198 | I61: 0.0011 | J61: =$E61*I61 -> 0.198 | L61: =J61-G61 -> 0 | M61: =IF((G61)=0,"",(L61/G61)) -> 0 | O61: =I61 -> 0.0011 | P61: =$E61*O61 -> 0.198 | R61: =P61-J61 -> 0 | S61: =IF((J61)=0,"",(R61/J61)) -> 0
G62: =E62*F62 -> 0 | I62: =F62 -> 0 | J62: =$E62*I62 -> 0 | L62: =J62-G62 -> 0 | M62: =IF((G62)=0,"",(L62/G62)) | O62: =I62 -> 0 | P62: =$E62*O62 -> 0 | R62: =P62-J62 -> 0 | S62: =IF((J62)=0,"",(R62/J62))
B64: Total Bill on TOU (before Taxes) | G64: =SUM(G54:G61,G53) -> 38.247055 | J64: =SUM(J54:J61,J53) -> 40.454855 | L64: =J64-G64 -> 2.2078 | M64: =IF((G64)=0,"",(L64/G64)) -> 0.057724705 | P64: =SUM(P54:P61,P53) -> 41.412087 | R64: =P64-J64 -> 0.95723168 | S64: =IF((J64)=0,"",(R64/J64)) -> 0.023661725
B65: HST | F65: 0.13 | G65: =G64*F65 -> 4.9721172 | I65: 0.13 | J65: =J64*I65 -> 5.2591312 | L65: =J65-G65 -> 0.287014 | M65: =IF((G65)=0,"",(L65/G65)) -> 0.057724705 | O65: 0.13 | P65: =P64*O65 -> 5.3835713 | R65: =P65-J65 -> 0.12444012 | S65: =IF((J65)=0,"",(R65/J65)) -> 0.023661725
B66: Total Bill (including HST) | G66: =G64+G65 -> 43.219173 | J66: =J64+J65 -> 45.713987 | L66: =J66-G66 -> 2.494814 | M66: =IF((G66)=0,"",(L66/G66)) -> 0.057724705 | P66: =P64+P65 -> 46.795658 | R66: =P66-J66 -> 1.0816718 | S66: =IF((J66)=0,"",(R66/J66)) -> 0.023661725
B67: Ontario Clean Energy Benefit 1 | L67: =J67-G67 -> 0 | M67: =IF((G67)=0,"",(L67/G67)) | R67: =P67-J67 -> 0 | S67: =IF((J67)=0,"",(R67/J67))
B68: Total Bill on TOU (including OCEB) | G68: =G66+G67 -> 43.219173 | J68: =J66+J67 -> 45.713987 | L68: =J68-G68 -> 2.494814 | M68: =IF((G68)=0,"",(L68/G68)) -> 0.057724705 | P68: =P66+P67 -> 46.795658 | R68: =P68-J68 -> 1.0816718 | S68: =IF((J68)=0,"",(R68/J68)) -> 0.023661725
B70: Total Bill on RPP (before Taxes) | G70: =SUM(G61:G62,G53,G54:G57) -> 17.421329 | J70: =SUM(J61:J62,J53,J54:J57) -> 19.629129 | L70: =J70-G70 -> 2.2078 | M70: =IF((G70)=0,"",(L70/G70)) -> 0.12672971 | P70: =SUM(P61:P62,P53,P54:P57) -> 20.538046 | R70: =P70-J70 -> 0.9089168 | S70: =IF((J70)=0,"",(R70/J70)) -> 0.04630449
B71: HST | F71: 0.13 | G71: =G70*F71 -> 2.2647728 | I71: 0.13 | J71: =J70*I71 -> 2.5517868 | L71: =J71-G71 -> 0.287014 | M71: =IF((G71)=0,"",(L71/G71)) -> 0.12672971 | O71: 0.13 | P71: =P70*O71 -> 2.669946 | R71: =P71-J71 -> 0.11815918 | S71: =IF((J71)=0,"",(R71/J71)) -> 0.04630449
B72: Total Bill (including HST) | G72: =G70+G71 -> 19.686102 | J72: =J70+J71 -> 22.180916 | L72: =J72-G72 -> 2.494814 | M72: =IF((G72)=0,"",(L72/G72)) -> 0.12672971 | P72: =P70+P71 -> 23.207992 | R72: =P72-J72 -> 1.027076 | S72: =IF((J72)=0,"",(R72/J72)) -> 0.04630449
B73: Ontario Clean Energy Benefit 1 | L73: =J73-G73 -> 0 | M73: =IF((G73)=0,"",(L73/G73)) | R73: =P73-J73 -> 0 | S73: =IF((J73)=0,"",(R73/J73))
B74: Total Bill on RPP (including OCEB) | G74: =SUM(G72:G73) -> 19.686102 | J74: =SUM(J72:J73) -> 22.180916 | L74: =J74-G74 -> 2.494814 | M74: =IF((G74)=0,"",(L74/G74)) -> 0.12672971 | P74: =SUM(P72:P73) -> 23.207992 | R74: =P74-J74 -> 1.027076 | S74: =IF((J74)=0,"",(R74/J74)) -> 0.04630449
B77: Loss Factor (%) | F77: 0.0345 | I77: 0.0345 | O77: 0.0369
A79: 1 Applicable to eligible customers only. Refer to the Ontario Clean Energy Benefit Act, 2010.
A81: Note that the "Charge $" columns provide breakdowns of the amounts that each bill component contributes to the total monthly bill at the referenced
A82: consumption level at existing and proposed rates.
A84: Applicants must provide bill impacts for residential at 800 kWh and GS<50kW at 2000 kWh. In addition, their filing must cover the range that is relevant
A85: to their service territory, class by class. A general guideline of consumption levels follows:
A87: Residential (kWh) - 100, 250, 500, 800, 1000, 1500, 2000
A88: GS<50kW (kWh) - 1000, 2000, 5000, 10000, 15000
A89: GS>50kW (kW) - 60, 100, 500, 1000
A90: Large User - range appropriate for utility
A91: Lighting Classes and USL - 150 kWh and 1 kW, range appropriate for utility.
B93: Note that cells with the highlighted color shown to the left indicate quantities that are loss adjusted.

Sheet SL
O1: May 1 - Oct 31 | P1: 1 | R1: 1
O2: Nov 1 - Apr 30 | P2: 2
B10: Appendix 2-W
B11: Bill Impacts - Street Lighting
B14: Customer Class: | D14: S/L
B16: TOU / non-TOU: | D16: TOU
D17: Consumption | F17: 280
D18: Load | F18: 1
F20: 2015 Current Board-Approved | I20: =Residential!I20 -> 2016 | L20: =Residential!L20 -> Impact 2016 vs. 2015 | O20: =Residential!O20 -> 2017 TEST YEAR | R20: =Residential!R20 -> Impact 2017 TEST vs. 2016
D21: Charge Unit | E21: Volume | F21: Rate | G21: Charge | I21: Rate | J21: Charge | L21: $ Change | M21: % Change | O21: Rate | P21: Charge | R21: $ Change | S21: % Change
F22: ($) | G22: ($) | I22: ($) | J22: ($) | O22: ($) | P22: ($)
A23: =[3]Rates!$A$197 -> Fix_SL | B23: Monthly Service Charge | D23: Monthly | E23: 1 | F23: =IF($A23<>"",VLOOKUP($A23,[3]Rates!$A$1:$R$65536,12,FALSE),0) -> 1.26 | G23: =E23*F23 -> 1.26 | I23: =IF($A23<>"",VLOOKUP($A23,[3]Rates!$A$1:$R$65536,14,FALSE),0) -> 1.2 | J23: =$E23*I23 -> 1.2 | L23: =J23-G23 -> -0.06 | M23: =IF((G23)=0,"",(L23/G23)) -> -0.047619048 | O23: =IF($A23<>"",VLOOKUP($A23,[3]Rates!$A$1:$R$65536,15,FALSE),0) -> 1.22 | P23: =$E23*O23 -> 1.22 | R23: =P23-J23 -> 0.02 | S23: =IF((J23)=0,"",(R23/J23)) -> 0.016666667
B24: Smart Meter Rate Adder | D24: Monthly | E24: 1 | F24: =IF($A24<>"",VLOOKUP($A24,[3]Rates!$A$1:$R$65536,12,FALSE),0) -> 0 | G24: =E24*F24 -> 0 | I24: =IF($A24<>"",VLOOKUP($A24,[3]Rates!$A$1:$R$65536,14,FALSE),0) -> 0 | J24: =$E24*I24 -> 0 | L24: =J24-G24 -> 0 | M24: =IF((G24)=0,"",(L24/G24)) | O24: =IF($A24<>"",VLOOKUP($A24,[3]Rates!$A$1:$R$65536,15,FALSE),0) -> 0 | P24: =$E24*O24 -> 0 | R24: =P24-J24 -> 0 | S24: =IF((J24)=0,"",(R24/J24))
A25: =[3]Rates!$A$199 -> PPE_SL | B25: Recovery of CGAAP/CWIP Differential | D25: Monthly | E25: 1 | F25: =IF($A25<>"",VLOOKUP($A25,[3]Rates!$A$1:$R$65536,12,FALSE),0) -> 0.02 | G25: =E25*F25 -> 0.02 | I25: =IF($A25<>"",VLOOKUP($A25,[3]Rates!$A$1:$R$65536,14,FALSE),0) -> 0.02 | J25: =$E25*I25 -> 0.02 | L25: =J25-G25 -> 0 | M25: =IF((G25)=0,"",(L25/G25)) -> 0 | O25: =IF($A25<>"",VLOOKUP($A25,[3]Rates!$A$1:$R$65536,15,FALSE),0) -> 0 | P25: =$E25*O25 -> 0 | R25: =P25-J25 -> -0.02 | S25: =IF((J25)=0,"",(R25/J25)) -> -1
A26: =[3]Rates!$A$200 -> ICMF_SL | B26: ICM Rate Rider (2014) | D26: Monthly | E26: 1 | F26: =IF($A26<>"",VLOOKUP($A26,[3]Rates!$A$1:$R$65536,12,FALSE),0) -> 0.01 | G26: =E26*F26 -> 0.01 | I26: =IF($A26<>"",VLOOKUP($A26,[3]Rates!$A$1:$R$65536,14,FALSE),0) -> 0 | J26: =$E26*I26 -> 0 | L26: =J26-G26 -> -0.01 | M26: =IF((G26)=0,"",(L26/G26)) -> -1 | O26: =IF($A26<>"",VLOOKUP($A26,[3]Rates!$A$1:$R$65536,15,FALSE),0) -> 0 | P26: =$E26*O26 -> 0 | R26: =P26-J26 -> 0 | S26: =IF((J26)=0,"",(R26/J26))
A27: FR_SL | B27: Forgone Revenue Rate Rider - Fixed Component (2016) | D27: Monthly | E27: 1 | F27: =IF($A27<>"",VLOOKUP($A27,[3]Rates!$A$1:$R$65536,12,FALSE),0) -> 0 | G27: =E27*F27 -> 0 | I27: =IF($A27<>"",VLOOKUP($A27,[3]Rates!$A$1:$R$65536,14,FALSE),0) -> -0.21 | J27: =$E27*I27 -> -0.21 | L27: =J27-G27 -> -0.21 | M27: =IF((G27)=0,"",(L27/G27)) | O27: =IF($A27<>"",VLOOKUP($A27,[3]Rates!$A$1:$R$65536,15,FALSE),0) -> 0 | P27: =$E27*O27 -> 0 | R27: =P27-J27 -> 0.21 | S27: =IF((J27)=0,"",(R27/J27)) -> -1
E28: 1 | F28: =IF($A28<>"",VLOOKUP($A28,[3]Rates!$A$1:$R$65536,12,FALSE),0) -> 0 | G28: =E28*F28 -> 0 | I28: =IF($A28<>"",VLOOKUP($A28,[3]Rates!$A$1:$R$65536,14,FALSE),0) -> 0 | J28: =$E28*I28 -> 0 | L28: =J28-G28 -> 0 | M28: =IF((G28)=0,"",(L28/G28)) | O28: =IF($A28<>"",VLOOKUP($A28,[3]Rates!$A$1:$R$65536,15,FALSE),0) -> 0 | P28: =$E28*O28 -> 0 | R28: =P28-J28 -> 0 | S28: =IF((J28)=0,"",(R28/J28))
A29: =[3]Rates!$A$202 -> Var_SL | B29: Distribution Volumetric Rate | D29: per kW | E29: =$F$18 -> 1 | F29: =IF($A29<>"",VLOOKUP($A29,[3]Rates!$A$1:$R$65536,12,FALSE),0) -> 6.6546 | G29: =E29*F29 -> 6.6546 | I29: =IF($A29<>"",VLOOKUP($A29,[3]Rates!$A$1:$R$65536,14,FALSE),0) -> 6.34 | J29: =$E29*I29 -> 6.34 | L29: =J29-G29 -> -0.3146 | M29: =IF((G29)=0,"",(L29/G29)) -> -0.047275569 | O29: =IF($A29<>"",VLOOKUP($A29,[3]Rates!$A$1:$R$65536,15,FALSE),0) -> 6.4316 | P29: =$E29*O29 -> 6.4316 | R29: =P29-J29 -> 0.0916 | S29: =IF((J29)=0,"",(R29/J29)) -> 0.01444795
B30: Smart Meter Disposition Rider | D30: per kW | E30: =$F$18 -> 1 | F30: =IF($A30<>"",VLOOKUP($A30,[3]Rates!$A$1:$R$65536,12,FALSE),0) -> 0 | G30: =E30*F30 -> 0 | I30: =IF($A30<>"",VLOOKUP($A30,[3]Rates!$A$1:$R$65536,14,FALSE),0) -> 0 | J30: =$E30*I30 -> 0 | L30: =J30-G30 -> 0 | M30: =IF((G30)=0,"",(L30/G30)) | O30: =IF($A30<>"",VLOOKUP($A30,[3]Rates!$A$1:$R$65536,15,FALSE),0) -> 0 | P30: =$E30*O30 -> 0 | R30: =P30-J30 -> 0 | S30: =IF((J30)=0,"",(R30/J30))
A31: FRV_SL | B31: Forgone Revenue Rate Rider - Variable Component (2016) | D31: per kW | E31: =$F$18 -> 1 | F31: =IF($A31<>"",VLOOKUP($A31,[3]Rates!$A$1:$R$65536,12,FALSE),0) -> 0 | G31: =E31*F31 -> 0 | I31: =IF($A31<>"",VLOOKUP($A31,[3]Rates!$A$1:$R$65536,14,FALSE),0) -> -0.793 | J31: =$E31*I31 -> -0.793 | L31: =J31-G31 -> -0.793 | M31: =IF((G31)=0,"",(L31/G31)) | O31: =IF($A31<>"",VLOOKUP($A31,[3]Rates!$A$1:$R$65536,15,FALSE),0) -> 0 | P31: =$E31*O31 -> 0 | R31: =P31-J31 -> 0.793 | S31: =IF((J31)=0,"",(R31/J31)) -> -1
A32: =[3]Rates!$A$208 -> ICMV_SL | B32: ICM Rate Rider (2014) | D32: per kW | E32: =$F$18 -> 1 | F32: =IF($A32<>"",VLOOKUP($A32,[3]Rates!$A$1:$R$65536,12,FALSE),0) -> 0.0345 | G32: =E32*F32 -> 0.0345 | I32: =IF($A32<>"",VLOOKUP($A32,[3]Rates!$A$1:$R$65536,14,FALSE),0) -> 0 | J32: =$E32*I32 -> 0 | L32: =J32-G32 -> -0.0345 | M32: =IF((G32)=0,"",(L32/G32)) -> -1 | O32: =IF($A32<>"",VLOOKUP($A32,[3]Rates!$A$1:$R$65536,15,FALSE),0) -> 0 | P32: =$E32*O32 -> 0 | R32: =P32-J32 -> 0 | S32: =IF((J32)=0,"",(R32/J32))
A33: =[3]Rates!$A213 -> 2RAL16_SL | B33: =[3]Rates!$B213 -> Disposition of Deferral/Variance Accounts - Group 2 Accounts (2016) | D33: per kW | E33: =$F$18 -> 1 | F33: =IF($A33<>"",VLOOKUP($A33,[3]Rates!$A$1:$R$65536,12,FALSE),0) -> 0 | G33: =E33*F33 -> 0 | I33: =IF($A33<>"",VLOOKUP($A33,[3]Rates!$A$1:$R$65536,14,FALSE),0) -> 0.4863 | J33: =$E33*I33 -> 0.4863 | L33: =J33-G33 -> 0.4863 | M33: =IF((G33)=0,"",(L33/G33)) | O33: =IF($A33<>"",VLOOKUP($A33,[3]Rates!$A$1:$R$65536,15,FALSE),0) -> 0 | P33: =$E33*O33 -> 0 | R33: =P33-J33 -> -0.4863 | S33: =IF((J33)=0,"",(R33/J33)) -> -1
A34: =[3]Rates!$A214 -> LRVA16_SL | B34: =[3]Rates!$B214 -> Lost Revenue Adjustment Mechanism Variance Account (LRAMVA) (2016) | D34: per kW | E34: =$F$18 -> 1 | F34: =IF($A34<>"",VLOOKUP($A34,[3]Rates!$A$1:$R$65536,12,FALSE),0) -> 0 | G34: =E34*F34 -> 0 | I34: =IF($A34<>"",VLOOKUP($A34,[3]Rates!$A$1:$R$65536,14,FALSE),0) -> -0.5821 | J34: =$E34*I34 -> -0.5821 | L34: =J34-G34 -> -0.5821 | M34: =IF((G34)=0,"",(L34/G34)) | O34: =IF($A34<>"",VLOOKUP($A34,[3]Rates!$A$1:$R$65536,15,FALSE),0) -> 0 | P34: =$E34*O34 -> 0 | R34: =P34-J34 -> 0.5821 | S34: =IF((J34)=0,"",(R34/J34)) -> -1
A35: =[3]Rates!$A215 -> PPE16_SL | B35: =[3]Rates!$B215 -> Account 1575 (2016) | D35: per kW | E35: =$F$18 -> 1 | F35: =IF($A35<>"",VLOOKUP($A35,[3]Rates!$A$1:$R$65536,12,FALSE),0) -> 0 | G35: =E35*F35 -> 0 | I35: =IF($A35<>"",VLOOKUP($A35,[3]Rates!$A$1:$R$65536,14,FALSE),0) -> -0.422 | J35: =$E35*I35 -> -0.422 | L35: =J35-G35 -> -0.422 | M35: =IF((G35)=0,"",(L35/G35)) | O35: =IF($A35<>"",VLOOKUP($A35,[3]Rates!$A$1:$R$65536,15,FALSE),0) -> 0 | P35: =$E35*O35 -> 0 | R35: =P35-J35 -> 0.422 | S35: =IF((J35)=0,"",(R35/J35)) -> -1
A36: =[3]Rates!$A216 -> FRV_SL | B36: =[3]Rates!$B216 -> Foregone Revenue/Var | D36: Monthly | E36: =$F$18 -> 1 | F36: =IF($A36<>"",VLOOKUP($A36,[3]Rates!$A$1:$R$65536,12,FALSE),0) -> 0 | G36: =E36*F36 -> 0 | I36: =IF($A36<>"",VLOOKUP($A36,[3]Rates!$A$1:$R$65536,14,FALSE),0) -> -0.793 | J36: =$E36*I36 -> -0.793 | L36: =J36-G36 -> -0.793 | M36: =IF((G36)=0,"",(L36/G36)) | O36: =IF($A36<>"",VLOOKUP($A36,[3]Rates!$A$1:$R$65536,15,FALSE),0) -> 0 | P36: =$E36*O36 -> 0 | R36: =P36-J36 -> 0.793 | S36: =IF((J36)=0,"",(R36/J36)) -> -1
A37: SG16_SL | B37: Smart Grid True-up (2016) | D37: Monthly | E37: 1 | F37: =IF($A37<>"",VLOOKUP($A37,[3]Rates!$A$1:$R$65536,12,FALSE),0) -> 0 | G37: =E37*F37 -> 0 | I37: =IF($A37<>"",VLOOKUP($A37,[3]Rates!$A$1:$R$65536,14,FALSE),0) -> -0.01 | J37: =$E37*I37 -> -0.01 | L37: =J37-G37 -> -0.01 | M37: =IF((G37)=0,"",(L37/G37)) | O37: =IF($A37<>"",VLOOKUP($A37,[3]Rates!$A$1:$R$65536,15,FALSE),0) -> 0 | P37: =$E37*O37 -> 0 | R37: =P37-J37 -> 0.01 | S37: =IF((J37)=0,"",(R37/J37)) -> -1
F38: =IF($A38<>"",VLOOKUP($A38,[3]Rates!$A$1:$R$65536,12,FALSE),0) -> 0 | G38: =E38*F38 -> 0 | I38: =IF($A38<>"",VLOOKUP($A38,[3]Rates!$A$1:$R$65536,14,FALSE),0) -> 0 | J38: =$E38*I38 -> 0 | L38: =J38-G38 -> 0 | M38: =IF((G38)=0,"",(L38/G38)) | O38: =IF($A38<>"",VLOOKUP($A38,[3]Rates!$A$1:$R$65536,15,FALSE),0) -> 0 | P38: =$E38*O38 -> 0 | R38: =P38-J38 -> 0 | S38: =IF((J38)=0,"",(R38/J38))
B39: Sub-Total A (excluding pass through) | G39: =SUM(G23:G38) -> 7.9791 | J39: =SUM(J23:J38) -> 5.2362 | L39: =J39-G39 -> -2.7429 | M39: =IF((G39)=0,"",(L39/G39)) -> -0.34376057 | P39: =SUM(P23:P38) -> 7.6516 | R39: =P39-J39 -> 2.4154 | S39: =IF((J39)=0,"",(R39/J39)) -> 0.46128872
A40: =[3]Rates!$A$206 -> RAL14_SL | D40: per kW | E40: =$F$18 -> 1 | G40: =E40*F40 -> 0 | I40: =IF($A40<>"",VLOOKUP($A40,[3]Rates!$A$1:$R$65536,14,FALSE),0) -> 0 | J40: =$E40*I40 -> 0 | L40: =J40-G40 -> 0 | M40: =IF((G40)=0,"",(L40/G40)) | O40: =IF($A40<>"",VLOOKUP($A40,[3]Rates!$A$1:$R$65536,15,FALSE),0) -> 0 | P40: =$E40*O40 -> 0 | R40: =P40-J40 -> 0 | S40: =IF((J40)=0,"",(R40/J40))
A41: =[3]Rates!$A210 -> RAL16_SL | B41: =[3]Rates!$B210 -> Disposition of Deferral/Variance Accounts (2016) | D41: per kW | E41: =$F$18 -> 1 | F41: =IF($A41<>"",VLOOKUP($A41,[3]Rates!$A$1:$R$65536,12,FALSE),0) -> 0 | G41: =E41*F41 -> 0 | I41: =IF($A41<>"",VLOOKUP($A41,[3]Rates!$A$1:$R$65536,14,FALSE),0) -> 0.8931 | J41: =$E41*I41 -> 0.8931 | L41: =J41-G41 -> 0.8931 | M41: =IF((G41)=0,"",(L41/G41)) | O41: =IF($A41<>"",VLOOKUP($A41,[3]Rates!$A$1:$R$65536,15,FALSE),0) -> 0 | P41: =$E41*O41 -> 0 | R41: =P41-J41 -> -0.8931 | S41: =IF((J41)=0,"",(R41/J41)) -> -1
A42: =[3]Rates!$A211 -> RALP16_SL | B42: =[3]Rates!$B211 -> Disposition of Deferral/Variance Accounts - Power (2016) | D42: per kW | E42: =$F$18 -> 1 | F42: =IF($A42<>"",VLOOKUP($A42,[3]Rates!$A$1:$R$65536,12,FALSE),0) -> 0 | G42: =E42*F42 -> 0 | I42: =IF($A42<>"",VLOOKUP($A42,[3]Rates!$A$1:$R$65536,14,FALSE),0) -> -0.9354 | J42: =$E42*I42 -> -0.9354 | L42: =J42-G42 -> -0.9354 | M42: =IF((G42)=0,"",(L42/G42)) | O42: =IF($A42<>"",VLOOKUP($A42,[3]Rates!$A$1:$R$65536,15,FALSE),0) -> 0 | P42: =$E42*O42 -> 0 | R42: =P42-J42 -> 0.9354 | S42: =IF((J42)=0,"",(R42/J42)) -> -1
A43: =[3]Rates!$A212 -> GA16_SL | B43: =[3]Rates!$B212 -> Disposition of Deferral/Variance Accounts - Power - Global Adjustment (2016) | D43: per kW | E43: =$F$18 -> 1 | F43: =IF($A43<>"",VLOOKUP($A43,[3]Rates!$A$1:$R$65536,12,FALSE),0) -> 0 | G43: =E43*F43 -> 0 | I43: =IF($A43<>"",VLOOKUP($A43,[3]Rates!$A$1:$R$65536,14,FALSE),0) -> 3.2993 | J43: =$E43*I43 -> 3.2993 | L43: =J43-G43 -> 3.2993 | M43: =IF((G43)=0,"",(L43/G43)) | O43: =IF($A43<>"",VLOOKUP($A43,[3]Rates!$A$1:$R$65536,15,FALSE),0) -> 0 | P43: =$E43*O43 -> 0 | R43: =P43-J43 -> -3.2993 | S43: =IF((J43)=0,"",(R43/J43)) -> -1
A44: =[3]Rates!$A$207 -> GA14_SL | B44: =[3]Rates!$B$207 -> Disposition of Global Adjustment Sub-Account (2014) | D44: per kW | E44: 1 | F44: =IF($A44<>"",VLOOKUP($A44,[3]Rates!$A$1:$R$65536,12,FALSE),0) -> -0.0653 | G44: =E44*F44 -> -0.0653 | I44: =IF($A44<>"",VLOOKUP($A44,[3]Rates!$A$1:$R$65536,14,FALSE),0) -> 0 | J44: =$E44*I44 -> 0 | L44: =J44-G44 -> 0.0653 | M44: =IF((G44)=0,"",(L44/G44)) -> -1 | O44: =IF($A44<>"",VLOOKUP($A44,[3]Rates!$A$1:$R$65536,15,FALSE),0) -> 0 | P44: =$E44*O44 -> 0 | R44: =P44-J44 -> 0 | S44: =IF((J44)=0,"",(R44/J44))
F45: =IF($A45<>"",VLOOKUP($A45,[3]Rates!$A$1:$R$65536,12,FALSE),0) -> 0 | I45: =IF($A45<>"",VLOOKUP($A45,[3]Rates!$A$1:$R$65536,14,FALSE),0) -> 0 | J45: =$E45*I45 -> 0 | L45: =J45-G45 -> 0 | M45: =IF((G45)=0,"",(L45/G45)) | O45: =IF($A45<>"",VLOOKUP($A45,[3]Rates!$A$1:$R$65536,15,FALSE),0) -> 0 | P45: =$E45*O45 -> 0 | R45: =P45-J45 -> 0 | S45: =IF((J45)=0,"",(R45/J45))
F46: =IF($A46<>"",VLOOKUP($A46,[3]Rates!$A$1:$R$65536,12,FALSE),0) -> 0 | I46: =IF($A46<>"",VLOOKUP($A46,[3]Rates!$A$1:$R$65536,14,FALSE),0) -> 0 | J46: =$E46*I46 -> 0 | L46: =J46-G46 -> 0 | M46: =IF((G46)=0,"",(L46/G46)) | O46: =IF($A46<>"",VLOOKUP($A46,[3]Rates!$A$1:$R$65536,15,FALSE),0) -> 0 | P46: =$E46*O46 -> 0 | R46: =P46-J46 -> 0 | S46: =IF((J46)=0,"",(R46/J46))
A47: =[3]Rates!$A$203 -> LV_SL | B47: Low Voltage Service Charge | D47: per kW | E47: =$F$18 -> 1 | F47: =IF($A47<>"",VLOOKUP($A47,[3]Rates!$A$1:$R$65536,12,FALSE),0) -> 0.0917 | G47: =E47*F47 -> 0.0917 | I47: =IF($A47<>"",VLOOKUP($A47,[3]Rates!$A$1:$R$65536,14,FALSE),0) -> 0.0917 | J47: =$E47*I47 -> 0.0917 | L47: =J47-G47 -> 0 | M47: =IF((G47)=0,"",(L47/G47)) -> 0 | O47: =IF($A47<>"",VLOOKUP($A47,[3]Rates!$A$1:$R$65536,15,FALSE),0) -> 0.1288 | P47: =$E47*O47 -> 0.1288 | R47: =P47-J47 -> 0.0371 | S47: =IF((J47)=0,"",(R47/J47)) -> 0.40458015
B48: Line Losses on Cost of Power | E48: =$F$17*(1+$F$77)-$F$17 -> 9.66 | G48: =E48*F48 -> 0 | H48: =$F$17*(1+$O$77)-$F$17 -> 10.332 | J48: =$H48*I48 -> 0 | L48: =J48-G48 -> 0 | M48: =IF((G48)=0,"",(L48/G48)) | P48: =$H48*O48 -> 0 | R48: =P48-J48 -> 0 | S48: =IF((J48)=0,"",(R48/J48))
G49: =E49*F49 -> 0 | L49: =J49-G49 -> 0 | P49: =$E49*O49 -> 0 | R49: =P49-J49 -> 0 | S49: =IF((J49)=0,"",(R49/J49))
B50: Sub-Total B - Distribution (includes Sub-Total A) | G50: =SUM(G40:G49)+G39 -> 8.0055 | J50: =SUM(J40:J49)+J39 -> 8.5849 | L50: =J50-G50 -> 0.5794 | M50: =IF((G50)=0,"",(L50/G50)) -> 0.072375242 | P50: =SUM(P40:P49)+P39 -> 7.7804 | R50: =P50-J50 -> -0.8045 | S50: =IF((J50)=0,"",(R50/J50)) -> -0.093711051
A51: =[3]Rates!$A$220 -> TN_SL | B51: RTSR - Network | D51: per kW | E51: =F18 -> 1 | F51: =IF($A51<>"",VLOOKUP($A51,[3]Rates!$A$1:$R$65536,12,FALSE),0) -> 2.2203 | G51: =E51*F51 -> 2.2203 | H51: =E51 -> 1 | I51: =IF($A51<>"",VLOOKUP($A51,[3]Rates!$A$1:$R$65536,14,FALSE),0) -> 2.2203 | J51: =$E51*I51 -> 2.2203 | L51: =J51-G51 -> 0 | M51: =IF((G51)=0,"",(L51/G51)) -> 0 | O51: =IF($A51<>"",VLOOKUP($A51,[3]Rates!$A$1:$R$65536,15,FALSE),0) -> 2.9431 | P51: =$H51*O51 -> 2.9431 | R51: =P51-J51 -> 0.7228 | S51: =IF((J51)=0,"",(R51/J51)) -> 0.32554159
A52: =[3]Rates!$A$221 -> TC_SL | B52: RTSR - Line and Transformation Connection | D52: per kW | E52: =E51 -> 1 | F52: =IF($A52<>"",VLOOKUP($A52,[3]Rates!$A$1:$R$65536,12,FALSE),0) -> 0.9503 | G52: =E52*F52 -> 0.9503 | H52: =E52 -> 1 | I52: =IF($A52<>"",VLOOKUP($A52,[3]Rates!$A$1:$R$65536,14,FALSE),0) -> 0.9503 | J52: =$E52*I52 -> 0.9503 | L52: =J52-G52 -> 0 | M52: =IF((G52)=0,"",(L52/G52)) -> 0 | O52: =IF($A52<>"",VLOOKUP($A52,[3]Rates!$A$1:$R$65536,15,FALSE),0) -> 1.352 | P52: =$H52*O52 -> 1.352 | R52: =P52-J52 -> 0.4017 | S52: =IF((J52)=0,"",(R52/J52)) -> 0.42270862
B53: Sub-Total C - Delivery (including Sub-Total B) | G53: =SUM(G50:G52) -> 11.1761 | J53: =SUM(J50:J52) -> 11.7555 | L53: =J53-G53 -> 0.5794 | M53: =IF((G53)=0,"",(L53/G53)) -> 0.051842772 | P53: =SUM(P50:P52) -> 12.0755 | R53: =P53-J53 -> 0.32 | S53: =IF((J53)=0,"",(R53/J53)) -> 0.027221301
B54: Wholesale Market Service Charge (WMSC) | D54: per kWh | E54: =F17+E48 -> 289.66 | F54: 0.0036 | G54: =E54*F54 -> 1.042776 | H54: =F$17*(1+O$77) -> 290.332 | I54: 0.0036 | J54: =$E54*I54 -> 1.042776 | L54: =J54-G54 -> 0 | M54: =IF((G54)=0,"",(L54/G54)) -> 0 | O54: 0.0036 | P54: =$H54*O54 -> 1.0451952 | R54: =P54-J54 -> 0.0024192 | S54: =IF((J54)=0,"",(R54/J54)) -> 0.0023199613
B55: Rural and Remote Rate Protection (RRRP) | D55: per kWh | E55: =E54 -> 289.66 | F55: 0.0013 | G55: =E55*F55 -> 0.376558 | H55: =F$17*(1+O$77) -> 290.332 | I55: 0.0013 | J55: =$E55*I55 -> 0.376558 | L55: =J55-G55 -> 0 | M55: =IF((G55)=0,"",(L55/G55)) -> 0 | O55: 0.0013 | P55: =$H55*O55 -> 0.3774316 | R55: =P55-J55 -> 0.0008736 | S55: =IF((J55)=0,"",(R55/J55)) -> 0.0023199613
B56: Standard Supply Service Charge | D56: Monthly | E56: 1 | F56: 0.25 | G56: =E56*F56 -> 0.25 | I56: 0.25 | J56: =$E56*I56 -> 0.25 | L56: =J56-G56 -> 0 | M56: =IF((G56)=0,"",(L56/G56)) -> 0 | O56: 0.25 | P56: =$E56*O56 -> 0.25 | R56: =P56-J56 -> 0 | S56: =IF((J56)=0,"",(R56/J56)) -> 0
B57: Debt Retirement Charge (DRC) | D57: per kWh | E57: =F17 -> 280 | F57: 0.007 | G57: =E57*F57 -> 1.96 | I57: 0.007 | J57: =$E57*I57 -> 1.96 | L57: =J57-G57 -> 0 | M57: =IF((G57)=0,"",(L57/G57)) -> 0 | O57: 0.007 | P57: =$E57*O57 -> 1.96 | R57: =P57-J57 -> 0 | S57: =IF((J57)=0,"",(R57/J57)) -> 0
B58: TOU - Off Peak | D58: per kWh | E58: =0.64*$F$17+0.64*E48 -> 185.3824 | F58: =Residential!F55 -> 0.087 | G58: =E58*F58 -> 16.128269 | H58: =0.64*$F$17+0.64*H48 -> 185.81248 | I58: =F58 -> 0.087 | J58: =$E58*I58 -> 16.128269 | L58: =J58-G58 -> 0 | M58: =IF((G58)=0,"",(L58/G58)) -> 0 | O58: =I58 -> 0.087 | P58: =$H58*O58 -> 16.165686 | R58: =P58-J58 -> 0.03741696 | S58: =IF((J58)=0,"",(R58/J58)) -> 0.0023199613
B59: TOU - Mid Peak | D59: per kWh | E59: =0.18*$F$17+0.18*E48 -> 52.1388 | F59: =Residential!F56 -> 0.132 | G59: =E59*F59 -> 6.8823216 | H59: =0.18*$F$17+0.18*H48 -> 52.25976 | I59: =F59 -> 0.132 | J59: =$E59*I59 -> 6.8823216 | L59: =J59-G59 -> 0 | M59: =IF((G59)=0,"",(L59/G59)) -> 0 | O59: =I59 -> 0.132 | P59: =$H59*O59 -> 6.8982883 | R59: =P59-J59 -> 0.01596672 | S59: =IF((J59)=0,"",(R59/J59)) -> 0.0023199613
B60: TOU - On Peak | D60: per kWh | E60: =0.18*$F$17+0.18*E48 -> 52.1388 | F60: =Residential!F57 -> 0.18 | G60: =E60*F60 -> 9.384984 | H60: =0.18*$F$17+0.18*H48 -> 52.25976 | I60: =F60 -> 0.18 | J60: =$E60*I60 -> 9.384984 | L60: =J60-G60 -> 0 | M60: =IF((G60)=0,"",(L60/G60)) -> 0 | O60: =I60 -> 0.18 | P60: =$H60*O60 -> 9.4067568 | R60: =P60-J60 -> 0.0217728 | S60: =IF((J60)=0,"",(R60/J60)) -> 0.0023199613
B61: OESP Charge | D61: per kWh | E61: =F17 -> 280 | F61: 0.0011 | G61: =E61*F61 -> 0.308 | I61: 0.0011 | J61: =$E61*I61 -> 0.308 | L61: =J61-G61 -> 0 | M61: =IF((G61)=0,"",(L61/G61)) -> 0 | O61: =I61 -> 0.0011 | P61: =$E61*O61 -> 0.308 | R61: =P61-J61 -> 0 | S61: =IF((J61)=0,"",(R61/J61)) -> 0
G62: =E62*F62 -> 0 | I62: =F62 -> 0 | J62: =$E62*I62 -> 0 | L62: =J62-G62 -> 0 | M62: =IF((G62)=0,"",(L62/G62)) | O62: =I62 -> 0 | P62: =$E62*O62 -> 0 | R62: =P62-J62 -> 0 | S62: =IF((J62)=0,"",(R62/J62))
B64: Total Bill on TOU (before Taxes) | G64: =SUM(G54:G61,G53) -> 47.509008 | J64: =SUM(J54:J61,J53) -> 48.088408 | L64: =J64-G64 -> 0.5794 | M64: =IF((G64)=0,"",(L64/G64)) -> 0.012195582 | P64: =SUM(P54:P61,P53) -> 48.486858 | R64: =P64-J64 -> 0.39844928 | S64: =IF((J64)=0,"",(R64/J64)) -> 0.0082857656
B65: HST | F65: 0.13 | G65: =G64*F65 -> 6.1761711 | I65: 0.13 | J65: =J64*I65 -> 6.2514931 | L65: =J65-G65 -> 0.075322 | M65: =IF((G65)=0,"",(L65/G65)) -> 0.012195582 | O65: 0.13 | P65: =P64*O65 -> 6.3032915 | R65: =P65-J65 -> 0.051798406 | S65: =IF((J65)=0,"",(R65/J65)) -> 0.0082857656
B66: Total Bill (including HST) | G66: =G64+G65 -> 53.685179 | J66: =J64+J65 -> 54.339901 | L66: =J66-G66 -> 0.654722 | M66: =IF((G66)=0,"",(L66/G66)) -> 0.012195582 | P66: =P64+P65 -> 54.790149 | R66: =P66-J66 -> 0.45024769 | S66: =IF((J66)=0,"",(R66/J66)) -> 0.0082857656
B67: Ontario Clean Energy Benefit 1 | L67: =J67-G67 -> 0 | M67: =IF((G67)=0,"",(L67/G67)) | R67: =P67-J67 -> 0 | S67: =IF((J67)=0,"",(R67/J67))
B68: Total Bill on TOU (including OCEB) | G68: =G66+G67 -> 53.685179 | J68: =J66+J67 -> 54.339901 | L68: =J68-G68 -> 0.654722 | M68: =IF((G68)=0,"",(L68/G68)) -> 0.012195582 | P68: =P66+P67 -> 54.790149 | R68: =P68-J68 -> 0.45024769 | S68: =IF((J68)=0,"",(R68/J68)) -> 0.0082857656
B70: Total Bill on RPP (before Taxes) | G70: =SUM(G61:G62,G53,G54:G57) -> 15.113434 | J70: =SUM(J61:J62,J53,J54:J57) -> 15.692834 | L70: =J70-G70 -> 0.5794 | M70: =IF((G70)=0,"",(L70/G70)) -> 0.038336754 | P70: =SUM(P61:P62,P53,P54:P57) -> 16.016127 | R70: =P70-J70 -> 0.3232928 | S70: =IF((J70)=0,"",(R70/J70)) -> 0.020601301
B71: HST | F71: 0.13 | G71: =G70*F71 -> 1.9647464 | I71: 0.13 | J71: =J70*I71 -> 2.0400684 | L71: =J71-G71 -> 0.075322 | M71: =IF((G71)=0,"",(L71/G71)) -> 0.038336754 | O71: 0.13 | P71: =P70*O71 -> 2.0820965 | R71: =P71-J71 -> 0.042028064 | S71: =IF((J71)=0,"",(R71/J71)) -> 0.020601301
B72: Total Bill (including HST) | G72: =G70+G71 -> 17.07818 | J72: =J70+J71 -> 17.732902 | L72: =J72-G72 -> 0.654722 | M72: =IF((G72)=0,"",(L72/G72)) -> 0.038336754 | P72: =P70+P71 -> 18.098223 | R72: =P72-J72 -> 0.36532086 | S72: =IF((J72)=0,"",(R72/J72)) -> 0.020601301
B73: Ontario Clean Energy Benefit 1 | L73: =J73-G73 -> 0 | M73: =IF((G73)=0,"",(L73/G73)) | R73: =P73-J73 -> 0 | S73: =IF((J73)=0,"",(R73/J73))
B74: Total Bill on RPP (including OCEB) | G74: =SUM(G72:G73) -> 17.07818 | J74: =SUM(J72:J73) -> 17.732902 | L74: =J74-G74 -> 0.654722 | M74: =IF((G74)=0,"",(L74/G74)) -> 0.038336754 | P74: =SUM(P72:P73) -> 18.098223 | R74: =P74-J74 -> 0.36532086 | S74: =IF((J74)=0,"",(R74/J74)) -> 0.020601301
B77: Loss Factor (%) | F77: 0.0345 | I77: 0.0345 | O77: 0.0369
A79: 1 Applicable to eligible customers only. Refer to the Ontario Clean Energy Benefit Act, 2010.
A81: Note that the "Charge $" columns provide breakdowns of the amounts that each bill component contributes to the total monthly bill at the referenced
A82: consumption level at existing and proposed rates.
A84: Applicants must provide bill impacts for residential at 800 kWh and GS<50kW at 2000 kWh. In addition, their filing must cover the range that is relevant
A85: to their service territory, class by class. A general guideline of consumption levels follows:
A87: Residential (kWh) - 100, 250, 500, 800, 1000, 1500, 2000
A88: GS<50kW (kWh) - 1000, 2000, 5000, 10000, 15000
A89: GS>50kW (kW) - 60, 100, 500, 1000
A90: Large User - range appropriate for utility
A91: Lighting Classes and USL - 150 kWh and 1 kW, range appropriate for utility.
B93: Note that cells with the highlighted color shown to the left indicate quantities that are loss adjusted.

Sheet Sheet1
